Workbook

Sheet Календарь
B2: Хак Фин. Платежный календарь
B3: Скользящие 12 периодов. Учебные данные. Голубые ячейки — ввод. Суммы в выбранной валюте без конвертации.
B5: Дата первого окна | C5: 46266 | E5: Шаг | F5: Неделя | H5: Сдвиг окна | I5: 0 | K5: Факт по дату | L5: 46280
B6: Дата базы | C6: 46266 | E6: Деньги на базу | F6: 250000 | H6: Валюта | I6: RUB | K6: Мин. резерв | L6: 50000
B8: Начало окна | C8: =C32 -> 46266 | E8: Конец окна | F8: =N33 -> 46348 | H8: Следующее окно | I8: =N33+1 -> 46349 | K8: Состояние | L8: =IF(NOT(IFERROR(AND(ISNUMBER(C5),ISNUMBER(C6),ISNUMBER(F6),ISNUMBER(L5),ISNUMBER(L6),ISNUMBER(I5),I5=INT(I5),OR(F5="День",F5="Неделя",F5="Месяц"),C32>=C6,L5>=C6-1,L6>=0,C5=INT(C5),C6=INT(C6),L5=INT(L5),C5>=36526,C6>=36526,C6<=109574,L5>=36525,L5<=109574,ABS(I5)<=1000,N33<=109574,I6<>""),FALSE())),"Проверьте параметры",IF(COUNTA(Планы!A112:I211)+COUNTA(Оплаты!A512:H611)>0,"Превышен лимит",IF(COUNTIFS(Планы!$K$12:$K$111,"Ошибка: поля или тип")+COUNTIFS(Планы!$K$12:$K$111,"Ошибка: дата или сумма")+COUNTIFS(Планы!$K$12:$K$111,"Ошибка: последний срок")+COUNTIFS(Планы!$K$12:$K$111,"Ошибка: повтор ID")+COUNTIFS(Оплаты!$I$12:$I$511,"Ошибка: поля или тип")+COUNTIFS(Оплаты!$I$12:$I$511,"Ошибка: дата или сумма")+COUNTIFS(Оплаты!$I$12:$I$511,"Ошибка: повтор ID")+COUNTIFS(Оплаты!$I$12:$I$511,"Ошибка: внеплановая статья/срок")+COUNTIFS(Оплаты!$I$12:$I$511,"Ошибка: ID плана")+COUNTIFS(Оплаты!$I$12:$I$511,"Ошибка: исходный план")+COUNTIFS(Оплаты!$I$12:$I$511,"Ошибка: срок/направление")+COUNTIFS(Оплаты!$I$12:$I$511,"Ошибка: нет повторения")>0,"Есть ошибки ввода","OK"))) -> OK
B10: Сдвиг 0 — первое окно, 1 — следующие 12 периодов. Меняйте дату, шаг или сдвиг: таблица и диаграммы перестроятся.
B11: Неделя заканчивается в воскресенье, месяц — в последний день. Первое окно может начинаться внутри недели или месяца.
B12: На конец окна | E12: Минимум на границах | H12: Просрочено: приход | K12: Просрочено: расход
C13: =IF($L$8<>"OK","",N44) -> 60000 | F13: =IF($L$8<>"OK","",MIN(C35:N35,C44:N44)) -> 60000 | I13: =IF($L$8<>"OK","",SUMIFS(Планы!$N$12:$N$111,Планы!$D$12:$D$111,"Приход")-SUMIFS(Оплаты!$L$12:$L$511,Оплаты!$C$12:$C$511,"Приход",Оплаты!$F$12:$F$511,">="&($C$6),Оплаты!$F$12:$F$511,"<="&($L$5))) -> 20000 | L13: =IF($L$8<>"OK","",SUMIFS(Планы!$N$12:$N$111,Планы!$D$12:$D$111,"Расход")-SUMIFS(Оплаты!$L$12:$L$511,Оплаты!$C$12:$C$511,"Расход",Оплаты!$F$12:$F$511,">="&($C$6),Оплаты!$F$12:$F$511,"<="&($L$5))) -> 10000
B32: Начало периода | C32: =IF(OR(NOT(ISNUMBER($C$5)),NOT(ISNUMBER($I$5))),"",IF($I$5=0,$C$5,IF($F$5="День",$C$5+12*$I$5,IF($F$5="Неделя",$C$5-WEEKDAY($C$5,2)+1+84*$I$5,EDATE(DATE(YEAR($C$5),MONTH($C$5),1),12*$I$5))))) -> 46266 | D32: =IF(ISNUMBER(C33),C33+1,"") -> 46272 | E32: =IF(ISNUMBER(D33),D33+1,"") -> 46279 | F32: =IF(ISNUMBER(E33),E33+1,"") -> 46286 | G32: =IF(ISNUMBER(F33),F33+1,"") -> 46293 | H32: =IF(ISNUMBER(G33),G33+1,"") -> 46300 | I32: =IF(ISNUMBER(H33),H33+1,"") -> 46307 | J32: =IF(ISNUMBER(I33),I33+1,"") -> 46314 | K32: =IF(ISNUMBER(J33),J33+1,"") -> 46321 | ... N32: =IF(ISNUMBER(M33),M33+1,"") -> 46342
B33: Конец периода | C33: =IF(NOT(ISNUMBER(C32)),"",IF($F$5="День",C32,IF($F$5="Неделя",C32+7-WEEKDAY(C32,2),EOMONTH(C32,0)))) -> 46271 | D33: =IF(NOT(ISNUMBER(D32)),"",IF($F$5="День",D32,IF($F$5="Неделя",D32+7-WEEKDAY(D32,2),EOMONTH(D32,0)))) -> 46278 | E33: =IF(NOT(ISNUMBER(E32)),"",IF($F$5="День",E32,IF($F$5="Неделя",E32+7-WEEKDAY(E32,2),EOMONTH(E32,0)))) -> 46285 | F33: =IF(NOT(ISNUMBER(F32)),"",IF($F$5="День",F32,IF($F$5="Неделя",F32+7-WEEKDAY(F32,2),EOMONTH(F32,0)))) -> 46292 | G33: =IF(NOT(ISNUMBER(G32)),"",IF($F$5="День",G32,IF($F$5="Неделя",G32+7-WEEKDAY(G32,2),EOMONTH(G32,0)))) -> 46299 | H33: =IF(NOT(ISNUMBER(H32)),"",IF($F$5="День",H32,IF($F$5="Неделя",H32+7-WEEKDAY(H32,2),EOMONTH(H32,0)))) -> 46306 | I33: =IF(NOT(ISNUMBER(I32)),"",IF($F$5="День",I32,IF($F$5="Неделя",I32+7-WEEKDAY(I32,2),EOMONTH(I32,0)))) -> 46313 | J33: =IF(NOT(ISNUMBER(J32)),"",IF($F$5="День",J32,IF($F$5="Неделя",J32+7-WEEKDAY(J32,2),EOMONTH(J32,0)))) -> 46320 | ... N33: =IF(NOT(ISNUMBER(N32)),"",IF($F$5="День",N32,IF($F$5="Неделя",N32+7-WEEKDAY(N32,2),EOMONTH(N32,0)))) -> 46348
B34: ДЕНЕЖНЫЕ ПОТОКИ | C34: =IF(NOT(ISNUMBER(C32)),"",IF($F$5="Месяц",CHOOSE(MONTH(C32),"янв","фев","мар","апр","май","июн","июл","авг","сен","окт","ноя","дек")&" "&YEAR(C32),DAY(C32)&" "&CHOOSE(MONTH(C32),"янв","фев","мар","апр","май","июн","июл","авг","сен","окт","ноя","дек"))) -> 1 сен | D34: =IF(NOT(ISNUMBER(D32)),"",IF($F$5="Месяц",CHOOSE(MONTH(D32),"янв","фев","мар","апр","май","июн","июл","авг","сен","окт","ноя","дек")&" "&YEAR(D32),DAY(D32)&" "&CHOOSE(MONTH(D32),"янв","фев","мар","апр","май","июн","июл","авг","сен","окт","ноя","дек"))) -> 7 сен | E34: =IF(NOT(ISNUMBER(E32)),"",IF($F$5="Месяц",CHOOSE(MONTH(E32),"янв","фев","мар","апр","май","июн","июл","авг","сен","окт","ноя","дек")&" "&YEAR(E32),DAY(E32)&" "&CHOOSE(MONTH(E32),"янв","фев","мар","апр","май","июн","июл","авг","сен","окт","ноя","дек"))) -> 14 сен | F34: =IF(NOT(ISNUMBER(F32)),"",IF($F$5="Месяц",CHOOSE(MONTH(F32),"янв","фев","мар","апр","май","июн","июл","авг","сен","окт","ноя","дек")&" "&YEAR(F32),DAY(F32)&" "&CHOOSE(MONTH(F32),"янв","фев","мар","апр","май","июн","июл","авг","сен","окт","ноя","дек"))) -> 21 сен | G34: =IF(NOT(ISNUMBER(G32)),"",IF($F$5="Месяц",CHOOSE(MONTH(G32),"янв","фев","мар","апр","май","июн","июл","авг","сен","окт","ноя","дек")&" "&YEAR(G32),DAY(G32)&" "&CHOOSE(MONTH(G32),"янв","фев","мар","апр","май","июн","июл","авг","сен","окт","ноя","дек"))) -> 28 сен | H34: =IF(NOT(ISNUMBER(H32)),"",IF($F$5="Месяц",CHOOSE(MONTH(H32),"янв","фев","мар","апр","май","июн","июл","авг","сен","окт","ноя","дек")&" "&YEAR(H32),DAY(H32)&" "&CHOOSE(MONTH(H32),"янв","фев","мар","апр","май","июн","июл","авг","сен","окт","ноя","дек"))) -> 5 окт | I34: =IF(NOT(ISNUMBER(I32)),"",IF($F$5="Месяц",CHOOSE(MONTH(I32),"янв","фев","мар","апр","май","июн","июл","авг","сен","окт","ноя","дек")&" "&YEAR(I32),DAY(I32)&" "&CHOOSE(MONTH(I32),"янв","фев","мар","апр","май","июн","июл","авг","сен","окт","ноя","дек"))) -> 12 окт | J34: =IF(NOT(ISNUMBER(J32)),"",IF($F$5="Месяц",CHOOSE(MONTH(J32),"янв","фев","мар","апр","май","июн","июл","авг","сен","окт","ноя","дек")&" "&YEAR(J32),DAY(J32)&" "&CHOOSE(MONTH(J32),"янв","фев","мар","апр","май","июн","июл","авг","сен","окт","ноя","дек"))) -> 19 окт | ... N34: =IF(NOT(ISNUMBER(N32)),"",IF($F$5="Месяц",CHOOSE(MONTH(N32),"янв","фев","мар","апр","май","июн","июл","авг","сен","окт","ноя","дек")&" "&YEAR(N32),DAY(N32)&" "&CHOOSE(MONTH(N32),"янв","фев","мар","апр","май","июн","июл","авг","сен","окт","ноя","дек"))) -> 16 ноя
B35: Остаток на начало | C35: =IF($L$8<>"OK","",$F$6+SUMIFS(Оплаты!$D$12:$D$511,Оплаты!$C$12:$C$511,"Приход",Оплаты!$B$12:$B$511,">="&($C$6),Оплаты!$B$12:$B$511,"<="&(MIN(C32-1,$L$5)),Оплаты!$I$12:$I$511,"OK")-SUMIFS(Оплаты!$D$12:$D$511,Оплаты!$C$12:$C$511,"Расход",Оплаты!$B$12:$B$511,">="&($C$6),Оплаты!$B$12:$B$511,"<="&(MIN(C32-1,$L$5)),Оплаты!$I$12:$I$511,"OK")+IF(C32-1>$L$5,$I$13-$L$13+SUMIFS(Планы!$O$12:$O$111,Планы!$D$12:$D$111,"Приход")-SUMIFS(Планы!$N$12:$N$111,Планы!$D$12:$D$111,"Приход")-SUMIFS(Оплаты!$L$12:$L$511,Оплаты!$C$12:$C$511,"Приход",Оплаты!$F$12:$F$511,">="&($L$5+1),Оплаты!$F$12:$F$511,"<="&(C32-1))-SUMIFS(Планы!$O$12:$O$111,Планы!$D$12:$D$111,"Расход")+SUMIFS(Планы!$N$12:$N$111,Планы!$D$12:$D$111,"Расход")+SUMIFS(Оплаты!$L$12:$L$511,Оплаты!$C$12:$C$511,"Расход",Оплаты!$F$12:$F$511,">="&($L$5+1),Оплаты!$F$12:$F$511,"<="&(C32-1)),0)) -> 250000 | D35: =IF($L$8<>"OK","",C44) -> 440000 | E35: =IF($L$8<>"OK","",D44) -> 280000 | F35: =IF($L$8<>"OK","",E44) -> 440000 | G35: =IF($L$8<>"OK","",F44) -> 360000 | H35: =IF($L$8<>"OK","",G44) -> 310000 | I35: =IF($L$8<>"OK","",H44) -> 220000 | J35: =IF($L$8<>"OK","",I44) -> 210000 | K35: =IF($L$8<>"OK","",J44) -> 210000 | ... N35: =IF($L$8<>"OK","",M44) -> 60000
B36: План: поступления | C36: =IF($L$8<>"OK","",SUMIFS(Планы!$P$12:$P$111,Планы!$D$12:$D$111,"Приход")-SUMIFS(Планы!$O$12:$O$111,Планы!$D$12:$D$111,"Приход")) -> 260000 | D36: =IF($L$8<>"OK","",SUMIFS(Планы!$Q$12:$Q$111,Планы!$D$12:$D$111,"Приход")-SUMIFS(Планы!$P$12:$P$111,Планы!$D$12:$D$111,"Приход")) -> 0 | E36: =IF($L$8<>"OK","",SUMIFS(Планы!$R$12:$R$111,Планы!$D$12:$D$111,"Приход")-SUMIFS(Планы!$Q$12:$Q$111,Планы!$D$12:$D$111,"Приход")) -> 150000 | F36: =IF($L$8<>"OK","",SUMIFS(Планы!$S$12:$S$111,Планы!$D$12:$D$111,"Приход")-SUMIFS(Планы!$R$12:$R$111,Планы!$D$12:$D$111,"Приход")) -> 0 | G36: =IF($L$8<>"OK","",SUMIFS(Планы!$T$12:$T$111,Планы!$D$12:$D$111,"Приход")-SUMIFS(Планы!$S$12:$S$111,Планы!$D$12:$D$111,"Приход")) -> 0 | H36: =IF($L$8<>"OK","",SUMIFS(Планы!$U$12:$U$111,Планы!$D$12:$D$111,"Приход")-SUMIFS(Планы!$T$12:$T$111,Планы!$D$12:$D$111,"Приход")) -> 0 | I36: =IF($L$8<>"OK","",SUMIFS(Планы!$V$12:$V$111,Планы!$D$12:$D$111,"Приход")-SUMIFS(Планы!$U$12:$U$111,Планы!$D$12:$D$111,"Приход")) -> 0 | J36: =IF($L$8<>"OK","",SUMIFS(Планы!$W$12:$W$111,Планы!$D$12:$D$111,"Приход")-SUMIFS(Планы!$V$12:$V$111,Планы!$D$12:$D$111,"Приход")) -> 0 | K36: =IF($L$8<>"OK","",SUMIFS(Планы!$X$12:$X$111,Планы!$D$12:$D$111,"Приход")-SUMIFS(Планы!$W$12:$W$111,Планы!$D$12:$D$111,"Приход")) -> 0 | L36: =IF($L$8<>"OK","",SUMIFS(Планы!$Y$12:$Y$111,Планы!$D$12:$D$111,"Приход")-SUMIFS(Планы!$X$12:$X$111,Планы!$D$12:$D$111,"Приход")) -> 0 | M36: =IF($L$8<>"OK","",SUMIFS(Планы!$Z$12:$Z$111,Планы!$D$12:$D$111,"Приход")-SUMIFS(Планы!$Y$12:$Y$111,Планы!$D$12:$D$111,"Приход")) -> 0 | N36: =IF($L$8<>"OK","",SUMIFS(Планы!$AA$12:$AA$111,Планы!$D$12:$D$111,"Приход")-SUMIFS(Планы!$Z$12:$Z$111,Планы!$D$12:$D$111,"Приход")) -> 0
B37: План: выплаты | C37: =IF($L$8<>"OK","",SUMIFS(Планы!$P$12:$P$111,Планы!$D$12:$D$111,"Расход")-SUMIFS(Планы!$O$12:$O$111,Планы!$D$12:$D$111,"Расход")) -> 50000 | D37: =IF($L$8<>"OK","",SUMIFS(Планы!$Q$12:$Q$111,Планы!$D$12:$D$111,"Расход")-SUMIFS(Планы!$P$12:$P$111,Планы!$D$12:$D$111,"Расход")) -> 170000 | E37: =IF($L$8<>"OK","",SUMIFS(Планы!$R$12:$R$111,Планы!$D$12:$D$111,"Расход")-SUMIFS(Планы!$Q$12:$Q$111,Планы!$D$12:$D$111,"Расход")) -> 0 | F37: =IF($L$8<>"OK","",SUMIFS(Планы!$S$12:$S$111,Планы!$D$12:$D$111,"Расход")-SUMIFS(Планы!$R$12:$R$111,Планы!$D$12:$D$111,"Расход")) -> 80000 | G37: =IF($L$8<>"OK","",SUMIFS(Планы!$T$12:$T$111,Планы!$D$12:$D$111,"Расход")-SUMIFS(Планы!$S$12:$S$111,Планы!$D$12:$D$111,"Расход")) -> 50000 | H37: =IF($L$8<>"OK","",SUMIFS(Планы!$U$12:$U$111,Планы!$D$12:$D$111,"Расход")-SUMIFS(Планы!$T$12:$T$111,Планы!$D$12:$D$111,"Расход")) -> 90000 | I37: =IF($L$8<>"OK","",SUMIFS(Планы!$V$12:$V$111,Планы!$D$12:$D$111,"Расход")-SUMIFS(Планы!$U$12:$U$111,Планы!$D$12:$D$111,"Расход")) -> 10000 | J37: =IF($L$8<>"OK","",SUMIFS(Планы!$W$12:$W$111,Планы!$D$12:$D$111,"Расход")-SUMIFS(Планы!$V$12:$V$111,Планы!$D$12:$D$111,"Расход")) -> 0 | K37: =IF($L$8<>"OK","",SUMIFS(Планы!$X$12:$X$111,Планы!$D$12:$D$111,"Расход")-SUMIFS(Планы!$W$12:$W$111,Планы!$D$12:$D$111,"Расход")) -> 0 | L37: =IF($L$8<>"OK","",SUMIFS(Планы!$Y$12:$Y$111,Планы!$D$12:$D$111,"Расход")-SUMIFS(Планы!$X$12:$X$111,Планы!$D$12:$D$111,"Расход")) -> 50000 | M37: =IF($L$8<>"OK","",SUMIFS(Планы!$Z$12:$Z$111,Планы!$D$12:$D$111,"Расход")-SUMIFS(Планы!$Y$12:$Y$111,Планы!$D$12:$D$111,"Расход")) -> 100000 | N37: =IF($L$8<>"OK","",SUMIFS(Планы!$AA$12:$AA$111,Планы!$D$12:$D$111,"Расход")-SUMIFS(Планы!$Z$12:$Z$111,Планы!$D$12:$D$111,"Расход")) -> 0
B38: План: чистый поток | C38: =IF($L$8<>"OK","",C36-C37) -> 210000 | D38: =IF($L$8<>"OK","",D36-D37) -> -170000 | E38: =IF($L$8<>"OK","",E36-E37) -> 150000 | F38: =IF($L$8<>"OK","",F36-F37) -> -80000 | G38: =IF($L$8<>"OK","",G36-G37) -> -50000 | H38: =IF($L$8<>"OK","",H36-H37) -> -90000 | I38: =IF($L$8<>"OK","",I36-I37) -> -10000 | J38: =IF($L$8<>"OK","",J36-J37) -> 0 | ... N38: =IF($L$8<>"OK","",N36-N37) -> 0
B39: Факт: поступления | C39: =IF(OR($L$8<>"OK",C$32>$L$5),"",SUMIFS(Оплаты!$D$12:$D$511,Оплаты!$C$12:$C$511,"Приход",Оплаты!$B$12:$B$511,">="&(C$32),Оплаты!$B$12:$B$511,"<="&(MIN(C$33,$L$5)),Оплаты!$I$12:$I$511,"OK")) -> 240000 | D39: =IF(OR($L$8<>"OK",D$32>$L$5),"",SUMIFS(Оплаты!$D$12:$D$511,Оплаты!$C$12:$C$511,"Приход",Оплаты!$B$12:$B$511,">="&(D$32),Оплаты!$B$12:$B$511,"<="&(MIN(D$33,$L$5)),Оплаты!$I$12:$I$511,"OK")) -> 0 | E39: =IF(OR($L$8<>"OK",E$32>$L$5),"",SUMIFS(Оплаты!$D$12:$D$511,Оплаты!$C$12:$C$511,"Приход",Оплаты!$B$12:$B$511,">="&(E$32),Оплаты!$B$12:$B$511,"<="&(MIN(E$33,$L$5)),Оплаты!$I$12:$I$511,"OK")) -> 0 | F39: =IF(OR($L$8<>"OK",F$32>$L$5),"",SUMIFS(Оплаты!$D$12:$D$511,Оплаты!$C$12:$C$511,"Приход",Оплаты!$B$12:$B$511,">="&(F$32),Оплаты!$B$12:$B$511,"<="&(MIN(F$33,$L$5)),Оплаты!$I$12:$I$511,"OK")) | G39: =IF(OR($L$8<>"OK",G$32>$L$5),"",SUMIFS(Оплаты!$D$12:$D$511,Оплаты!$C$12:$C$511,"Приход",Оплаты!$B$12:$B$511,">="&(G$32),Оплаты!$B$12:$B$511,"<="&(MIN(G$33,$L$5)),Оплаты!$I$12:$I$511,"OK")) | H39: =IF(OR($L$8<>"OK",H$32>$L$5),"",SUMIFS(Оплаты!$D$12:$D$511,Оплаты!$C$12:$C$511,"Приход",Оплаты!$B$12:$B$511,">="&(H$32),Оплаты!$B$12:$B$511,"<="&(MIN(H$33,$L$5)),Оплаты!$I$12:$I$511,"OK")) | I39: =IF(OR($L$8<>"OK",I$32>$L$5),"",SUMIFS(Оплаты!$D$12:$D$511,Оплаты!$C$12:$C$511,"Приход",Оплаты!$B$12:$B$511,">="&(I$32),Оплаты!$B$12:$B$511,"<="&(MIN(I$33,$L$5)),Оплаты!$I$12:$I$511,"OK")) | J39: =IF(OR($L$8<>"OK",J$32>$L$5),"",SUMIFS(Оплаты!$D$12:$D$511,Оплаты!$C$12:$C$511,"Приход",Оплаты!$B$12:$B$511,">="&(J$32),Оплаты!$B$12:$B$511,"<="&(MIN(J$33,$L$5)),Оплаты!$I$12:$I$511,"OK")) | ... N39: =IF(OR($L$8<>"OK",N$32>$L$5),"",SUMIFS(Оплаты!$D$12:$D$511,Оплаты!$C$12:$C$511,"Приход",Оплаты!$B$12:$B$511,">="&(N$32),Оплаты!$B$12:$B$511,"<="&(MIN(N$33,$L$5)),Оплаты!$I$12:$I$511,"OK"))
B40: Факт: выплаты | C40: =IF(OR($L$8<>"OK",C$32>$L$5),"",SUMIFS(Оплаты!$D$12:$D$511,Оплаты!$C$12:$C$511,"Расход",Оплаты!$B$12:$B$511,">="&(C$32),Оплаты!$B$12:$B$511,"<="&(MIN(C$33,$L$5)),Оплаты!$I$12:$I$511,"OK")) -> 50000 | D40: =IF(OR($L$8<>"OK",D$32>$L$5),"",SUMIFS(Оплаты!$D$12:$D$511,Оплаты!$C$12:$C$511,"Расход",Оплаты!$B$12:$B$511,">="&(D$32),Оплаты!$B$12:$B$511,"<="&(MIN(D$33,$L$5)),Оплаты!$I$12:$I$511,"OK")) -> 160000 | E40: =IF(OR($L$8<>"OK",E$32>$L$5),"",SUMIFS(Оплаты!$D$12:$D$511,Оплаты!$C$12:$C$511,"Расход",Оплаты!$B$12:$B$511,">="&(E$32),Оплаты!$B$12:$B$511,"<="&(MIN(E$33,$L$5)),Оплаты!$I$12:$I$511,"OK")) -> 0 | F40: =IF(OR($L$8<>"OK",F$32>$L$5),"",SUMIFS(Оплаты!$D$12:$D$511,Оплаты!$C$12:$C$511,"Расход",Оплаты!$B$12:$B$511,">="&(F$32),Оплаты!$B$12:$B$511,"<="&(MIN(F$33,$L$5)),Оплаты!$I$12:$I$511,"OK")) | G40: =IF(OR($L$8<>"OK",G$32>$L$5),"",SUMIFS(Оплаты!$D$12:$D$511,Оплаты!$C$12:$C$511,"Расход",Оплаты!$B$12:$B$511,">="&(G$32),Оплаты!$B$12:$B$511,"<="&(MIN(G$33,$L$5)),Оплаты!$I$12:$I$511,"OK")) | H40: =IF(OR($L$8<>"OK",H$32>$L$5),"",SUMIFS(Оплаты!$D$12:$D$511,Оплаты!$C$12:$C$511,"Расход",Оплаты!$B$12:$B$511,">="&(H$32),Оплаты!$B$12:$B$511,"<="&(MIN(H$33,$L$5)),Оплаты!$I$12:$I$511,"OK")) | I40: =IF(OR($L$8<>"OK",I$32>$L$5),"",SUMIFS(Оплаты!$D$12:$D$511,Оплаты!$C$12:$C$511,"Расход",Оплаты!$B$12:$B$511,">="&(I$32),Оплаты!$B$12:$B$511,"<="&(MIN(I$33,$L$5)),Оплаты!$I$12:$I$511,"OK")) | J40: =IF(OR($L$8<>"OK",J$32>$L$5),"",SUMIFS(Оплаты!$D$12:$D$511,Оплаты!$C$12:$C$511,"Расход",Оплаты!$B$12:$B$511,">="&(J$32),Оплаты!$B$12:$B$511,"<="&(MIN(J$33,$L$5)),Оплаты!$I$12:$I$511,"OK")) | ... N40: =IF(OR($L$8<>"OK",N$32>$L$5),"",SUMIFS(Оплаты!$D$12:$D$511,Оплаты!$C$12:$C$511,"Расход",Оплаты!$B$12:$B$511,">="&(N$32),Оплаты!$B$12:$B$511,"<="&(MIN(N$33,$L$5)),Оплаты!$I$12:$I$511,"OK"))
B41: Ожидаем: поступления | C41: =IF($L$8<>"OK","",IF(C$33<=$L$5,0,SUMIFS(Планы!$P$12:$P$111,Планы!$D$12:$D$111,"Приход")-IF(C$32>$L$5,SUMIFS(Планы!$O$12:$O$111,Планы!$D$12:$D$111,"Приход"),SUMIFS(Планы!$N$12:$N$111,Планы!$D$12:$D$111,"Приход"))-SUMIFS(Оплаты!$L$12:$L$511,Оплаты!$C$12:$C$511,"Приход",Оплаты!$F$12:$F$511,">="&(MAX(C$32,$L$5+1)),Оплаты!$F$12:$F$511,"<="&(C$33))+IF(AND($L$5+1>=C$32,$L$5+1<=C$33),$I$13,0))) -> 0 | D41: =IF($L$8<>"OK","",IF(D$33<=$L$5,0,SUMIFS(Планы!$Q$12:$Q$111,Планы!$D$12:$D$111,"Приход")-IF(D$32>$L$5,SUMIFS(Планы!$P$12:$P$111,Планы!$D$12:$D$111,"Приход"),SUMIFS(Планы!$N$12:$N$111,Планы!$D$12:$D$111,"Приход"))-SUMIFS(Оплаты!$L$12:$L$511,Оплаты!$C$12:$C$511,"Приход",Оплаты!$F$12:$F$511,">="&(MAX(D$32,$L$5+1)),Оплаты!$F$12:$F$511,"<="&(D$33))+IF(AND($L$5+1>=D$32,$L$5+1<=D$33),$I$13,0))) -> 0 | E41: =IF($L$8<>"OK","",IF(E$33<=$L$5,0,SUMIFS(Планы!$R$12:$R$111,Планы!$D$12:$D$111,"Приход")-IF(E$32>$L$5,SUMIFS(Планы!$Q$12:$Q$111,Планы!$D$12:$D$111,"Приход"),SUMIFS(Планы!$N$12:$N$111,Планы!$D$12:$D$111,"Приход"))-SUMIFS(Оплаты!$L$12:$L$511,Оплаты!$C$12:$C$511,"Приход",Оплаты!$F$12:$F$511,">="&(MAX(E$32,$L$5+1)),Оплаты!$F$12:$F$511,"<="&(E$33))+IF(AND($L$5+1>=E$32,$L$5+1<=E$33),$I$13,0))) -> 170000 | F41: =IF($L$8<>"OK","",IF(F$33<=$L$5,0,SUMIFS(Планы!$S$12:$S$111,Планы!$D$12:$D$111,"Приход")-IF(F$32>$L$5,SUMIFS(Планы!$R$12:$R$111,Планы!$D$12:$D$111,"Приход"),SUMIFS(Планы!$N$12:$N$111,Планы!$D$12:$D$111,"Приход"))-SUMIFS(Оплаты!$L$12:$L$511,Оплаты!$C$12:$C$511,"Приход",Оплаты!$F$12:$F$511,">="&(MAX(F$32,$L$5+1)),Оплаты!$F$12:$F$511,"<="&(F$33))+IF(AND($L$5+1>=F$32,$L$5+1<=F$33),$I$13,0))) -> 0 | G41: =IF($L$8<>"OK","",IF(G$33<=$L$5,0,SUMIFS(Планы!$T$12:$T$111,Планы!$D$12:$D$111,"Приход")-IF(G$32>$L$5,SUMIFS(Планы!$S$12:$S$111,Планы!$D$12:$D$111,"Приход"),SUMIFS(Планы!$N$12:$N$111,Планы!$D$12:$D$111,"Приход"))-SUMIFS(Оплаты!$L$12:$L$511,Оплаты!$C$12:$C$511,"Приход",Оплаты!$F$12:$F$511,">="&(MAX(G$32,$L$5+1)),Оплаты!$F$12:$F$511,"<="&(G$33))+IF(AND($L$5+1>=G$32,$L$5+1<=G$33),$I$13,0))) -> 0 | H41: =IF($L$8<>"OK","",IF(H$33<=$L$5,0,SUMIFS(Планы!$U$12:$U$111,Планы!$D$12:$D$111,"Приход")-IF(H$32>$L$5,SUMIFS(Планы!$T$12:$T$111,Планы!$D$12:$D$111,"Приход"),SUMIFS(Планы!$N$12:$N$111,Планы!$D$12:$D$111,"Приход"))-SUMIFS(Оплаты!$L$12:$L$511,Оплаты!$C$12:$C$511,"Приход",Оплаты!$F$12:$F$511,">="&(MAX(H$32,$L$5+1)),Оплаты!$F$12:$F$511,"<="&(H$33))+IF(AND($L$5+1>=H$32,$L$5+1<=H$33),$I$13,0))) -> 0 | I41: =IF($L$8<>"OK","",IF(I$33<=$L$5,0,SUMIFS(Планы!$V$12:$V$111,Планы!$D$12:$D$111,"Приход")-IF(I$32>$L$5,SUMIFS(Планы!$U$12:$U$111,Планы!$D$12:$D$111,"Приход"),SUMIFS(Планы!$N$12:$N$111,Планы!$D$12:$D$111,"Приход"))-SUMIFS(Оплаты!$L$12:$L$511,Оплаты!$C$12:$C$511,"Приход",Оплаты!$F$12:$F$511,">="&(MAX(I$32,$L$5+1)),Оплаты!$F$12:$F$511,"<="&(I$33))+IF(AND($L$5+1>=I$32,$L$5+1<=I$33),$I$13,0))) -> 0 | J41: =IF($L$8<>"OK","",IF(J$33<=$L$5,0,SUMIFS(Планы!$W$12:$W$111,Планы!$D$12:$D$111,"Приход")-IF(J$32>$L$5,SUMIFS(Планы!$V$12:$V$111,Планы!$D$12:$D$111,"Приход"),SUMIFS(Планы!$N$12:$N$111,Планы!$D$12:$D$111,"Приход"))-SUMIFS(Оплаты!$L$12:$L$511,Оплаты!$C$12:$C$511,"Приход",Оплаты!$F$12:$F$511,">="&(MAX(J$32,$L$5+1)),Оплаты!$F$12:$F$511,"<="&(J$33))+IF(AND($L$5+1>=J$32,$L$5+1<=J$33),$I$13,0))) -> 0 | K41: =IF($L$8<>"OK","",IF(K$33<=$L$5,0,SUMIFS(Планы!$X$12:$X$111,Планы!$D$12:$D$111,"Приход")-IF(K$32>$L$5,SUMIFS(Планы!$W$12:$W$111,Планы!$D$12:$D$111,"Приход"),SUMIFS(Планы!$N$12:$N$111,Планы!$D$12:$D$111,"Приход"))-SUMIFS(Оплаты!$L$12:$L$511,Оплаты!$C$12:$C$511,"Приход",Оплаты!$F$12:$F$511,">="&(MAX(K$32,$L$5+1)),Оплаты!$F$12:$F$511,"<="&(K$33))+IF(AND($L$5+1>=K$32,$L$5+1<=K$33),$I$13,0))) -> 0 | L41: =IF($L$8<>"OK","",IF(L$33<=$L$5,0,SUMIFS(Планы!$Y$12:$Y$111,Планы!$D$12:$D$111,"Приход")-IF(L$32>$L$5,SUMIFS(Планы!$X$12:$X$111,Планы!$D$12:$D$111,"Приход"),SUMIFS(Планы!$N$12:$N$111,Планы!$D$12:$D$111,"Приход"))-SUMIFS(Оплаты!$L$12:$L$511,Оплаты!$C$12:$C$511,"Приход",Оплаты!$F$12:$F$511,">="&(MAX(L$32,$L$5+1)),Оплаты!$F$12:$F$511,"<="&(L$33))+IF(AND($L$5+1>=L$32,$L$5+1<=L$33),$I$13,0))) -> 0 | M41: =IF($L$8<>"OK","",IF(M$33<=$L$5,0,SUMIFS(Планы!$Z$12:$Z$111,Планы!$D$12:$D$111,"Приход")-IF(M$32>$L$5,SUMIFS(Планы!$Y$12:$Y$111,Планы!$D$12:$D$111,"Приход"),SUMIFS(Планы!$N$12:$N$111,Планы!$D$12:$D$111,"Приход"))-SUMIFS(Оплаты!$L$12:$L$511,Оплаты!$C$12:$C$511,"Приход",Оплаты!$F$12:$F$511,">="&(MAX(M$32,$L$5+1)),Оплаты!$F$12:$F$511,"<="&(M$33))+IF(AND($L$5+1>=M$32,$L$5+1<=M$33),$I$13,0))) -> 0 | N41: =IF($L$8<>"OK","",IF(N$33<=$L$5,0,SUMIFS(Планы!$AA$12:$AA$111,Планы!$D$12:$D$111,"Приход")-IF(N$32>$L$5,SUMIFS(Планы!$Z$12:$Z$111,Планы!$D$12:$D$111,"Приход"),SUMIFS(Планы!$N$12:$N$111,Планы!$D$12:$D$111,"Приход"))-SUMIFS(Оплаты!$L$12:$L$511,Оплаты!$C$12:$C$511,"Приход",Оплаты!$F$12:$F$511,">="&(MAX(N$32,$L$5+1)),Оплаты!$F$12:$F$511,"<="&(N$33))+IF(AND($L$5+1>=N$32,$L$5+1<=N$33),$I$13,0))) -> 0
B42: Ожидаем: выплаты | C42: =IF($L$8<>"OK","",IF(C$33<=$L$5,0,SUMIFS(Планы!$P$12:$P$111,Планы!$D$12:$D$111,"Расход")-IF(C$32>$L$5,SUMIFS(Планы!$O$12:$O$111,Планы!$D$12:$D$111,"Расход"),SUMIFS(Планы!$N$12:$N$111,Планы!$D$12:$D$111,"Расход"))-SUMIFS(Оплаты!$L$12:$L$511,Оплаты!$C$12:$C$511,"Расход",Оплаты!$F$12:$F$511,">="&(MAX(C$32,$L$5+1)),Оплаты!$F$12:$F$511,"<="&(C$33))+IF(AND($L$5+1>=C$32,$L$5+1<=C$33),$L$13,0))) -> 0 | D42: =IF($L$8<>"OK","",IF(D$33<=$L$5,0,SUMIFS(Планы!$Q$12:$Q$111,Планы!$D$12:$D$111,"Расход")-IF(D$32>$L$5,SUMIFS(Планы!$P$12:$P$111,Планы!$D$12:$D$111,"Расход"),SUMIFS(Планы!$N$12:$N$111,Планы!$D$12:$D$111,"Расход"))-SUMIFS(Оплаты!$L$12:$L$511,Оплаты!$C$12:$C$511,"Расход",Оплаты!$F$12:$F$511,">="&(MAX(D$32,$L$5+1)),Оплаты!$F$12:$F$511,"<="&(D$33))+IF(AND($L$5+1>=D$32,$L$5+1<=D$33),$L$13,0))) -> 0 | E42: =IF($L$8<>"OK","",IF(E$33<=$L$5,0,SUMIFS(Планы!$R$12:$R$111,Планы!$D$12:$D$111,"Расход")-IF(E$32>$L$5,SUMIFS(Планы!$Q$12:$Q$111,Планы!$D$12:$D$111,"Расход"),SUMIFS(Планы!$N$12:$N$111,Планы!$D$12:$D$111,"Расход"))-SUMIFS(Оплаты!$L$12:$L$511,Оплаты!$C$12:$C$511,"Расход",Оплаты!$F$12:$F$511,">="&(MAX(E$32,$L$5+1)),Оплаты!$F$12:$F$511,"<="&(E$33))+IF(AND($L$5+1>=E$32,$L$5+1<=E$33),$L$13,0))) -> 10000 | F42: =IF($L$8<>"OK","",IF(F$33<=$L$5,0,SUMIFS(Планы!$S$12:$S$111,Планы!$D$12:$D$111,"Расход")-IF(F$32>$L$5,SUMIFS(Планы!$R$12:$R$111,Планы!$D$12:$D$111,"Расход"),SUMIFS(Планы!$N$12:$N$111,Планы!$D$12:$D$111,"Расход"))-SUMIFS(Оплаты!$L$12:$L$511,Оплаты!$C$12:$C$511,"Расход",Оплаты!$F$12:$F$511,">="&(MAX(F$32,$L$5+1)),Оплаты!$F$12:$F$511,"<="&(F$33))+IF(AND($L$5+1>=F$32,$L$5+1<=F$33),$L$13,0))) -> 80000 | G42: =IF($L$8<>"OK","",IF(G$33<=$L$5,0,SUMIFS(Планы!$T$12:$T$111,Планы!$D$12:$D$111,"Расход")-IF(G$32>$L$5,SUMIFS(Планы!$S$12:$S$111,Планы!$D$12:$D$111,"Расход"),SUMIFS(Планы!$N$12:$N$111,Планы!$D$12:$D$111,"Расход"))-SUMIFS(Оплаты!$L$12:$L$511,Оплаты!$C$12:$C$511,"Расход",Оплаты!$F$12:$F$511,">="&(MAX(G$32,$L$5+1)),Оплаты!$F$12:$F$511,"<="&(G$33))+IF(AND($L$5+1>=G$32,$L$5+1<=G$33),$L$13,0))) -> 50000 | H42: =IF($L$8<>"OK","",IF(H$33<=$L$5,0,SUMIFS(Планы!$U$12:$U$111,Планы!$D$12:$D$111,"Расход")-IF(H$32>$L$5,SUMIFS(Планы!$T$12:$T$111,Планы!$D$12:$D$111,"Расход"),SUMIFS(Планы!$N$12:$N$111,Планы!$D$12:$D$111,"Расход"))-SUMIFS(Оплаты!$L$12:$L$511,Оплаты!$C$12:$C$511,"Расход",Оплаты!$F$12:$F$511,">="&(MAX(H$32,$L$5+1)),Оплаты!$F$12:$F$511,"<="&(H$33))+IF(AND($L$5+1>=H$32,$L$5+1<=H$33),$L$13,0))) -> 90000 | I42: =IF($L$8<>"OK","",IF(I$33<=$L$5,0,SUMIFS(Планы!$V$12:$V$111,Планы!$D$12:$D$111,"Расход")-IF(I$32>$L$5,SUMIFS(Планы!$U$12:$U$111,Планы!$D$12:$D$111,"Расход"),SUMIFS(Планы!$N$12:$N$111,Планы!$D$12:$D$111,"Расход"))-SUMIFS(Оплаты!$L$12:$L$511,Оплаты!$C$12:$C$511,"Расход",Оплаты!$F$12:$F$511,">="&(MAX(I$32,$L$5+1)),Оплаты!$F$12:$F$511,"<="&(I$33))+IF(AND($L$5+1>=I$32,$L$5+1<=I$33),$L$13,0))) -> 10000 | J42: =IF($L$8<>"OK","",IF(J$33<=$L$5,0,SUMIFS(Планы!$W$12:$W$111,Планы!$D$12:$D$111,"Расход")-IF(J$32>$L$5,SUMIFS(Планы!$V$12:$V$111,Планы!$D$12:$D$111,"Расход"),SUMIFS(Планы!$N$12:$N$111,Планы!$D$12:$D$111,"Расход"))-SUMIFS(Оплаты!$L$12:$L$511,Оплаты!$C$12:$C$511,"Расход",Оплаты!$F$12:$F$511,">="&(MAX(J$32,$L$5+1)),Оплаты!$F$12:$F$511,"<="&(J$33))+IF(AND($L$5+1>=J$32,$L$5+1<=J$33),$L$13,0))) -> 0 | K42: =IF($L$8<>"OK","",IF(K$33<=$L$5,0,SUMIFS(Планы!$X$12:$X$111,Планы!$D$12:$D$111,"Расход")-IF(K$32>$L$5,SUMIFS(Планы!$W$12:$W$111,Планы!$D$12:$D$111,"Расход"),SUMIFS(Планы!$N$12:$N$111,Планы!$D$12:$D$111,"Расход"))-SUMIFS(Оплаты!$L$12:$L$511,Оплаты!$C$12:$C$511,"Расход",Оплаты!$F$12:$F$511,">="&(MAX(K$32,$L$5+1)),Оплаты!$F$12:$F$511,"<="&(K$33))+IF(AND($L$5+1>=K$32,$L$5+1<=K$33),$L$13,0))) -> 0 | L42: =IF($L$8<>"OK","",IF(L$33<=$L$5,0,SUMIFS(Планы!$Y$12:$Y$111,Планы!$D$12:$D$111,"Расход")-IF(L$32>$L$5,SUMIFS(Планы!$X$12:$X$111,Планы!$D$12:$D$111,"Расход"),SUMIFS(Планы!$N$12:$N$111,Планы!$D$12:$D$111,"Расход"))-SUMIFS(Оплаты!$L$12:$L$511,Оплаты!$C$12:$C$511,"Расход",Оплаты!$F$12:$F$511,">="&(MAX(L$32,$L$5+1)),Оплаты!$F$12:$F$511,"<="&(L$33))+IF(AND($L$5+1>=L$32,$L$5+1<=L$33),$L$13,0))) -> 50000 | M42: =IF($L$8<>"OK","",IF(M$33<=$L$5,0,SUMIFS(Планы!$Z$12:$Z$111,Планы!$D$12:$D$111,"Расход")-IF(M$32>$L$5,SUMIFS(Планы!$Y$12:$Y$111,Планы!$D$12:$D$111,"Расход"),SUMIFS(Планы!$N$12:$N$111,Планы!$D$12:$D$111,"Расход"))-SUMIFS(Оплаты!$L$12:$L$511,Оплаты!$C$12:$C$511,"Расход",Оплаты!$F$12:$F$511,">="&(MAX(M$32,$L$5+1)),Оплаты!$F$12:$F$511,"<="&(M$33))+IF(AND($L$5+1>=M$32,$L$5+1<=M$33),$L$13,0))) -> 100000 | N42: =IF($L$8<>"OK","",IF(N$33<=$L$5,0,SUMIFS(Планы!$AA$12:$AA$111,Планы!$D$12:$D$111,"Расход")-IF(N$32>$L$5,SUMIFS(Планы!$Z$12:$Z$111,Планы!$D$12:$D$111,"Расход"),SUMIFS(Планы!$N$12:$N$111,Планы!$D$12:$D$111,"Расход"))-SUMIFS(Оплаты!$L$12:$L$511,Оплаты!$C$12:$C$511,"Расход",Оплаты!$F$12:$F$511,">="&(MAX(N$32,$L$5+1)),Оплаты!$F$12:$F$511,"<="&(N$33))+IF(AND($L$5+1>=N$32,$L$5+1<=N$33),$L$13,0))) -> 0
B43: Факт + ожидания: поток | C43: =IF($L$8<>"OK","",SUM(C39,C41)-SUM(C40,C42)) -> 190000 | D43: =IF($L$8<>"OK","",SUM(D39,D41)-SUM(D40,D42)) -> -160000 | E43: =IF($L$8<>"OK","",SUM(E39,E41)-SUM(E40,E42)) -> 160000 | F43: =IF($L$8<>"OK","",SUM(F39,F41)-SUM(F40,F42)) -> -80000 | G43: =IF($L$8<>"OK","",SUM(G39,G41)-SUM(G40,G42)) -> -50000 | H43: =IF($L$8<>"OK","",SUM(H39,H41)-SUM(H40,H42)) -> -90000 | I43: =IF($L$8<>"OK","",SUM(I39,I41)-SUM(I40,I42)) -> -10000 | J43: =IF($L$8<>"OK","",SUM(J39,J41)-SUM(J40,J42)) -> 0 | ... N43: =IF($L$8<>"OK","",SUM(N39,N41)-SUM(N40,N42)) -> 0
B44: Остаток на конец | C44: =IF($L$8<>"OK","",C35+C43) -> 440000 | D44: =IF($L$8<>"OK","",D35+D43) -> 280000 | E44: =IF($L$8<>"OK","",E35+E43) -> 440000 | F44: =IF($L$8<>"OK","",F35+F43) -> 360000 | G44: =IF($L$8<>"OK","",G35+G43) -> 310000 | H44: =IF($L$8<>"OK","",H35+H43) -> 220000 | I44: =IF($L$8<>"OK","",I35+I43) -> 210000 | J44: =IF($L$8<>"OK","",J35+J43) -> 210000 | ... N44: =IF($L$8<>"OK","",N35+N43) -> 60000
B45: Нехватка до резерва | C45: =IF($L$8<>"OK","",MAX(0,$L$6-C44)) -> 0 | D45: =IF($L$8<>"OK","",MAX(0,$L$6-D44)) -> 0 | E45: =IF($L$8<>"OK","",MAX(0,$L$6-E44)) -> 0 | F45: =IF($L$8<>"OK","",MAX(0,$L$6-F44)) -> 0 | G45: =IF($L$8<>"OK","",MAX(0,$L$6-G44)) -> 0 | H45: =IF($L$8<>"OK","",MAX(0,$L$6-H44)) -> 0 | I45: =IF($L$8<>"OK","",MAX(0,$L$6-I44)) -> 0 | J45: =IF($L$8<>"OK","",MAX(0,$L$6-J44)) -> 0 | ... N45: =IF($L$8<>"OK","",MAX(0,$L$6-N44)) -> 0
B47: Остаток: чистый план | C47: =IF($L$8<>"OK","",$F$6+SUMIFS(Планы!$P$12:$P$111,Планы!$D$12:$D$111,"Приход")-SUMIFS(Планы!$P$12:$P$111,Планы!$D$12:$D$111,"Расход")) -> 460000 | D47: =IF($L$8<>"OK","",$F$6+SUMIFS(Планы!$Q$12:$Q$111,Планы!$D$12:$D$111,"Приход")-SUMIFS(Планы!$Q$12:$Q$111,Планы!$D$12:$D$111,"Расход")) -> 290000 | E47: =IF($L$8<>"OK","",$F$6+SUMIFS(Планы!$R$12:$R$111,Планы!$D$12:$D$111,"Приход")-SUMIFS(Планы!$R$12:$R$111,Планы!$D$12:$D$111,"Расход")) -> 440000 | F47: =IF($L$8<>"OK","",$F$6+SUMIFS(Планы!$S$12:$S$111,Планы!$D$12:$D$111,"Приход")-SUMIFS(Планы!$S$12:$S$111,Планы!$D$12:$D$111,"Расход")) -> 360000 | G47: =IF($L$8<>"OK","",$F$6+SUMIFS(Планы!$T$12:$T$111,Планы!$D$12:$D$111,"Приход")-SUMIFS(Планы!$T$12:$T$111,Планы!$D$12:$D$111,"Расход")) -> 310000 | H47: =IF($L$8<>"OK","",$F$6+SUMIFS(Планы!$U$12:$U$111,Планы!$D$12:$D$111,"Приход")-SUMIFS(Планы!$U$12:$U$111,Планы!$D$12:$D$111,"Расход")) -> 220000 | I47: =IF($L$8<>"OK","",$F$6+SUMIFS(Планы!$V$12:$V$111,Планы!$D$12:$D$111,"Приход")-SUMIFS(Планы!$V$12:$V$111,Планы!$D$12:$D$111,"Расход")) -> 210000 | J47: =IF($L$8<>"OK","",$F$6+SUMIFS(Планы!$W$12:$W$111,Планы!$D$12:$D$111,"Приход")-SUMIFS(Планы!$W$12:$W$111,Планы!$D$12:$D$111,"Расход")) -> 210000 | K47: =IF($L$8<>"OK","",$F$6+SUMIFS(Планы!$X$12:$X$111,Планы!$D$12:$D$111,"Приход")-SUMIFS(Планы!$X$12:$X$111,Планы!$D$12:$D$111,"Расход")) -> 210000 | L47: =IF($L$8<>"OK","",$F$6+SUMIFS(Планы!$Y$12:$Y$111,Планы!$D$12:$D$111,"Приход")-SUMIFS(Планы!$Y$12:$Y$111,Планы!$D$12:$D$111,"Расход")) -> 160000 | M47: =IF($L$8<>"OK","",$F$6+SUMIFS(Планы!$Z$12:$Z$111,Планы!$D$12:$D$111,"Приход")-SUMIFS(Планы!$Z$12:$Z$111,Планы!$D$12:$D$111,"Расход")) -> 60000 | N47: =IF($L$8<>"OK","",$F$6+SUMIFS(Планы!$AA$12:$AA$111,Планы!$D$12:$D$111,"Приход")-SUMIFS(Планы!$AA$12:$AA$111,Планы!$D$12:$D$111,"Расход")) -> 60000
B48: Остаток: факт / срез | C48: =IF(OR($L$8<>"OK",C$32>$L$5),"",$F$6+SUMIFS(Оплаты!$D$12:$D$511,Оплаты!$C$12:$C$511,"Приход",Оплаты!$B$12:$B$511,">="&($C$6),Оплаты!$B$12:$B$511,"<="&(MIN(C$33,$L$5)),Оплаты!$I$12:$I$511,"OK")-SUMIFS(Оплаты!$D$12:$D$511,Оплаты!$C$12:$C$511,"Расход",Оплаты!$B$12:$B$511,">="&($C$6),Оплаты!$B$12:$B$511,"<="&(MIN(C$33,$L$5)),Оплаты!$I$12:$I$511,"OK")) -> 440000 | D48: =IF(OR($L$8<>"OK",D$32>$L$5),"",$F$6+SUMIFS(Оплаты!$D$12:$D$511,Оплаты!$C$12:$C$511,"Приход",Оплаты!$B$12:$B$511,">="&($C$6),Оплаты!$B$12:$B$511,"<="&(MIN(D$33,$L$5)),Оплаты!$I$12:$I$511,"OK")-SUMIFS(Оплаты!$D$12:$D$511,Оплаты!$C$12:$C$511,"Расход",Оплаты!$B$12:$B$511,">="&($C$6),Оплаты!$B$12:$B$511,"<="&(MIN(D$33,$L$5)),Оплаты!$I$12:$I$511,"OK")) -> 280000 | E48: =IF(OR($L$8<>"OK",E$32>$L$5),"",$F$6+SUMIFS(Оплаты!$D$12:$D$511,Оплаты!$C$12:$C$511,"Приход",Оплаты!$B$12:$B$511,">="&($C$6),Оплаты!$B$12:$B$511,"<="&(MIN(E$33,$L$5)),Оплаты!$I$12:$I$511,"OK")-SUMIFS(Оплаты!$D$12:$D$511,Оплаты!$C$12:$C$511,"Расход",Оплаты!$B$12:$B$511,">="&($C$6),Оплаты!$B$12:$B$511,"<="&(MIN(E$33,$L$5)),Оплаты!$I$12:$I$511,"OK")) -> 280000 | F48: =IF(OR($L$8<>"OK",F$32>$L$5),"",$F$6+SUMIFS(Оплаты!$D$12:$D$511,Оплаты!$C$12:$C$511,"Приход",Оплаты!$B$12:$B$511,">="&($C$6),Оплаты!$B$12:$B$511,"<="&(MIN(F$33,$L$5)),Оплаты!$I$12:$I$511,"OK")-SUMIFS(Оплаты!$D$12:$D$511,Оплаты!$C$12:$C$511,"Расход",Оплаты!$B$12:$B$511,">="&($C$6),Оплаты!$B$12:$B$511,"<="&(MIN(F$33,$L$5)),Оплаты!$I$12:$I$511,"OK")) | G48: =IF(OR($L$8<>"OK",G$32>$L$5),"",$F$6+SUMIFS(Оплаты!$D$12:$D$511,Оплаты!$C$12:$C$511,"Приход",Оплаты!$B$12:$B$511,">="&($C$6),Оплаты!$B$12:$B$511,"<="&(MIN(G$33,$L$5)),Оплаты!$I$12:$I$511,"OK")-SUMIFS(Оплаты!$D$12:$D$511,Оплаты!$C$12:$C$511,"Расход",Оплаты!$B$12:$B$511,">="&($C$6),Оплаты!$B$12:$B$511,"<="&(MIN(G$33,$L$5)),Оплаты!$I$12:$I$511,"OK")) | H48: =IF(OR($L$8<>"OK",H$32>$L$5),"",$F$6+SUMIFS(Оплаты!$D$12:$D$511,Оплаты!$C$12:$C$511,"Приход",Оплаты!$B$12:$B$511,">="&($C$6),Оплаты!$B$12:$B$511,"<="&(MIN(H$33,$L$5)),Оплаты!$I$12:$I$511,"OK")-SUMIFS(Оплаты!$D$12:$D$511,Оплаты!$C$12:$C$511,"Расход",Оплаты!$B$12:$B$511,">="&($C$6),Оплаты!$B$12:$B$511,"<="&(MIN(H$33,$L$5)),Оплаты!$I$12:$I$511,"OK")) | I48: =IF(OR($L$8<>"OK",I$32>$L$5),"",$F$6+SUMIFS(Оплаты!$D$12:$D$511,Оплаты!$C$12:$C$511,"Приход",Оплаты!$B$12:$B$511,">="&($C$6),Оплаты!$B$12:$B$511,"<="&(MIN(I$33,$L$5)),Оплаты!$I$12:$I$511,"OK")-SUMIFS(Оплаты!$D$12:$D$511,Оплаты!$C$12:$C$511,"Расход",Оплаты!$B$12:$B$511,">="&($C$6),Оплаты!$B$12:$B$511,"<="&(MIN(I$33,$L$5)),Оплаты!$I$12:$I$511,"OK")) | J48: =IF(OR($L$8<>"OK",J$32>$L$5),"",$F$6+SUMIFS(Оплаты!$D$12:$D$511,Оплаты!$C$12:$C$511,"Приход",Оплаты!$B$12:$B$511,">="&($C$6),Оплаты!$B$12:$B$511,"<="&(MIN(J$33,$L$5)),Оплаты!$I$12:$I$511,"OK")-SUMIFS(Оплаты!$D$12:$D$511,Оплаты!$C$12:$C$511,"Расход",Оплаты!$B$12:$B$511,">="&($C$6),Оплаты!$B$12:$B$511,"<="&(MIN(J$33,$L$5)),Оплаты!$I$12:$I$511,"OK")) | ... N48: =IF(OR($L$8<>"OK",N$32>$L$5),"",$F$6+SUMIFS(Оплаты!$D$12:$D$511,Оплаты!$C$12:$C$511,"Приход",Оплаты!$B$12:$B$511,">="&($C$6),Оплаты!$B$12:$B$511,"<="&(MIN(N$33,$L$5)),Оплаты!$I$12:$I$511,"OK")-SUMIFS(Оплаты!$D$12:$D$511,Оплаты!$C$12:$C$511,"Расход",Оплаты!$B$12:$B$511,">="&($C$6),Оплаты!$B$12:$B$511,"<="&(MIN(N$33,$L$5)),Оплаты!$I$12:$I$511,"OK"))
B49: Факт − план на срез | C49: =IF(OR($L$8<>"OK",C$32>$L$5),"",C48-($F$6+IF(C$33>$L$5,SUMIFS(Планы!$N$12:$N$111,Планы!$D$12:$D$111,"Приход")-SUMIFS(Планы!$N$12:$N$111,Планы!$D$12:$D$111,"Расход"),SUMIFS(Планы!$P$12:$P$111,Планы!$D$12:$D$111,"Приход")-SUMIFS(Планы!$P$12:$P$111,Планы!$D$12:$D$111,"Расход")))) -> -20000 | D49: =IF(OR($L$8<>"OK",D$32>$L$5),"",D48-($F$6+IF(D$33>$L$5,SUMIFS(Планы!$N$12:$N$111,Планы!$D$12:$D$111,"Приход")-SUMIFS(Планы!$N$12:$N$111,Планы!$D$12:$D$111,"Расход"),SUMIFS(Планы!$Q$12:$Q$111,Планы!$D$12:$D$111,"Приход")-SUMIFS(Планы!$Q$12:$Q$111,Планы!$D$12:$D$111,"Расход")))) -> -10000 | E49: =IF(OR($L$8<>"OK",E$32>$L$5),"",E48-($F$6+IF(E$33>$L$5,SUMIFS(Планы!$N$12:$N$111,Планы!$D$12:$D$111,"Приход")-SUMIFS(Планы!$N$12:$N$111,Планы!$D$12:$D$111,"Расход"),SUMIFS(Планы!$R$12:$R$111,Планы!$D$12:$D$111,"Приход")-SUMIFS(Планы!$R$12:$R$111,Планы!$D$12:$D$111,"Расход")))) -> -10000 | F49: =IF(OR($L$8<>"OK",F$32>$L$5),"",F48-($F$6+IF(F$33>$L$5,SUMIFS(Планы!$N$12:$N$111,Планы!$D$12:$D$111,"Приход")-SUMIFS(Планы!$N$12:$N$111,Планы!$D$12:$D$111,"Расход"),SUMIFS(Планы!$S$12:$S$111,Планы!$D$12:$D$111,"Приход")-SUMIFS(Планы!$S$12:$S$111,Планы!$D$12:$D$111,"Расход")))) | G49: =IF(OR($L$8<>"OK",G$32>$L$5),"",G48-($F$6+IF(G$33>$L$5,SUMIFS(Планы!$N$12:$N$111,Планы!$D$12:$D$111,"Приход")-SUMIFS(Планы!$N$12:$N$111,Планы!$D$12:$D$111,"Расход"),SUMIFS(Планы!$T$12:$T$111,Планы!$D$12:$D$111,"Приход")-SUMIFS(Планы!$T$12:$T$111,Планы!$D$12:$D$111,"Расход")))) | H49: =IF(OR($L$8<>"OK",H$32>$L$5),"",H48-($F$6+IF(H$33>$L$5,SUMIFS(Планы!$N$12:$N$111,Планы!$D$12:$D$111,"Приход")-SUMIFS(Планы!$N$12:$N$111,Планы!$D$12:$D$111,"Расход"),SUMIFS(Планы!$U$12:$U$111,Планы!$D$12:$D$111,"Приход")-SUMIFS(Планы!$U$12:$U$111,Планы!$D$12:$D$111,"Расход")))) | I49: =IF(OR($L$8<>"OK",I$32>$L$5),"",I48-($F$6+IF(I$33>$L$5,SUMIFS(Планы!$N$12:$N$111,Планы!$D$12:$D$111,"Приход")-SUMIFS(Планы!$N$12:$N$111,Планы!$D$12:$D$111,"Расход"),SUMIFS(Планы!$V$12:$V$111,Планы!$D$12:$D$111,"Приход")-SUMIFS(Планы!$V$12:$V$111,Планы!$D$12:$D$111,"Расход")))) | J49: =IF(OR($L$8<>"OK",J$32>$L$5),"",J48-($F$6+IF(J$33>$L$5,SUMIFS(Планы!$N$12:$N$111,Планы!$D$12:$D$111,"Приход")-SUMIFS(Планы!$N$12:$N$111,Планы!$D$12:$D$111,"Расход"),SUMIFS(Планы!$W$12:$W$111,Планы!$D$12:$D$111,"Приход")-SUMIFS(Планы!$W$12:$W$111,Планы!$D$12:$D$111,"Расход")))) | K49: =IF(OR($L$8<>"OK",K$32>$L$5),"",K48-($F$6+IF(K$33>$L$5,SUMIFS(Планы!$N$12:$N$111,Планы!$D$12:$D$111,"Приход")-SUMIFS(Планы!$N$12:$N$111,Планы!$D$12:$D$111,"Расход"),SUMIFS(Планы!$X$12:$X$111,Планы!$D$12:$D$111,"Приход")-SUMIFS(Планы!$X$12:$X$111,Планы!$D$12:$D$111,"Расход")))) | L49: =IF(OR($L$8<>"OK",L$32>$L$5),"",L48-($F$6+IF(L$33>$L$5,SUMIFS(Планы!$N$12:$N$111,Планы!$D$12:$D$111,"Приход")-SUMIFS(Планы!$N$12:$N$111,Планы!$D$12:$D$111,"Расход"),SUMIFS(Планы!$Y$12:$Y$111,Планы!$D$12:$D$111,"Приход")-SUMIFS(Планы!$Y$12:$Y$111,Планы!$D$12:$D$111,"Расход")))) | M49: =IF(OR($L$8<>"OK",M$32>$L$5),"",M48-($F$6+IF(M$33>$L$5,SUMIFS(Планы!$N$12:$N$111,Планы!$D$12:$D$111,"Приход")-SUMIFS(Планы!$N$12:$N$111,Планы!$D$12:$D$111,"Расход"),SUMIFS(Планы!$Z$12:$Z$111,Планы!$D$12:$D$111,"Приход")-SUMIFS(Планы!$Z$12:$Z$111,Планы!$D$12:$D$111,"Расход")))) | N49: =IF(OR($L$8<>"OK",N$32>$L$5),"",N48-($F$6+IF(N$33>$L$5,SUMIFS(Планы!$N$12:$N$111,Планы!$D$12:$D$111,"Приход")-SUMIFS(Планы!$N$12:$N$111,Планы!$D$12:$D$111,"Расход"),SUMIFS(Планы!$AA$12:$AA$111,Планы!$D$12:$D$111,"Приход")-SUMIFS(Планы!$AA$12:$AA$111,Планы!$D$12:$D$111,"Расход"))))
B51: Ожидания = неоплаченная часть планов. Просроченное на дату среза переносится ровно один раз на следующий день.
B52: Факт после среза пустой. Факт − план сравнивается только по дату среза. Минимум и нехватка показаны на границах периодов.
B53: Чтобы проверить кассовый разрыв внутри недели или месяца, выберите «День». Переводы между собственными счетами не включайте.
B55: Ввод планов | C55: =COUNTA(Планы!$A$12:$A$111)&" / 100" -> 8 / 100 | E55: Ввод оплат | F55: =COUNTA(Оплаты!$A$12:$A$511)&" / 500" -> 6 / 500 | H55: Переплата | I55: =IF($L$8<>"OK","",SUM(Оплаты!$M$12:$M$511)) -> 0
B57: Нет привязки к одному году: сдвигайте окно или задавайте новую дату. Поддерживаемые даты ввода: 2000–2199.
B58: История сохраняется в планах и оплатах. Остаток нового окна учитывает все движения с даты базы, включая невидимые периоды.

Sheet Планы
B2: Хак Фин. Планы платежей
A3: 100 планов: строки 12–111. Одно обязательство — один уникальный ID. Ежемесячные и еженедельные планы повторяются автоматически.
A5: Замените учебные значения в A12:I19. Формулы K:AA не удаляйте. Для отмены будущих повторений укажите последний срок в H.
A6: Сумма — на одно повторение. Пустой последний срок означает без окончания. Для 29–31 числа короткий месяц заканчивается последним днём.
A7: Разово: один срок. Еженедельно: каждые 7 дней. Ежемесячно: исходное число месяца. Новые строки вводите внутри предусмотренного диапазона.
A8: Расчёт справа: суммы с даты базы до указанной даты включительно. Старые повторения до базы не меняют её остаток.
A10: Занято планов | B10: =COUNTA(A12:A111) -> 8 | D10: Свободно | E10: =100-B10 -> 92
A11: ID плана | B11: Назначение | C11: Статья | D11: Направление | E11: Первый срок | F11: Регулярность | G11: Сумма за раз | H11: Последний срок | I11: Комментарий | K11: Проверка ввода | L11: Окончание | M11: До базы: повторов | N11: План до среза | O11: План до окна | P11: =Календарь!C33 -> 46271 | Q11: =Календарь!D33 -> 46278 | R11: =Календарь!E33 -> 46285 | S11: =Календарь!F33 -> 46292 | T11: =Календарь!G33 -> 46299 | U11: =Календарь!H33 -> 46306 | V11: =Календарь!I33 -> 46313 | W11: =Календарь!J33 -> 46320 | ... AA11: =Календарь!N33 -> 46348
A12: П-001 | B12: Оплата заказа А | C12: Клиенты | D12: Приход | E12: 46267 | F12: Разово | G12: 180000 | I12: Учебный пример | K12: =IF(COUNTA(A12:I12)=0,"",IF(OR(A12="",B12="",C12="",AND(D12<>"Приход",D12<>"Расход"),NOT(ISNUMBER(E12)),NOT(ISNUMBER(G12)),AND(F12<>"Разово",F12<>"Еженедельно",F12<>"Ежемесячно")),"Ошибка: поля или тип",IF(OR(E12<>INT(E12),E12<36526,E12>109574,G12<0),"Ошибка: дата или сумма",IF(AND(H12<>"",NOT(ISNUMBER(H12))),"Ошибка: последний срок",IF(AND(ISNUMBER(H12),OR(H12<E12,H12<>INT(H12))),"Ошибка: последний срок",IF(COUNTIFS($A$12:$A$111,A12)<>1,"Ошибка: повтор ID","OK")))))) -> OK | L12: =IF(K12="OK",IF(H12="",DATE(2199,12,31),H12),"") -> 109574 | M12: =IF(AND(K12="OK",ISNUMBER(Календарь!$C$6)),IF(MIN(Календарь!$C$6-1,$L12)<$E12,0,IF($F12="Разово",1,IF($F12="Еженедельно",INT((MIN(Календарь!$C$6-1,$L12)-$E12)/7)+1,(YEAR(MIN(Календарь!$C$6-1,$L12))-YEAR($E12))*12+MONTH(MIN(Календарь!$C$6-1,$L12))-MONTH($E12)+1-IF(DAY(MIN(Календарь!$C$6-1,$L12))<MIN(DAY($E12),DAY(EOMONTH(MIN(Календарь!$C$6-1,$L12),0))),1,0)))),"") -> 0 | N12: =IF(OR(K12<>"OK",NOT(ISNUMBER(Календарь!$L$5))),"",MAX(0,IF(MIN(Календарь!$L$5,$L12)<$E12,0,IF($F12="Разово",1,IF($F12="Еженедельно",INT((MIN(Календарь!$L$5,$L12)-$E12)/7)+1,(YEAR(MIN(Календарь!$L$5,$L12))-YEAR($E12))*12+MONTH(MIN(Календарь!$L$5,$L12))-MONTH($E12)+1-IF(DAY(MIN(Календарь!$L$5,$L12))<MIN(DAY($E12),DAY(EOMONTH(MIN(Календарь!$L$5,$L12),0))),1,0))))-$M12)*$G12) -> 180000 | O12: =IF(OR(K12<>"OK",NOT(ISNUMBER(Календарь!$C$32-1))),"",MAX(0,IF(MIN(Календарь!$C$32-1,$L12)<$E12,0,IF($F12="Разово",1,IF($F12="Еженедельно",INT((MIN(Календарь!$C$32-1,$L12)-$E12)/7)+1,(YEAR(MIN(Календарь!$C$32-1,$L12))-YEAR($E12))*12+MONTH(MIN(Календарь!$C$32-1,$L12))-MONTH($E12)+1-IF(DAY(MIN(Календарь!$C$32-1,$L12))<MIN(DAY($E12),DAY(EOMONTH(MIN(Календарь!$C$32-1,$L12),0))),1,0))))-$M12)*$G12) -> 0 | P12: =IF(OR(K12<>"OK",NOT(ISNUMBER(Календарь!C$33))),"",MAX(0,IF(MIN(Календарь!C$33,$L12)<$E12,0,IF($F12="Разово",1,IF($F12="Еженедельно",INT((MIN(Календарь!C$33,$L12)-$E12)/7)+1,(YEAR(MIN(Календарь!C$33,$L12))-YEAR($E12))*12+MONTH(MIN(Календарь!C$33,$L12))-MONTH($E12)+1-IF(DAY(MIN(Календарь!C$33,$L12))<MIN(DAY($E12),DAY(EOMONTH(MIN(Календарь!C$33,$L12),0))),1,0))))-$M12)*$G12) -> 180000 | Q12: =IF(OR(K12<>"OK",NOT(ISNUMBER(Календарь!D$33))),"",MAX(0,IF(MIN(Календарь!D$33,$L12)<$E12,0,IF($F12="Разово",1,IF($F12="Еженедельно",INT((MIN(Календарь!D$33,$L12)-$E12)/7)+1,(YEAR(MIN(Календарь!D$33,$L12))-YEAR($E12))*12+MONTH(MIN(Календарь!D$33,$L12))-MONTH($E12)+1-IF(DAY(MIN(Календарь!D$33,$L12))<MIN(DAY($E12),DAY(EOMONTH(MIN(Календарь!D$33,$L12),0))),1,0))))-$M12)*$G12) -> 180000 | R12: =IF(OR(K12<>"OK",NOT(ISNUMBER(Календарь!E$33))),"",MAX(0,IF(MIN(Календарь!E$33,$L12)<$E12,0,IF($F12="Разово",1,IF($F12="Еженедельно",INT((MIN(Календарь!E$33,$L12)-$E12)/7)+1,(YEAR(MIN(Календарь!E$33,$L12))-YEAR($E12))*12+MONTH(MIN(Календарь!E$33,$L12))-MONTH($E12)+1-IF(DAY(MIN(Календарь!E$33,$L12))<MIN(DAY($E12),DAY(EOMONTH(MIN(Календарь!E$33,$L12),0))),1,0))))-$M12)*$G12) -> 180000 | S12: =IF(OR(K12<>"OK",NOT(ISNUMBER(Календарь!F$33))),"",MAX(0,IF(MIN(Календарь!F$33,$L12)<$E12,0,IF($F12="Разово",1,IF($F12="Еженедельно",INT((MIN(Календарь!F$33,$L12)-$E12)/7)+1,(YEAR(MIN(Календарь!F$33,$L12))-YEAR($E12))*12+MONTH(MIN(Календарь!F$33,$L12))-MONTH($E12)+1-IF(DAY(MIN(Календарь!F$33,$L12))<MIN(DAY($E12),DAY(EOMONTH(MIN(Календарь!F$33,$L12),0))),1,0))))-$M12)*$G12) -> 180000 | T12: =IF(OR(K12<>"OK",NOT(ISNUMBER(Календарь!G$33))),"",MAX(0,IF(MIN(Календарь!G$33,$L12)<$E12,0,IF($F12="Разово",1,IF($F12="Еженедельно",INT((MIN(Календарь!G$33,$L12)-$E12)/7)+1,(YEAR(MIN(Календарь!G$33,$L12))-YEAR($E12))*12+MONTH(MIN(Календарь!G$33,$L12))-MONTH($E12)+1-IF(DAY(MIN(Календарь!G$33,$L12))<MIN(DAY($E12),DAY(EOMONTH(MIN(Календарь!G$33,$L12),0))),1,0))))-$M12)*$G12) -> 180000 | U12: =IF(OR(K12<>"OK",NOT(ISNUMBER(Календарь!H$33))),"",MAX(0,IF(MIN(Календарь!H$33,$L12)<$E12,0,IF($F12="Разово",1,IF($F12="Еженедельно",INT((MIN(Календарь!H$33,$L12)-$E12)/7)+1,(YEAR(MIN(Календарь!H$33,$L12))-YEAR($E12))*12+MONTH(MIN(Календарь!H$33,$L12))-MONTH($E12)+1-IF(DAY(MIN(Календарь!H$33,$L12))<MIN(DAY($E12),DAY(EOMONTH(MIN(Календарь!H$33,$L12),0))),1,0))))-$M12)*$G12) -> 180000 | V12: =IF(OR(K12<>"OK",NOT(ISNUMBER(Календарь!I$33))),"",MAX(0,IF(MIN(Календарь!I$33,$L12)<$E12,0,IF($F12="Разово",1,IF($F12="Еженедельно",INT((MIN(Календарь!I$33,$L12)-$E12)/7)+1,(YEAR(MIN(Календарь!I$33,$L12))-YEAR($E12))*12+MONTH(MIN(Календарь!I$33,$L12))-MONTH($E12)+1-IF(DAY(MIN(Календарь!I$33,$L12))<MIN(DAY($E12),DAY(EOMONTH(MIN(Календарь!I$33,$L12),0))),1,0))))-$M12)*$G12) -> 180000 | W12: =IF(OR(K12<>"OK",NOT(ISNUMBER(Календарь!J$33))),"",MAX(0,IF(MIN(Календарь!J$33,$L12)<$E12,0,IF($F12="Разово",1,IF($F12="Еженедельно",INT((MIN(Календарь!J$33,$L12)-$E12)/7)+1,(YEAR(MIN(Календарь!J$33,$L12))-YEAR($E12))*12+MONTH(MIN(Календарь!J$33,$L12))-MONTH($E12)+1-IF(DAY(MIN(Календарь!J$33,$L12))<MIN(DAY($E12),DAY(EOMONTH(MIN(Календарь!J$33,$L12),0))),1,0))))-$M12)*$G12) -> 180000 | X12: =IF(OR(K12<>"OK",NOT(ISNUMBER(Календарь!K$33))),"",MAX(0,IF(MIN(Календарь!K$33,$L12)<$E12,0,IF($F12="Разово",1,IF($F12="Еженедельно",INT((MIN(Календарь!K$33,$L12)-$E12)/7)+1,(YEAR(MIN(Календарь!K$33,$L12))-YEAR($E12))*12+MONTH(MIN(Календарь!K$33,$L12))-MONTH($E12)+1-IF(DAY(MIN(Календарь!K$33,$L12))<MIN(DAY($E12),DAY(EOMONTH(MIN(Календарь!K$33,$L12),0))),1,0))))-$M12)*$G12) -> 180000 | Y12: =IF(OR(K12<>"OK",NOT(ISNUMBER(Календарь!L$33))),"",MAX(0,IF(MIN(Календарь!L$33,$L12)<$E12,0,IF($F12="Разово",1,IF($F12="Еженедельно",INT((MIN(Календарь!L$33,$L12)-$E12)/7)+1,(YEAR(MIN(Календарь!L$33,$L12))-YEAR($E12))*12+MONTH(MIN(Календарь!L$33,$L12))-MONTH($E12)+1-IF(DAY(MIN(Календарь!L$33,$L12))<MIN(DAY($E12),DAY(EOMONTH(MIN(Календарь!L$33,$L12),0))),1,0))))-$M12)*$G12) -> 180000 | Z12: =IF(OR(K12<>"OK",NOT(ISNUMBER(Календарь!M$33))),"",MAX(0,IF(MIN(Календарь!M$33,$L12)<$E12,0,IF($F12="Разово",1,IF($F12="Еженедельно",INT((MIN(Календарь!M$33,$L12)-$E12)/7)+1,(YEAR(MIN(Календарь!M$33,$L12))-YEAR($E12))*12+MONTH(MIN(Календарь!M$33,$L12))-MONTH($E12)+1-IF(DAY(MIN(Календарь!M$33,$L12))<MIN(DAY($E12),DAY(EOMONTH(MIN(Календарь!M$33,$L12),0))),1,0))))-$M12)*$G12) -> 180000 | AA12: =IF(OR(K12<>"OK",NOT(ISNUMBER(Календарь!N$33))),"",MAX(0,IF(MIN(Календарь!N$33,$L12)<$E12,0,IF($F12="Разово",1,IF($F12="Еженедельно",INT((MIN(Календарь!N$33,$L12)-$E12)/7)+1,(YEAR(MIN(Календарь!N$33,$L12))-YEAR($E12))*12+MONTH(MIN(Календарь!N$33,$L12))-MONTH($E12)+1-IF(DAY(MIN(Календарь!N$33,$L12))<MIN(DAY($E12),DAY(EOMONTH(MIN(Календарь!N$33,$L12),0))),1,0))))-$M12)*$G12) -> 180000
A13: П-002 | B13: Аренда офиса | C13: Аренда | D13: Расход | E13: 46268 | F13: Ежемесячно | G13: 50000 | I13: Повторяется до заполнения H | K13: =IF(COUNTA(A13:I13)=0,"",IF(OR(A13="",B13="",C13="",AND(D13<>"Приход",D13<>"Расход"),NOT(ISNUMBER(E13)),NOT(ISNUMBER(G13)),AND(F13<>"Разово",F13<>"Еженедельно",F13<>"Ежемесячно")),"Ошибка: поля или тип",IF(OR(E13<>INT(E13),E13<36526,E13>109574,G13<0),"Ошибка: дата или сумма",IF(AND(H13<>"",NOT(ISNUMBER(H13))),"Ошибка: последний срок",IF(AND(ISNUMBER(H13),OR(H13<E13,H13<>INT(H13))),"Ошибка: последний срок",IF(COUNTIFS($A$12:$A$111,A13)<>1,"Ошибка: повтор ID","OK")))))) -> OK | L13: =IF(K13="OK",IF(H13="",DATE(2199,12,31),H13),"") -> 109574 | M13: =IF(AND(K13="OK",ISNUMBER(Календарь!$C$6)),IF(MIN(Календарь!$C$6-1,$L13)<$E13,0,IF($F13="Разово",1,IF($F13="Еженедельно",INT((MIN(Календарь!$C$6-1,$L13)-$E13)/7)+1,(YEAR(MIN(Календарь!$C$6-1,$L13))-YEAR($E13))*12+MONTH(MIN(Календарь!$C$6-1,$L13))-MONTH($E13)+1-IF(DAY(MIN(Календарь!$C$6-1,$L13))<MIN(DAY($E13),DAY(EOMONTH(MIN(Календарь!$C$6-1,$L13),0))),1,0)))),"") -> 0 | N13: =IF(OR(K13<>"OK",NOT(ISNUMBER(Календарь!$L$5))),"",MAX(0,IF(MIN(Календарь!$L$5,$L13)<$E13,0,IF($F13="Разово",1,IF($F13="Еженедельно",INT((MIN(Календарь!$L$5,$L13)-$E13)/7)+1,(YEAR(MIN(Календарь!$L$5,$L13))-YEAR($E13))*12+MONTH(MIN(Календарь!$L$5,$L13))-MONTH($E13)+1-IF(DAY(MIN(Календарь!$L$5,$L13))<MIN(DAY($E13),DAY(EOMONTH(MIN(Календарь!$L$5,$L13),0))),1,0))))-$M13)*$G13) -> 50000 | O13: =IF(OR(K13<>"OK",NOT(ISNUMBER(Календарь!$C$32-1))),"",MAX(0,IF(MIN(Календарь!$C$32-1,$L13)<$E13,0,IF($F13="Разово",1,IF($F13="Еженедельно",INT((MIN(Календарь!$C$32-1,$L13)-$E13)/7)+1,(YEAR(MIN(Календарь!$C$32-1,$L13))-YEAR($E13))*12+MONTH(MIN(Календарь!$C$32-1,$L13))-MONTH($E13)+1-IF(DAY(MIN(Календарь!$C$32-1,$L13))<MIN(DAY($E13),DAY(EOMONTH(MIN(Календарь!$C$32-1,$L13),0))),1,0))))-$M13)*$G13) -> 0 | P13: =IF(OR(K13<>"OK",NOT(ISNUMBER(Календарь!C$33))),"",MAX(0,IF(MIN(Календарь!C$33,$L13)<$E13,0,IF($F13="Разово",1,IF($F13="Еженедельно",INT((MIN(Календарь!C$33,$L13)-$E13)/7)+1,(YEAR(MIN(Календарь!C$33,$L13))-YEAR($E13))*12+MONTH(MIN(Календарь!C$33,$L13))-MONTH($E13)+1-IF(DAY(MIN(Календарь!C$33,$L13))<MIN(DAY($E13),DAY(EOMONTH(MIN(Календарь!C$33,$L13),0))),1,0))))-$M13)*$G13) -> 50000 | Q13: =IF(OR(K13<>"OK",NOT(ISNUMBER(Календарь!D$33))),"",MAX(0,IF(MIN(Календарь!D$33,$L13)<$E13,0,IF($F13="Разово",1,IF($F13="Еженедельно",INT((MIN(Календарь!D$33,$L13)-$E13)/7)+1,(YEAR(MIN(Календарь!D$33,$L13))-YEAR($E13))*12+MONTH(MIN(Календарь!D$33,$L13))-MONTH($E13)+1-IF(DAY(MIN(Календарь!D$33,$L13))<MIN(DAY($E13),DAY(EOMONTH(MIN(Календарь!D$33,$L13),0))),1,0))))-$M13)*$G13) -> 50000 | R13: =IF(OR(K13<>"OK",NOT(ISNUMBER(Календарь!E$33))),"",MAX(0,IF(MIN(Календарь!E$33,$L13)<$E13,0,IF($F13="Разово",1,IF($F13="Еженедельно",INT((MIN(Календарь!E$33,$L13)-$E13)/7)+1,(YEAR(MIN(Календарь!E$33,$L13))-YEAR($E13))*12+MONTH(MIN(Календарь!E$33,$L13))-MONTH($E13)+1-IF(DAY(MIN(Календарь!E$33,$L13))<MIN(DAY($E13),DAY(EOMONTH(MIN(Календарь!E$33,$L13),0))),1,0))))-$M13)*$G13) -> 50000 | S13: =IF(OR(K13<>"OK",NOT(ISNUMBER(Календарь!F$33))),"",MAX(0,IF(MIN(Календарь!F$33,$L13)<$E13,0,IF($F13="Разово",1,IF($F13="Еженедельно",INT((MIN(Календарь!F$33,$L13)-$E13)/7)+1,(YEAR(MIN(Календарь!F$33,$L13))-YEAR($E13))*12+MONTH(MIN(Календарь!F$33,$L13))-MONTH($E13)+1-IF(DAY(MIN(Календарь!F$33,$L13))<MIN(DAY($E13),DAY(EOMONTH(MIN(Календарь!F$33,$L13),0))),1,0))))-$M13)*$G13) -> 50000 | T13: =IF(OR(K13<>"OK",NOT(ISNUMBER(Календарь!G$33))),"",MAX(0,IF(MIN(Календарь!G$33,$L13)<$E13,0,IF($F13="Разово",1,IF($F13="Еженедельно",INT((MIN(Календарь!G$33,$L13)-$E13)/7)+1,(YEAR(MIN(Календарь!G$33,$L13))-YEAR($E13))*12+MONTH(MIN(Календарь!G$33,$L13))-MONTH($E13)+1-IF(DAY(MIN(Календарь!G$33,$L13))<MIN(DAY($E13),DAY(EOMONTH(MIN(Календарь!G$33,$L13),0))),1,0))))-$M13)*$G13) -> 100000 | U13: =IF(OR(K13<>"OK",NOT(ISNUMBER(Календарь!H$33))),"",MAX(0,IF(MIN(Календарь!H$33,$L13)<$E13,0,IF($F13="Разово",1,IF($F13="Еженедельно",INT((MIN(Календарь!H$33,$L13)-$E13)/7)+1,(YEAR(MIN(Календарь!H$33,$L13))-YEAR($E13))*12+MONTH(MIN(Календарь!H$33,$L13))-MONTH($E13)+1-IF(DAY(MIN(Календарь!H$33,$L13))<MIN(DAY($E13),DAY(EOMONTH(MIN(Календарь!H$33,$L13),0))),1,0))))-$M13)*$G13) -> 100000 | V13: =IF(OR(K13<>"OK",NOT(ISNUMBER(Календарь!I$33))),"",MAX(0,IF(MIN(Календарь!I$33,$L13)<$E13,0,IF($F13="Разово",1,IF($F13="Еженедельно",INT((MIN(Календарь!I$33,$L13)-$E13)/7)+1,(YEAR(MIN(Календарь!I$33,$L13))-YEAR($E13))*12+MONTH(MIN(Календарь!I$33,$L13))-MONTH($E13)+1-IF(DAY(MIN(Календарь!I$33,$L13))<MIN(DAY($E13),DAY(EOMONTH(MIN(Календарь!I$33,$L13),0))),1,0))))-$M13)*$G13) -> 100000 | W13: =IF(OR(K13<>"OK",NOT(ISNUMBER(Календарь!J$33))),"",MAX(0,IF(MIN(Календарь!J$33,$L13)<$E13,0,IF($F13="Разово",1,IF($F13="Еженедельно",INT((MIN(Календарь!J$33,$L13)-$E13)/7)+1,(YEAR(MIN(Календарь!J$33,$L13))-YEAR($E13))*12+MONTH(MIN(Календарь!J$33,$L13))-MONTH($E13)+1-IF(DAY(MIN(Календарь!J$33,$L13))<MIN(DAY($E13),DAY(EOMONTH(MIN(Календарь!J$33,$L13),0))),1,0))))-$M13)*$G13) -> 100000 | X13: =IF(OR(K13<>"OK",NOT(ISNUMBER(Календарь!K$33))),"",MAX(0,IF(MIN(Календарь!K$33,$L13)<$E13,0,IF($F13="Разово",1,IF($F13="Еженедельно",INT((MIN(Календарь!K$33,$L13)-$E13)/7)+1,(YEAR(MIN(Календарь!K$33,$L13))-YEAR($E13))*12+MONTH(MIN(Календарь!K$33,$L13))-MONTH($E13)+1-IF(DAY(MIN(Календарь!K$33,$L13))<MIN(DAY($E13),DAY(EOMONTH(MIN(Календарь!K$33,$L13),0))),1,0))))-$M13)*$G13) -> 100000 | Y13: =IF(OR(K13<>"OK",NOT(ISNUMBER(Календарь!L$33))),"",MAX(0,IF(MIN(Календарь!L$33,$L13)<$E13,0,IF($F13="Разово",1,IF($F13="Еженедельно",INT((MIN(Календарь!L$33,$L13)-$E13)/7)+1,(YEAR(MIN(Календарь!L$33,$L13))-YEAR($E13))*12+MONTH(MIN(Календарь!L$33,$L13))-MONTH($E13)+1-IF(DAY(MIN(Календарь!L$33,$L13))<MIN(DAY($E13),DAY(EOMONTH(MIN(Календарь!L$33,$L13),0))),1,0))))-$M13)*$G13) -> 150000 | Z13: =IF(OR(K13<>"OK",NOT(ISNUMBER(Календарь!M$33))),"",MAX(0,IF(MIN(Календарь!M$33,$L13)<$E13,0,IF($F13="Разово",1,IF($F13="Еженедельно",INT((MIN(Календарь!M$33,$L13)-$E13)/7)+1,(YEAR(MIN(Календарь!M$33,$L13))-YEAR($E13))*12+MONTH(MIN(Календарь!M$33,$L13))-MONTH($E13)+1-IF(DAY(MIN(Календарь!M$33,$L13))<MIN(DAY($E13),DAY(EOMONTH(MIN(Календарь!M$33,$L13),0))),1,0))))-$M13)*$G13) -> 150000 | AA13: =IF(OR(K13<>"OK",NOT(ISNUMBER(Календарь!N$33))),"",MAX(0,IF(MIN(Календарь!N$33,$L13)<$E13,0,IF($F13="Разово",1,IF($F13="Еженедельно",INT((MIN(Календарь!N$33,$L13)-$E13)/7)+1,(YEAR(MIN(Календарь!N$33,$L13))-YEAR($E13))*12+MONTH(MIN(Календарь!N$33,$L13))-MONTH($E13)+1-IF(DAY(MIN(Календарь!N$33,$L13))<MIN(DAY($E13),DAY(EOMONTH(MIN(Календарь!N$33,$L13),0))),1,0))))-$M13)*$G13) -> 150000
A14: П-003 | B14: Заказ Б | C14: Клиенты | D14: Приход | E14: 46270 | F14: Разово | G14: 80000 | I14: Частичные оплаты отдельными строками | K14: =IF(COUNTA(A14:I14)=0,"",IF(OR(A14="",B14="",C14="",AND(D14<>"Приход",D14<>"Расход"),NOT(ISNUMBER(E14)),NOT(ISNUMBER(G14)),AND(F14<>"Разово",F14<>"Еженедельно",F14<>"Ежемесячно")),"Ошибка: поля или тип",IF(OR(E14<>INT(E14),E14<36526,E14>109574,G14<0),"Ошибка: дата или сумма",IF(AND(H14<>"",NOT(ISNUMBER(H14))),"Ошибка: последний срок",IF(AND(ISNUMBER(H14),OR(H14<E14,H14<>INT(H14))),"Ошибка: последний срок",IF(COUNTIFS($A$12:$A$111,A14)<>1,"Ошибка: повтор ID","OK")))))) -> OK | L14: =IF(K14="OK",IF(H14="",DATE(2199,12,31),H14),"") -> 109574 | M14: =IF(AND(K14="OK",ISNUMBER(Календарь!$C$6)),IF(MIN(Календарь!$C$6-1,$L14)<$E14,0,IF($F14="Разово",1,IF($F14="Еженедельно",INT((MIN(Календарь!$C$6-1,$L14)-$E14)/7)+1,(YEAR(MIN(Календарь!$C$6-1,$L14))-YEAR($E14))*12+MONTH(MIN(Календарь!$C$6-1,$L14))-MONTH($E14)+1-IF(DAY(MIN(Календарь!$C$6-1,$L14))<MIN(DAY($E14),DAY(EOMONTH(MIN(Календарь!$C$6-1,$L14),0))),1,0)))),"") -> 0 | N14: =IF(OR(K14<>"OK",NOT(ISNUMBER(Календарь!$L$5))),"",MAX(0,IF(MIN(Календарь!$L$5,$L14)<$E14,0,IF($F14="Разово",1,IF($F14="Еженедельно",INT((MIN(Календарь!$L$5,$L14)-$E14)/7)+1,(YEAR(MIN(Календарь!$L$5,$L14))-YEAR($E14))*12+MONTH(MIN(Календарь!$L$5,$L14))-MONTH($E14)+1-IF(DAY(MIN(Календарь!$L$5,$L14))<MIN(DAY($E14),DAY(EOMONTH(MIN(Календарь!$L$5,$L14),0))),1,0))))-$M14)*$G14) -> 80000 | O14: =IF(OR(K14<>"OK",NOT(ISNUMBER(Календарь!$C$32-1))),"",MAX(0,IF(MIN(Календарь!$C$32-1,$L14)<$E14,0,IF($F14="Разово",1,IF($F14="Еженедельно",INT((MIN(Календарь!$C$32-1,$L14)-$E14)/7)+1,(YEAR(MIN(Календарь!$C$32-1,$L14))-YEAR($E14))*12+MONTH(MIN(Календарь!$C$32-1,$L14))-MONTH($E14)+1-IF(DAY(MIN(Календарь!$C$32-1,$L14))<MIN(DAY($E14),DAY(EOMONTH(MIN(Календарь!$C$32-1,$L14),0))),1,0))))-$M14)*$G14) -> 0 | P14: =IF(OR(K14<>"OK",NOT(ISNUMBER(Календарь!C$33))),"",MAX(0,IF(MIN(Календарь!C$33,$L14)<$E14,0,IF($F14="Разово",1,IF($F14="Еженедельно",INT((MIN(Календарь!C$33,$L14)-$E14)/7)+1,(YEAR(MIN(Календарь!C$33,$L14))-YEAR($E14))*12+MONTH(MIN(Календарь!C$33,$L14))-MONTH($E14)+1-IF(DAY(MIN(Календарь!C$33,$L14))<MIN(DAY($E14),DAY(EOMONTH(MIN(Календарь!C$33,$L14),0))),1,0))))-$M14)*$G14) -> 80000 | Q14: =IF(OR(K14<>"OK",NOT(ISNUMBER(Календарь!D$33))),"",MAX(0,IF(MIN(Календарь!D$33,$L14)<$E14,0,IF($F14="Разово",1,IF($F14="Еженедельно",INT((MIN(Календарь!D$33,$L14)-$E14)/7)+1,(YEAR(MIN(Календарь!D$33,$L14))-YEAR($E14))*12+MONTH(MIN(Календарь!D$33,$L14))-MONTH($E14)+1-IF(DAY(MIN(Календарь!D$33,$L14))<MIN(DAY($E14),DAY(EOMONTH(MIN(Календарь!D$33,$L14),0))),1,0))))-$M14)*$G14) -> 80000 | R14: =IF(OR(K14<>"OK",NOT(ISNUMBER(Календарь!E$33))),"",MAX(0,IF(MIN(Календарь!E$33,$L14)<$E14,0,IF($F14="Разово",1,IF($F14="Еженедельно",INT((MIN(Календарь!E$33,$L14)-$E14)/7)+1,(YEAR(MIN(Календарь!E$33,$L14))-YEAR($E14))*12+MONTH(MIN(Календарь!E$33,$L14))-MONTH($E14)+1-IF(DAY(MIN(Календарь!E$33,$L14))<MIN(DAY($E14),DAY(EOMONTH(MIN(Календарь!E$33,$L14),0))),1,0))))-$M14)*$G14) -> 80000 | S14: =IF(OR(K14<>"OK",NOT(ISNUMBER(Календарь!F$33))),"",MAX(0,IF(MIN(Календарь!F$33,$L14)<$E14,0,IF($F14="Разово",1,IF($F14="Еженедельно",INT((MIN(Календарь!F$33,$L14)-$E14)/7)+1,(YEAR(MIN(Календарь!F$33,$L14))-YEAR($E14))*12+MONTH(MIN(Календарь!F$33,$L14))-MONTH($E14)+1-IF(DAY(MIN(Календарь!F$33,$L14))<MIN(DAY($E14),DAY(EOMONTH(MIN(Календарь!F$33,$L14),0))),1,0))))-$M14)*$G14) -> 80000 | T14: =IF(OR(K14<>"OK",NOT(ISNUMBER(Календарь!G$33))),"",MAX(0,IF(MIN(Календарь!G$33,$L14)<$E14,0,IF($F14="Разово",1,IF($F14="Еженедельно",INT((MIN(Календарь!G$33,$L14)-$E14)/7)+1,(YEAR(MIN(Календарь!G$33,$L14))-YEAR($E14))*12+MONTH(MIN(Календарь!G$33,$L14))-MONTH($E14)+1-IF(DAY(MIN(Календарь!G$33,$L14))<MIN(DAY($E14),DAY(EOMONTH(MIN(Календарь!G$33,$L14),0))),1,0))))-$M14)*$G14) -> 80000 | U14: =IF(OR(K14<>"OK",NOT(ISNUMBER(Календарь!H$33))),"",MAX(0,IF(MIN(Календарь!H$33,$L14)<$E14,0,IF($F14="Разово",1,IF($F14="Еженедельно",INT((MIN(Календарь!H$33,$L14)-$E14)/7)+1,(YEAR(MIN(Календарь!H$33,$L14))-YEAR($E14))*12+MONTH(MIN(Календарь!H$33,$L14))-MONTH($E14)+1-IF(DAY(MIN(Календарь!H$33,$L14))<MIN(DAY($E14),DAY(EOMONTH(MIN(Календарь!H$33,$L14),0))),1,0))))-$M14)*$G14) -> 80000 | V14: =IF(OR(K14<>"OK",NOT(ISNUMBER(Календарь!I$33))),"",MAX(0,IF(MIN(Календарь!I$33,$L14)<$E14,0,IF($F14="Разово",1,IF($F14="Еженедельно",INT((MIN(Календарь!I$33,$L14)-$E14)/7)+1,(YEAR(MIN(Календарь!I$33,$L14))-YEAR($E14))*12+MONTH(MIN(Календарь!I$33,$L14))-MONTH($E14)+1-IF(DAY(MIN(Календарь!I$33,$L14))<MIN(DAY($E14),DAY(EOMONTH(MIN(Календарь!I$33,$L14),0))),1,0))))-$M14)*$G14) -> 80000 | W14: =IF(OR(K14<>"OK",NOT(ISNUMBER(Календарь!J$33))),"",MAX(0,IF(MIN(Календарь!J$33,$L14)<$E14,0,IF($F14="Разово",1,IF($F14="Еженедельно",INT((MIN(Календарь!J$33,$L14)-$E14)/7)+1,(YEAR(MIN(Календарь!J$33,$L14))-YEAR($E14))*12+MONTH(MIN(Календарь!J$33,$L14))-MONTH($E14)+1-IF(DAY(MIN(Календарь!J$33,$L14))<MIN(DAY($E14),DAY(EOMONTH(MIN(Календарь!J$33,$L14),0))),1,0))))-$M14)*$G14) -> 80000 | X14: =IF(OR(K14<>"OK",NOT(ISNUMBER(Календарь!K$33))),"",MAX(0,IF(MIN(Календарь!K$33,$L14)<$E14,0,IF($F14="Разово",1,IF($F14="Еженедельно",INT((MIN(Календарь!K$33,$L14)-$E14)/7)+1,(YEAR(MIN(Календарь!K$33,$L14))-YEAR($E14))*12+MONTH(MIN(Календарь!K$33,$L14))-MONTH($E14)+1-IF(DAY(MIN(Календарь!K$33,$L14))<MIN(DAY($E14),DAY(EOMONTH(MIN(Календарь!K$33,$L14),0))),1,0))))-$M14)*$G14) -> 80000 | Y14: =IF(OR(K14<>"OK",NOT(ISNUMBER(Календарь!L$33))),"",MAX(0,IF(MIN(Календарь!L$33,$L14)<$E14,0,IF($F14="Разово",1,IF($F14="Еженедельно",INT((MIN(Календарь!L$33,$L14)-$E14)/7)+1,(YEAR(MIN(Календарь!L$33,$L14))-YEAR($E14))*12+MONTH(MIN(Календарь!L$33,$L14))-MONTH($E14)+1-IF(DAY(MIN(Календарь!L$33,$L14))<MIN(DAY($E14),DAY(EOMONTH(MIN(Календарь!L$33,$L14),0))),1,0))))-$M14)*$G14) -> 80000 | Z14: =IF(OR(K14<>"OK",NOT(ISNUMBER(Календарь!M$33))),"",MAX(0,IF(MIN(Календарь!M$33,$L14)<$E14,0,IF($F14="Разово",1,IF($F14="Еженедельно",INT((MIN(Календарь!M$33,$L14)-$E14)/7)+1,(YEAR(MIN(Календарь!M$33,$L14))-YEAR($E14))*12+MONTH(MIN(Календарь!M$33,$L14))-MONTH($E14)+1-IF(DAY(MIN(Календарь!M$33,$L14))<MIN(DAY($E14),DAY(EOMONTH(MIN(Календарь!M$33,$L14),0))),1,0))))-$M14)*$G14) -> 80000 | AA14: =IF(OR(K14<>"OK",NOT(ISNUMBER(Календарь!N$33))),"",MAX(0,IF(MIN(Календарь!N$33,$L14)<$E14,0,IF($F14="Разово",1,IF($F14="Еженедельно",INT((MIN(Календарь!N$33,$L14)-$E14)/7)+1,(YEAR(MIN(Календарь!N$33,$L14))-YEAR($E14))*12+MONTH(MIN(Календарь!N$33,$L14))-MONTH($E14)+1-IF(DAY(MIN(Календарь!N$33,$L14))<MIN(DAY($E14),DAY(EOMONTH(MIN(Календарь!N$33,$L14),0))),1,0))))-$M14)*$G14) -> 80000
A15: П-004 | B15: Материалы | C15: Поставщики | D15: Расход | E15: 46272 | F15: Разово | G15: 70000 | K15: =IF(COUNTA(A15:I15)=0,"",IF(OR(A15="",B15="",C15="",AND(D15<>"Приход",D15<>"Расход"),NOT(ISNUMBER(E15)),NOT(ISNUMBER(G15)),AND(F15<>"Разово",F15<>"Еженедельно",F15<>"Ежемесячно")),"Ошибка: поля или тип",IF(OR(E15<>INT(E15),E15<36526,E15>109574,G15<0),"Ошибка: дата или сумма",IF(AND(H15<>"",NOT(ISNUMBER(H15))),"Ошибка: последний срок",IF(AND(ISNUMBER(H15),OR(H15<E15,H15<>INT(H15))),"Ошибка: последний срок",IF(COUNTIFS($A$12:$A$111,A15)<>1,"Ошибка: повтор ID","OK")))))) -> OK | L15: =IF(K15="OK",IF(H15="",DATE(2199,12,31),H15),"") -> 109574 | M15: =IF(AND(K15="OK",ISNUMBER(Календарь!$C$6)),IF(MIN(Календарь!$C$6-1,$L15)<$E15,0,IF($F15="Разово",1,IF($F15="Еженедельно",INT((MIN(Календарь!$C$6-1,$L15)-$E15)/7)+1,(YEAR(MIN(Календарь!$C$6-1,$L15))-YEAR($E15))*12+MONTH(MIN(Календарь!$C$6-1,$L15))-MONTH($E15)+1-IF(DAY(MIN(Календарь!$C$6-1,$L15))<MIN(DAY($E15),DAY(EOMONTH(MIN(Календарь!$C$6-1,$L15),0))),1,0)))),"") -> 0 | N15: =IF(OR(K15<>"OK",NOT(ISNUMBER(Календарь!$L$5))),"",MAX(0,IF(MIN(Календарь!$L$5,$L15)<$E15,0,IF($F15="Разово",1,IF($F15="Еженедельно",INT((MIN(Календарь!$L$5,$L15)-$E15)/7)+1,(YEAR(MIN(Календарь!$L$5,$L15))-YEAR($E15))*12+MONTH(MIN(Календарь!$L$5,$L15))-MONTH($E15)+1-IF(DAY(MIN(Календарь!$L$5,$L15))<MIN(DAY($E15),DAY(EOMONTH(MIN(Календарь!$L$5,$L15),0))),1,0))))-$M15)*$G15) -> 70000 | O15: =IF(OR(K15<>"OK",NOT(ISNUMBER(Календарь!$C$32-1))),"",MAX(0,IF(MIN(Календарь!$C$32-1,$L15)<$E15,0,IF($F15="Разово",1,IF($F15="Еженедельно",INT((MIN(Календарь!$C$32-1,$L15)-$E15)/7)+1,(YEAR(MIN(Календарь!$C$32-1,$L15))-YEAR($E15))*12+MONTH(MIN(Календарь!$C$32-1,$L15))-MONTH($E15)+1-IF(DAY(MIN(Календарь!$C$32-1,$L15))<MIN(DAY($E15),DAY(EOMONTH(MIN(Календарь!$C$32-1,$L15),0))),1,0))))-$M15)*$G15) -> 0 | P15: =IF(OR(K15<>"OK",NOT(ISNUMBER(Календарь!C$33))),"",MAX(0,IF(MIN(Календарь!C$33,$L15)<$E15,0,IF($F15="Разово",1,IF($F15="Еженедельно",INT((MIN(Календарь!C$33,$L15)-$E15)/7)+1,(YEAR(MIN(Календарь!C$33,$L15))-YEAR($E15))*12+MONTH(MIN(Календарь!C$33,$L15))-MONTH($E15)+1-IF(DAY(MIN(Календарь!C$33,$L15))<MIN(DAY($E15),DAY(EOMONTH(MIN(Календарь!C$33,$L15),0))),1,0))))-$M15)*$G15) -> 0 | Q15: =IF(OR(K15<>"OK",NOT(ISNUMBER(Календарь!D$33))),"",MAX(0,IF(MIN(Календарь!D$33,$L15)<$E15,0,IF($F15="Разово",1,IF($F15="Еженедельно",INT((MIN(Календарь!D$33,$L15)-$E15)/7)+1,(YEAR(MIN(Календарь!D$33,$L15))-YEAR($E15))*12+MONTH(MIN(Календарь!D$33,$L15))-MONTH($E15)+1-IF(DAY(MIN(Календарь!D$33,$L15))<MIN(DAY($E15),DAY(EOMONTH(MIN(Календарь!D$33,$L15),0))),1,0))))-$M15)*$G15) -> 70000 | R15: =IF(OR(K15<>"OK",NOT(ISNUMBER(Календарь!E$33))),"",MAX(0,IF(MIN(Календарь!E$33,$L15)<$E15,0,IF($F15="Разово",1,IF($F15="Еженедельно",INT((MIN(Календарь!E$33,$L15)-$E15)/7)+1,(YEAR(MIN(Календарь!E$33,$L15))-YEAR($E15))*12+MONTH(MIN(Календарь!E$33,$L15))-MONTH($E15)+1-IF(DAY(MIN(Календарь!E$33,$L15))<MIN(DAY($E15),DAY(EOMONTH(MIN(Календарь!E$33,$L15),0))),1,0))))-$M15)*$G15) -> 70000 | S15: =IF(OR(K15<>"OK",NOT(ISNUMBER(Календарь!F$33))),"",MAX(0,IF(MIN(Календарь!F$33,$L15)<$E15,0,IF($F15="Разово",1,IF($F15="Еженедельно",INT((MIN(Календарь!F$33,$L15)-$E15)/7)+1,(YEAR(MIN(Календарь!F$33,$L15))-YEAR($E15))*12+MONTH(MIN(Календарь!F$33,$L15))-MONTH($E15)+1-IF(DAY(MIN(Календарь!F$33,$L15))<MIN(DAY($E15),DAY(EOMONTH(MIN(Календарь!F$33,$L15),0))),1,0))))-$M15)*$G15) -> 70000 | T15: =IF(OR(K15<>"OK",NOT(ISNUMBER(Календарь!G$33))),"",MAX(0,IF(MIN(Календарь!G$33,$L15)<$E15,0,IF($F15="Разово",1,IF($F15="Еженедельно",INT((MIN(Календарь!G$33,$L15)-$E15)/7)+1,(YEAR(MIN(Календарь!G$33,$L15))-YEAR($E15))*12+MONTH(MIN(Календарь!G$33,$L15))-MONTH($E15)+1-IF(DAY(MIN(Календарь!G$33,$L15))<MIN(DAY($E15),DAY(EOMONTH(MIN(Календарь!G$33,$L15),0))),1,0))))-$M15)*$G15) -> 70000 | U15: =IF(OR(K15<>"OK",NOT(ISNUMBER(Календарь!H$33))),"",MAX(0,IF(MIN(Календарь!H$33,$L15)<$E15,0,IF($F15="Разово",1,IF($F15="Еженедельно",INT((MIN(Календарь!H$33,$L15)-$E15)/7)+1,(YEAR(MIN(Календарь!H$33,$L15))-YEAR($E15))*12+MONTH(MIN(Календарь!H$33,$L15))-MONTH($E15)+1-IF(DAY(MIN(Календарь!H$33,$L15))<MIN(DAY($E15),DAY(EOMONTH(MIN(Календарь!H$33,$L15),0))),1,0))))-$M15)*$G15) -> 70000 | V15: =IF(OR(K15<>"OK",NOT(ISNUMBER(Календарь!I$33))),"",MAX(0,IF(MIN(Календарь!I$33,$L15)<$E15,0,IF($F15="Разово",1,IF($F15="Еженедельно",INT((MIN(Календарь!I$33,$L15)-$E15)/7)+1,(YEAR(MIN(Календарь!I$33,$L15))-YEAR($E15))*12+MONTH(MIN(Календарь!I$33,$L15))-MONTH($E15)+1-IF(DAY(MIN(Календарь!I$33,$L15))<MIN(DAY($E15),DAY(EOMONTH(MIN(Календарь!I$33,$L15),0))),1,0))))-$M15)*$G15) -> 70000 | W15: =IF(OR(K15<>"OK",NOT(ISNUMBER(Календарь!J$33))),"",MAX(0,IF(MIN(Календарь!J$33,$L15)<$E15,0,IF($F15="Разово",1,IF($F15="Еженедельно",INT((MIN(Календарь!J$33,$L15)-$E15)/7)+1,(YEAR(MIN(Календарь!J$33,$L15))-YEAR($E15))*12+MONTH(MIN(Календарь!J$33,$L15))-MONTH($E15)+1-IF(DAY(MIN(Календарь!J$33,$L15))<MIN(DAY($E15),DAY(EOMONTH(MIN(Календарь!J$33,$L15),0))),1,0))))-$M15)*$G15) -> 70000 | X15: =IF(OR(K15<>"OK",NOT(ISNUMBER(Календарь!K$33))),"",MAX(0,IF(MIN(Календарь!K$33,$L15)<$E15,0,IF($F15="Разово",1,IF($F15="Еженедельно",INT((MIN(Календарь!K$33,$L15)-$E15)/7)+1,(YEAR(MIN(Календарь!K$33,$L15))-YEAR($E15))*12+MONTH(MIN(Календарь!K$33,$L15))-MONTH($E15)+1-IF(DAY(MIN(Календарь!K$33,$L15))<MIN(DAY($E15),DAY(EOMONTH(MIN(Календарь!K$33,$L15),0))),1,0))))-$M15)*$G15) -> 70000 | Y15: =IF(OR(K15<>"OK",NOT(ISNUMBER(Календарь!L$33))),"",MAX(0,IF(MIN(Календарь!L$33,$L15)<$E15,0,IF($F15="Разово",1,IF($F15="Еженедельно",INT((MIN(Календарь!L$33,$L15)-$E15)/7)+1,(YEAR(MIN(Календарь!L$33,$L15))-YEAR($E15))*12+MONTH(MIN(Календарь!L$33,$L15))-MONTH($E15)+1-IF(DAY(MIN(Календарь!L$33,$L15))<MIN(DAY($E15),DAY(EOMONTH(MIN(Календарь!L$33,$L15),0))),1,0))))-$M15)*$G15) -> 70000 | Z15: =IF(OR(K15<>"OK",NOT(ISNUMBER(Календарь!M$33))),"",MAX(0,IF(MIN(Календарь!M$33,$L15)<$E15,0,IF($F15="Разово",1,IF($F15="Еженедельно",INT((MIN(Календарь!M$33,$L15)-$E15)/7)+1,(YEAR(MIN(Календарь!M$33,$L15))-YEAR($E15))*12+MONTH(MIN(Календарь!M$33,$L15))-MONTH($E15)+1-IF(DAY(MIN(Календарь!M$33,$L15))<MIN(DAY($E15),DAY(EOMONTH(MIN(Календарь!M$33,$L15),0))),1,0))))-$M15)*$G15) -> 70000 | AA15: =IF(OR(K15<>"OK",NOT(ISNUMBER(Календарь!N$33))),"",MAX(0,IF(MIN(Календарь!N$33,$L15)<$E15,0,IF($F15="Разово",1,IF($F15="Еженедельно",INT((MIN(Календарь!N$33,$L15)-$E15)/7)+1,(YEAR(MIN(Календарь!N$33,$L15))-YEAR($E15))*12+MONTH(MIN(Календарь!N$33,$L15))-MONTH($E15)+1-IF(DAY(MIN(Календарь!N$33,$L15))<MIN(DAY($E15),DAY(EOMONTH(MIN(Календарь!N$33,$L15),0))),1,0))))-$M15)*$G15) -> 70000
A16: П-005 | B16: Оплата команды | C16: Зарплата | D16: Расход | E16: 46275 | F16: Ежемесячно | G16: 90000 | K16: =IF(COUNTA(A16:I16)=0,"",IF(OR(A16="",B16="",C16="",AND(D16<>"Приход",D16<>"Расход"),NOT(ISNUMBER(E16)),NOT(ISNUMBER(G16)),AND(F16<>"Разово",F16<>"Еженедельно",F16<>"Ежемесячно")),"Ошибка: поля или тип",IF(OR(E16<>INT(E16),E16<36526,E16>109574,G16<0),"Ошибка: дата или сумма",IF(AND(H16<>"",NOT(ISNUMBER(H16))),"Ошибка: последний срок",IF(AND(ISNUMBER(H16),OR(H16<E16,H16<>INT(H16))),"Ошибка: последний срок",IF(COUNTIFS($A$12:$A$111,A16)<>1,"Ошибка: повтор ID","OK")))))) -> OK | L16: =IF(K16="OK",IF(H16="",DATE(2199,12,31),H16),"") -> 109574 | M16: =IF(AND(K16="OK",ISNUMBER(Календарь!$C$6)),IF(MIN(Календарь!$C$6-1,$L16)<$E16,0,IF($F16="Разово",1,IF($F16="Еженедельно",INT((MIN(Календарь!$C$6-1,$L16)-$E16)/7)+1,(YEAR(MIN(Календарь!$C$6-1,$L16))-YEAR($E16))*12+MONTH(MIN(Календарь!$C$6-1,$L16))-MONTH($E16)+1-IF(DAY(MIN(Календарь!$C$6-1,$L16))<MIN(DAY($E16),DAY(EOMONTH(MIN(Календарь!$C$6-1,$L16),0))),1,0)))),"") -> 0 | N16: =IF(OR(K16<>"OK",NOT(ISNUMBER(Календарь!$L$5))),"",MAX(0,IF(MIN(Календарь!$L$5,$L16)<$E16,0,IF($F16="Разово",1,IF($F16="Еженедельно",INT((MIN(Календарь!$L$5,$L16)-$E16)/7)+1,(YEAR(MIN(Календарь!$L$5,$L16))-YEAR($E16))*12+MONTH(MIN(Календарь!$L$5,$L16))-MONTH($E16)+1-IF(DAY(MIN(Календарь!$L$5,$L16))<MIN(DAY($E16),DAY(EOMONTH(MIN(Календарь!$L$5,$L16),0))),1,0))))-$M16)*$G16) -> 90000 | O16: =IF(OR(K16<>"OK",NOT(ISNUMBER(Календарь!$C$32-1))),"",MAX(0,IF(MIN(Календарь!$C$32-1,$L16)<$E16,0,IF($F16="Разово",1,IF($F16="Еженедельно",INT((MIN(Календарь!$C$32-1,$L16)-$E16)/7)+1,(YEAR(MIN(Календарь!$C$32-1,$L16))-YEAR($E16))*12+MONTH(MIN(Календарь!$C$32-1,$L16))-MONTH($E16)+1-IF(DAY(MIN(Календарь!$C$32-1,$L16))<MIN(DAY($E16),DAY(EOMONTH(MIN(Календарь!$C$32-1,$L16),0))),1,0))))-$M16)*$G16) -> 0 | P16: =IF(OR(K16<>"OK",NOT(ISNUMBER(Календарь!C$33))),"",MAX(0,IF(MIN(Календарь!C$33,$L16)<$E16,0,IF($F16="Разово",1,IF($F16="Еженедельно",INT((MIN(Календарь!C$33,$L16)-$E16)/7)+1,(YEAR(MIN(Календарь!C$33,$L16))-YEAR($E16))*12+MONTH(MIN(Календарь!C$33,$L16))-MONTH($E16)+1-IF(DAY(MIN(Календарь!C$33,$L16))<MIN(DAY($E16),DAY(EOMONTH(MIN(Календарь!C$33,$L16),0))),1,0))))-$M16)*$G16) -> 0 | Q16: =IF(OR(K16<>"OK",NOT(ISNUMBER(Календарь!D$33))),"",MAX(0,IF(MIN(Календарь!D$33,$L16)<$E16,0,IF($F16="Разово",1,IF($F16="Еженедельно",INT((MIN(Календарь!D$33,$L16)-$E16)/7)+1,(YEAR(MIN(Календарь!D$33,$L16))-YEAR($E16))*12+MONTH(MIN(Календарь!D$33,$L16))-MONTH($E16)+1-IF(DAY(MIN(Календарь!D$33,$L16))<MIN(DAY($E16),DAY(EOMONTH(MIN(Календарь!D$33,$L16),0))),1,0))))-$M16)*$G16) -> 90000 | R16: =IF(OR(K16<>"OK",NOT(ISNUMBER(Календарь!E$33))),"",MAX(0,IF(MIN(Календарь!E$33,$L16)<$E16,0,IF($F16="Разово",1,IF($F16="Еженедельно",INT((MIN(Календарь!E$33,$L16)-$E16)/7)+1,(YEAR(MIN(Календарь!E$33,$L16))-YEAR($E16))*12+MONTH(MIN(Календарь!E$33,$L16))-MONTH($E16)+1-IF(DAY(MIN(Календарь!E$33,$L16))<MIN(DAY($E16),DAY(EOMONTH(MIN(Календарь!E$33,$L16),0))),1,0))))-$M16)*$G16) -> 90000 | S16: =IF(OR(K16<>"OK",NOT(ISNUMBER(Календарь!F$33))),"",MAX(0,IF(MIN(Календарь!F$33,$L16)<$E16,0,IF($F16="Разово",1,IF($F16="Еженедельно",INT((MIN(Календарь!F$33,$L16)-$E16)/7)+1,(YEAR(MIN(Календарь!F$33,$L16))-YEAR($E16))*12+MONTH(MIN(Календарь!F$33,$L16))-MONTH($E16)+1-IF(DAY(MIN(Календарь!F$33,$L16))<MIN(DAY($E16),DAY(EOMONTH(MIN(Календарь!F$33,$L16),0))),1,0))))-$M16)*$G16) -> 90000 | T16: =IF(OR(K16<>"OK",NOT(ISNUMBER(Календарь!G$33))),"",MAX(0,IF(MIN(Календарь!G$33,$L16)<$E16,0,IF($F16="Разово",1,IF($F16="Еженедельно",INT((MIN(Календарь!G$33,$L16)-$E16)/7)+1,(YEAR(MIN(Календарь!G$33,$L16))-YEAR($E16))*12+MONTH(MIN(Календарь!G$33,$L16))-MONTH($E16)+1-IF(DAY(MIN(Календарь!G$33,$L16))<MIN(DAY($E16),DAY(EOMONTH(MIN(Календарь!G$33,$L16),0))),1,0))))-$M16)*$G16) -> 90000 | U16: =IF(OR(K16<>"OK",NOT(ISNUMBER(Календарь!H$33))),"",MAX(0,IF(MIN(Календарь!H$33,$L16)<$E16,0,IF($F16="Разово",1,IF($F16="Еженедельно",INT((MIN(Календарь!H$33,$L16)-$E16)/7)+1,(YEAR(MIN(Календарь!H$33,$L16))-YEAR($E16))*12+MONTH(MIN(Календарь!H$33,$L16))-MONTH($E16)+1-IF(DAY(MIN(Календарь!H$33,$L16))<MIN(DAY($E16),DAY(EOMONTH(MIN(Календарь!H$33,$L16),0))),1,0))))-$M16)*$G16) -> 180000 | V16: =IF(OR(K16<>"OK",NOT(ISNUMBER(Календарь!I$33))),"",MAX(0,IF(MIN(Календарь!I$33,$L16)<$E16,0,IF($F16="Разово",1,IF($F16="Еженедельно",INT((MIN(Календарь!I$33,$L16)-$E16)/7)+1,(YEAR(MIN(Календарь!I$33,$L16))-YEAR($E16))*12+MONTH(MIN(Календарь!I$33,$L16))-MONTH($E16)+1-IF(DAY(MIN(Календарь!I$33,$L16))<MIN(DAY($E16),DAY(EOMONTH(MIN(Календарь!I$33,$L16),0))),1,0))))-$M16)*$G16) -> 180000 | W16: =IF(OR(K16<>"OK",NOT(ISNUMBER(Календарь!J$33))),"",MAX(0,IF(MIN(Календарь!J$33,$L16)<$E16,0,IF($F16="Разово",1,IF($F16="Еженедельно",INT((MIN(Календарь!J$33,$L16)-$E16)/7)+1,(YEAR(MIN(Календарь!J$33,$L16))-YEAR($E16))*12+MONTH(MIN(Календарь!J$33,$L16))-MONTH($E16)+1-IF(DAY(MIN(Календарь!J$33,$L16))<MIN(DAY($E16),DAY(EOMONTH(MIN(Календарь!J$33,$L16),0))),1,0))))-$M16)*$G16) -> 180000 | X16: =IF(OR(K16<>"OK",NOT(ISNUMBER(Календарь!K$33))),"",MAX(0,IF(MIN(Календарь!K$33,$L16)<$E16,0,IF($F16="Разово",1,IF($F16="Еженедельно",INT((MIN(Календарь!K$33,$L16)-$E16)/7)+1,(YEAR(MIN(Календарь!K$33,$L16))-YEAR($E16))*12+MONTH(MIN(Календарь!K$33,$L16))-MONTH($E16)+1-IF(DAY(MIN(Календарь!K$33,$L16))<MIN(DAY($E16),DAY(EOMONTH(MIN(Календарь!K$33,$L16),0))),1,0))))-$M16)*$G16) -> 180000 | Y16: =IF(OR(K16<>"OK",NOT(ISNUMBER(Календарь!L$33))),"",MAX(0,IF(MIN(Календарь!L$33,$L16)<$E16,0,IF($F16="Разово",1,IF($F16="Еженедельно",INT((MIN(Календарь!L$33,$L16)-$E16)/7)+1,(YEAR(MIN(Календарь!L$33,$L16))-YEAR($E16))*12+MONTH(MIN(Календарь!L$33,$L16))-MONTH($E16)+1-IF(DAY(MIN(Календарь!L$33,$L16))<MIN(DAY($E16),DAY(EOMONTH(MIN(Календарь!L$33,$L16),0))),1,0))))-$M16)*$G16) -> 180000 | Z16: =IF(OR(K16<>"OK",NOT(ISNUMBER(Календарь!M$33))),"",MAX(0,IF(MIN(Календарь!M$33,$L16)<$E16,0,IF($F16="Разово",1,IF($F16="Еженедельно",INT((MIN(Календарь!M$33,$L16)-$E16)/7)+1,(YEAR(MIN(Календарь!M$33,$L16))-YEAR($E16))*12+MONTH(MIN(Календарь!M$33,$L16))-MONTH($E16)+1-IF(DAY(MIN(Календарь!M$33,$L16))<MIN(DAY($E16),DAY(EOMONTH(MIN(Календарь!M$33,$L16),0))),1,0))))-$M16)*$G16) -> 270000 | AA16: =IF(OR(K16<>"OK",NOT(ISNUMBER(Календарь!N$33))),"",MAX(0,IF(MIN(Календарь!N$33,$L16)<$E16,0,IF($F16="Разово",1,IF($F16="Еженедельно",INT((MIN(Календарь!N$33,$L16)-$E16)/7)+1,(YEAR(MIN(Календарь!N$33,$L16))-YEAR($E16))*12+MONTH(MIN(Календарь!N$33,$L16))-MONTH($E16)+1-IF(DAY(MIN(Календарь!N$33,$L16))<MIN(DAY($E16),DAY(EOMONTH(MIN(Календарь!N$33,$L16),0))),1,0))))-$M16)*$G16) -> 270000
A17: П-006 | B17: Сервисы | C17: Подписки | D17: Расход | E17: 46277 | F17: Ежемесячно | G17: 10000 | I17: Просрочка переносится на день после среза | K17: =IF(COUNTA(A17:I17)=0,"",IF(OR(A17="",B17="",C17="",AND(D17<>"Приход",D17<>"Расход"),NOT(ISNUMBER(E17)),NOT(ISNUMBER(G17)),AND(F17<>"Разово",F17<>"Еженедельно",F17<>"Ежемесячно")),"Ошибка: поля или тип",IF(OR(E17<>INT(E17),E17<36526,E17>109574,G17<0),"Ошибка: дата или сумма",IF(AND(H17<>"",NOT(ISNUMBER(H17))),"Ошибка: последний срок",IF(AND(ISNUMBER(H17),OR(H17<E17,H17<>INT(H17))),"Ошибка: последний срок",IF(COUNTIFS($A$12:$A$111,A17)<>1,"Ошибка: повтор ID","OK")))))) -> OK | L17: =IF(K17="OK",IF(H17="",DATE(2199,12,31),H17),"") -> 109574 | M17: =IF(AND(K17="OK",ISNUMBER(Календарь!$C$6)),IF(MIN(Календарь!$C$6-1,$L17)<$E17,0,IF($F17="Разово",1,IF($F17="Еженедельно",INT((MIN(Календарь!$C$6-1,$L17)-$E17)/7)+1,(YEAR(MIN(Календарь!$C$6-1,$L17))-YEAR($E17))*12+MONTH(MIN(Календарь!$C$6-1,$L17))-MONTH($E17)+1-IF(DAY(MIN(Календарь!$C$6-1,$L17))<MIN(DAY($E17),DAY(EOMONTH(MIN(Календарь!$C$6-1,$L17),0))),1,0)))),"") -> 0 | N17: =IF(OR(K17<>"OK",NOT(ISNUMBER(Календарь!$L$5))),"",MAX(0,IF(MIN(Календарь!$L$5,$L17)<$E17,0,IF($F17="Разово",1,IF($F17="Еженедельно",INT((MIN(Календарь!$L$5,$L17)-$E17)/7)+1,(YEAR(MIN(Календарь!$L$5,$L17))-YEAR($E17))*12+MONTH(MIN(Календарь!$L$5,$L17))-MONTH($E17)+1-IF(DAY(MIN(Календарь!$L$5,$L17))<MIN(DAY($E17),DAY(EOMONTH(MIN(Календарь!$L$5,$L17),0))),1,0))))-$M17)*$G17) -> 10000 | O17: =IF(OR(K17<>"OK",NOT(ISNUMBER(Календарь!$C$32-1))),"",MAX(0,IF(MIN(Календарь!$C$32-1,$L17)<$E17,0,IF($F17="Разово",1,IF($F17="Еженедельно",INT((MIN(Календарь!$C$32-1,$L17)-$E17)/7)+1,(YEAR(MIN(Календарь!$C$32-1,$L17))-YEAR($E17))*12+MONTH(MIN(Календарь!$C$32-1,$L17))-MONTH($E17)+1-IF(DAY(MIN(Календарь!$C$32-1,$L17))<MIN(DAY($E17),DAY(EOMONTH(MIN(Календарь!$C$32-1,$L17),0))),1,0))))-$M17)*$G17) -> 0 | P17: =IF(OR(K17<>"OK",NOT(ISNUMBER(Календарь!C$33))),"",MAX(0,IF(MIN(Календарь!C$33,$L17)<$E17,0,IF($F17="Разово",1,IF($F17="Еженедельно",INT((MIN(Календарь!C$33,$L17)-$E17)/7)+1,(YEAR(MIN(Календарь!C$33,$L17))-YEAR($E17))*12+MONTH(MIN(Календарь!C$33,$L17))-MONTH($E17)+1-IF(DAY(MIN(Календарь!C$33,$L17))<MIN(DAY($E17),DAY(EOMONTH(MIN(Календарь!C$33,$L17),0))),1,0))))-$M17)*$G17) -> 0 | Q17: =IF(OR(K17<>"OK",NOT(ISNUMBER(Календарь!D$33))),"",MAX(0,IF(MIN(Календарь!D$33,$L17)<$E17,0,IF($F17="Разово",1,IF($F17="Еженедельно",INT((MIN(Календарь!D$33,$L17)-$E17)/7)+1,(YEAR(MIN(Календарь!D$33,$L17))-YEAR($E17))*12+MONTH(MIN(Календарь!D$33,$L17))-MONTH($E17)+1-IF(DAY(MIN(Календарь!D$33,$L17))<MIN(DAY($E17),DAY(EOMONTH(MIN(Календарь!D$33,$L17),0))),1,0))))-$M17)*$G17) -> 10000 | R17: =IF(OR(K17<>"OK",NOT(ISNUMBER(Календарь!E$33))),"",MAX(0,IF(MIN(Календарь!E$33,$L17)<$E17,0,IF($F17="Разово",1,IF($F17="Еженедельно",INT((MIN(Календарь!E$33,$L17)-$E17)/7)+1,(YEAR(MIN(Календарь!E$33,$L17))-YEAR($E17))*12+MONTH(MIN(Календарь!E$33,$L17))-MONTH($E17)+1-IF(DAY(MIN(Календарь!E$33,$L17))<MIN(DAY($E17),DAY(EOMONTH(MIN(Календарь!E$33,$L17),0))),1,0))))-$M17)*$G17) -> 10000 | S17: =IF(OR(K17<>"OK",NOT(ISNUMBER(Календарь!F$33))),"",MAX(0,IF(MIN(Календарь!F$33,$L17)<$E17,0,IF($F17="Разово",1,IF($F17="Еженедельно",INT((MIN(Календарь!F$33,$L17)-$E17)/7)+1,(YEAR(MIN(Календарь!F$33,$L17))-YEAR($E17))*12+MONTH(MIN(Календарь!F$33,$L17))-MONTH($E17)+1-IF(DAY(MIN(Календарь!F$33,$L17))<MIN(DAY($E17),DAY(EOMONTH(MIN(Календарь!F$33,$L17),0))),1,0))))-$M17)*$G17) -> 10000 | T17: =IF(OR(K17<>"OK",NOT(ISNUMBER(Календарь!G$33))),"",MAX(0,IF(MIN(Календарь!G$33,$L17)<$E17,0,IF($F17="Разово",1,IF($F17="Еженедельно",INT((MIN(Календарь!G$33,$L17)-$E17)/7)+1,(YEAR(MIN(Календарь!G$33,$L17))-YEAR($E17))*12+MONTH(MIN(Календарь!G$33,$L17))-MONTH($E17)+1-IF(DAY(MIN(Календарь!G$33,$L17))<MIN(DAY($E17),DAY(EOMONTH(MIN(Календарь!G$33,$L17),0))),1,0))))-$M17)*$G17) -> 10000 | U17: =IF(OR(K17<>"OK",NOT(ISNUMBER(Календарь!H$33))),"",MAX(0,IF(MIN(Календарь!H$33,$L17)<$E17,0,IF($F17="Разово",1,IF($F17="Еженедельно",INT((MIN(Календарь!H$33,$L17)-$E17)/7)+1,(YEAR(MIN(Календарь!H$33,$L17))-YEAR($E17))*12+MONTH(MIN(Календарь!H$33,$L17))-MONTH($E17)+1-IF(DAY(MIN(Календарь!H$33,$L17))<MIN(DAY($E17),DAY(EOMONTH(MIN(Календарь!H$33,$L17),0))),1,0))))-$M17)*$G17) -> 10000 | V17: =IF(OR(K17<>"OK",NOT(ISNUMBER(Календарь!I$33))),"",MAX(0,IF(MIN(Календарь!I$33,$L17)<$E17,0,IF($F17="Разово",1,IF($F17="Еженедельно",INT((MIN(Календарь!I$33,$L17)-$E17)/7)+1,(YEAR(MIN(Календарь!I$33,$L17))-YEAR($E17))*12+MONTH(MIN(Календарь!I$33,$L17))-MONTH($E17)+1-IF(DAY(MIN(Календарь!I$33,$L17))<MIN(DAY($E17),DAY(EOMONTH(MIN(Календарь!I$33,$L17),0))),1,0))))-$M17)*$G17) -> 20000 | W17: =IF(OR(K17<>"OK",NOT(ISNUMBER(Календарь!J$33))),"",MAX(0,IF(MIN(Календарь!J$33,$L17)<$E17,0,IF($F17="Разово",1,IF($F17="Еженедельно",INT((MIN(Календарь!J$33,$L17)-$E17)/7)+1,(YEAR(MIN(Календарь!J$33,$L17))-YEAR($E17))*12+MONTH(MIN(Календарь!J$33,$L17))-MONTH($E17)+1-IF(DAY(MIN(Календарь!J$33,$L17))<MIN(DAY($E17),DAY(EOMONTH(MIN(Календарь!J$33,$L17),0))),1,0))))-$M17)*$G17) -> 20000 | X17: =IF(OR(K17<>"OK",NOT(ISNUMBER(Календарь!K$33))),"",MAX(0,IF(MIN(Календарь!K$33,$L17)<$E17,0,IF($F17="Разово",1,IF($F17="Еженедельно",INT((MIN(Календарь!K$33,$L17)-$E17)/7)+1,(YEAR(MIN(Календарь!K$33,$L17))-YEAR($E17))*12+MONTH(MIN(Календарь!K$33,$L17))-MONTH($E17)+1-IF(DAY(MIN(Календарь!K$33,$L17))<MIN(DAY($E17),DAY(EOMONTH(MIN(Календарь!K$33,$L17),0))),1,0))))-$M17)*$G17) -> 20000 | Y17: =IF(OR(K17<>"OK",NOT(ISNUMBER(Календарь!L$33))),"",MAX(0,IF(MIN(Календарь!L$33,$L17)<$E17,0,IF($F17="Разово",1,IF($F17="Еженедельно",INT((MIN(Календарь!L$33,$L17)-$E17)/7)+1,(YEAR(MIN(Календарь!L$33,$L17))-YEAR($E17))*12+MONTH(MIN(Календарь!L$33,$L17))-MONTH($E17)+1-IF(DAY(MIN(Календарь!L$33,$L17))<MIN(DAY($E17),DAY(EOMONTH(MIN(Календарь!L$33,$L17),0))),1,0))))-$M17)*$G17) -> 20000 | Z17: =IF(OR(K17<>"OK",NOT(ISNUMBER(Календарь!M$33))),"",MAX(0,IF(MIN(Календарь!M$33,$L17)<$E17,0,IF($F17="Разово",1,IF($F17="Еженедельно",INT((MIN(Календарь!M$33,$L17)-$E17)/7)+1,(YEAR(MIN(Календарь!M$33,$L17))-YEAR($E17))*12+MONTH(MIN(Календарь!M$33,$L17))-MONTH($E17)+1-IF(DAY(MIN(Календарь!M$33,$L17))<MIN(DAY($E17),DAY(EOMONTH(MIN(Календарь!M$33,$L17),0))),1,0))))-$M17)*$G17) -> 30000 | AA17: =IF(OR(K17<>"OK",NOT(ISNUMBER(Календарь!N$33))),"",MAX(0,IF(MIN(Календарь!N$33,$L17)<$E17,0,IF($F17="Разово",1,IF($F17="Еженедельно",INT((MIN(Календарь!N$33,$L17)-$E17)/7)+1,(YEAR(MIN(Календарь!N$33,$L17))-YEAR($E17))*12+MONTH(MIN(Календарь!N$33,$L17))-MONTH($E17)+1-IF(DAY(MIN(Календарь!N$33,$L17))<MIN(DAY($E17),DAY(EOMONTH(MIN(Календарь!N$33,$L17),0))),1,0))))-$M17)*$G17) -> 30000
A18: П-007 | B18: Заказ В | C18: Клиенты | D18: Приход | E18: 46285 | F18: Разово | G18: 150000 | K18: =IF(COUNTA(A18:I18)=0,"",IF(OR(A18="",B18="",C18="",AND(D18<>"Приход",D18<>"Расход"),NOT(ISNUMBER(E18)),NOT(ISNUMBER(G18)),AND(F18<>"Разово",F18<>"Еженедельно",F18<>"Ежемесячно")),"Ошибка: поля или тип",IF(OR(E18<>INT(E18),E18<36526,E18>109574,G18<0),"Ошибка: дата или сумма",IF(AND(H18<>"",NOT(ISNUMBER(H18))),"Ошибка: последний срок",IF(AND(ISNUMBER(H18),OR(H18<E18,H18<>INT(H18))),"Ошибка: последний срок",IF(COUNTIFS($A$12:$A$111,A18)<>1,"Ошибка: повтор ID","OK")))))) -> OK | L18: =IF(K18="OK",IF(H18="",DATE(2199,12,31),H18),"") -> 109574 | M18: =IF(AND(K18="OK",ISNUMBER(Календарь!$C$6)),IF(MIN(Календарь!$C$6-1,$L18)<$E18,0,IF($F18="Разово",1,IF($F18="Еженедельно",INT((MIN(Календарь!$C$6-1,$L18)-$E18)/7)+1,(YEAR(MIN(Календарь!$C$6-1,$L18))-YEAR($E18))*12+MONTH(MIN(Календарь!$C$6-1,$L18))-MONTH($E18)+1-IF(DAY(MIN(Календарь!$C$6-1,$L18))<MIN(DAY($E18),DAY(EOMONTH(MIN(Календарь!$C$6-1,$L18),0))),1,0)))),"") -> 0 | N18: =IF(OR(K18<>"OK",NOT(ISNUMBER(Календарь!$L$5))),"",MAX(0,IF(MIN(Календарь!$L$5,$L18)<$E18,0,IF($F18="Разово",1,IF($F18="Еженедельно",INT((MIN(Календарь!$L$5,$L18)-$E18)/7)+1,(YEAR(MIN(Календарь!$L$5,$L18))-YEAR($E18))*12+MONTH(MIN(Календарь!$L$5,$L18))-MONTH($E18)+1-IF(DAY(MIN(Календарь!$L$5,$L18))<MIN(DAY($E18),DAY(EOMONTH(MIN(Календарь!$L$5,$L18),0))),1,0))))-$M18)*$G18) -> 0 | O18: =IF(OR(K18<>"OK",NOT(ISNUMBER(Календарь!$C$32-1))),"",MAX(0,IF(MIN(Календарь!$C$32-1,$L18)<$E18,0,IF($F18="Разово",1,IF($F18="Еженедельно",INT((MIN(Календарь!$C$32-1,$L18)-$E18)/7)+1,(YEAR(MIN(Календарь!$C$32-1,$L18))-YEAR($E18))*12+MONTH(MIN(Календарь!$C$32-1,$L18))-MONTH($E18)+1-IF(DAY(MIN(Календарь!$C$32-1,$L18))<MIN(DAY($E18),DAY(EOMONTH(MIN(Календарь!$C$32-1,$L18),0))),1,0))))-$M18)*$G18) -> 0 | P18: =IF(OR(K18<>"OK",NOT(ISNUMBER(Календарь!C$33))),"",MAX(0,IF(MIN(Календарь!C$33,$L18)<$E18,0,IF($F18="Разово",1,IF($F18="Еженедельно",INT((MIN(Календарь!C$33,$L18)-$E18)/7)+1,(YEAR(MIN(Календарь!C$33,$L18))-YEAR($E18))*12+MONTH(MIN(Календарь!C$33,$L18))-MONTH($E18)+1-IF(DAY(MIN(Календарь!C$33,$L18))<MIN(DAY($E18),DAY(EOMONTH(MIN(Календарь!C$33,$L18),0))),1,0))))-$M18)*$G18) -> 0 | Q18: =IF(OR(K18<>"OK",NOT(ISNUMBER(Календарь!D$33))),"",MAX(0,IF(MIN(Календарь!D$33,$L18)<$E18,0,IF($F18="Разово",1,IF($F18="Еженедельно",INT((MIN(Календарь!D$33,$L18)-$E18)/7)+1,(YEAR(MIN(Календарь!D$33,$L18))-YEAR($E18))*12+MONTH(MIN(Календарь!D$33,$L18))-MONTH($E18)+1-IF(DAY(MIN(Календарь!D$33,$L18))<MIN(DAY($E18),DAY(EOMONTH(MIN(Календарь!D$33,$L18),0))),1,0))))-$M18)*$G18) -> 0 | R18: =IF(OR(K18<>"OK",NOT(ISNUMBER(Календарь!E$33))),"",MAX(0,IF(MIN(Календарь!E$33,$L18)<$E18,0,IF($F18="Разово",1,IF($F18="Еженедельно",INT((MIN(Календарь!E$33,$L18)-$E18)/7)+1,(YEAR(MIN(Календарь!E$33,$L18))-YEAR($E18))*12+MONTH(MIN(Календарь!E$33,$L18))-MONTH($E18)+1-IF(DAY(MIN(Календарь!E$33,$L18))<MIN(DAY($E18),DAY(EOMONTH(MIN(Календарь!E$33,$L18),0))),1,0))))-$M18)*$G18) -> 150000 | S18: =IF(OR(K18<>"OK",NOT(ISNUMBER(Календарь!F$33))),"",MAX(0,IF(MIN(Календарь!F$33,$L18)<$E18,0,IF($F18="Разово",1,IF($F18="Еженедельно",INT((MIN(Календарь!F$33,$L18)-$E18)/7)+1,(YEAR(MIN(Календарь!F$33,$L18))-YEAR($E18))*12+MONTH(MIN(Календарь!F$33,$L18))-MONTH($E18)+1-IF(DAY(MIN(Календарь!F$33,$L18))<MIN(DAY($E18),DAY(EOMONTH(MIN(Календарь!F$33,$L18),0))),1,0))))-$M18)*$G18) -> 150000 | T18: =IF(OR(K18<>"OK",NOT(ISNUMBER(Календарь!G$33))),"",MAX(0,IF(MIN(Календарь!G$33,$L18)<$E18,0,IF($F18="Разово",1,IF($F18="Еженедельно",INT((MIN(Календарь!G$33,$L18)-$E18)/7)+1,(YEAR(MIN(Календарь!G$33,$L18))-YEAR($E18))*12+MONTH(MIN(Календарь!G$33,$L18))-MONTH($E18)+1-IF(DAY(MIN(Календарь!G$33,$L18))<MIN(DAY($E18),DAY(EOMONTH(MIN(Календарь!G$33,$L18),0))),1,0))))-$M18)*$G18) -> 150000 | U18: =IF(OR(K18<>"OK",NOT(ISNUMBER(Календарь!H$33))),"",MAX(0,IF(MIN(Календарь!H$33,$L18)<$E18,0,IF($F18="Разово",1,IF($F18="Еженедельно",INT((MIN(Календарь!H$33,$L18)-$E18)/7)+1,(YEAR(MIN(Календарь!H$33,$L18))-YEAR($E18))*12+MONTH(MIN(Календарь!H$33,$L18))-MONTH($E18)+1-IF(DAY(MIN(Календарь!H$33,$L18))<MIN(DAY($E18),DAY(EOMONTH(MIN(Календарь!H$33,$L18),0))),1,0))))-$M18)*$G18) -> 150000 | V18: =IF(OR(K18<>"OK",NOT(ISNUMBER(Календарь!I$33))),"",MAX(0,IF(MIN(Календарь!I$33,$L18)<$E18,0,IF($F18="Разово",1,IF($F18="Еженедельно",INT((MIN(Календарь!I$33,$L18)-$E18)/7)+1,(YEAR(MIN(Календарь!I$33,$L18))-YEAR($E18))*12+MONTH(MIN(Календарь!I$33,$L18))-MONTH($E18)+1-IF(DAY(MIN(Календарь!I$33,$L18))<MIN(DAY($E18),DAY(EOMONTH(MIN(Календарь!I$33,$L18),0))),1,0))))-$M18)*$G18) -> 150000 | W18: =IF(OR(K18<>"OK",NOT(ISNUMBER(Календарь!J$33))),"",MAX(0,IF(MIN(Календарь!J$33,$L18)<$E18,0,IF($F18="Разово",1,IF($F18="Еженедельно",INT((MIN(Календарь!J$33,$L18)-$E18)/7)+1,(YEAR(MIN(Календарь!J$33,$L18))-YEAR($E18))*12+MONTH(MIN(Календарь!J$33,$L18))-MONTH($E18)+1-IF(DAY(MIN(Календарь!J$33,$L18))<MIN(DAY($E18),DAY(EOMONTH(MIN(Календарь!J$33,$L18),0))),1,0))))-$M18)*$G18) -> 150000 | X18: =IF(OR(K18<>"OK",NOT(ISNUMBER(Календарь!K$33))),"",MAX(0,IF(MIN(Календарь!K$33,$L18)<$E18,0,IF($F18="Разово",1,IF($F18="Еженедельно",INT((MIN(Календарь!K$33,$L18)-$E18)/7)+1,(YEAR(MIN(Календарь!K$33,$L18))-YEAR($E18))*12+MONTH(MIN(Календарь!K$33,$L18))-MONTH($E18)+1-IF(DAY(MIN(Календарь!K$33,$L18))<MIN(DAY($E18),DAY(EOMONTH(MIN(Календарь!K$33,$L18),0))),1,0))))-$M18)*$G18) -> 150000 | Y18: =IF(OR(K18<>"OK",NOT(ISNUMBER(Календарь!L$33))),"",MAX(0,IF(MIN(Календарь!L$33,$L18)<$E18,0,IF($F18="Разово",1,IF($F18="Еженедельно",INT((MIN(Календарь!L$33,$L18)-$E18)/7)+1,(YEAR(MIN(Календарь!L$33,$L18))-YEAR($E18))*12+MONTH(MIN(Календарь!L$33,$L18))-MONTH($E18)+1-IF(DAY(MIN(Календарь!L$33,$L18))<MIN(DAY($E18),DAY(EOMONTH(MIN(Календарь!L$33,$L18),0))),1,0))))-$M18)*$G18) -> 150000 | Z18: =IF(OR(K18<>"OK",NOT(ISNUMBER(Календарь!M$33))),"",MAX(0,IF(MIN(Календарь!M$33,$L18)<$E18,0,IF($F18="Разово",1,IF($F18="Еженедельно",INT((MIN(Календарь!M$33,$L18)-$E18)/7)+1,(YEAR(MIN(Календарь!M$33,$L18))-YEAR($E18))*12+MONTH(MIN(Календарь!M$33,$L18))-MONTH($E18)+1-IF(DAY(MIN(Календарь!M$33,$L18))<MIN(DAY($E18),DAY(EOMONTH(MIN(Календарь!M$33,$L18),0))),1,0))))-$M18)*$G18) -> 150000 | AA18: =IF(OR(K18<>"OK",NOT(ISNUMBER(Календарь!N$33))),"",MAX(0,IF(MIN(Календарь!N$33,$L18)<$E18,0,IF($F18="Разово",1,IF($F18="Еженедельно",INT((MIN(Календарь!N$33,$L18)-$E18)/7)+1,(YEAR(MIN(Календарь!N$33,$L18))-YEAR($E18))*12+MONTH(MIN(Календарь!N$33,$L18))-MONTH($E18)+1-IF(DAY(MIN(Календарь!N$33,$L18))<MIN(DAY($E18),DAY(EOMONTH(MIN(Календарь!N$33,$L18),0))),1,0))))-$M18)*$G18) -> 150000
A19: П-008 | B19: Оборудование | C19: Оборудование | D19: Расход | E19: 46290 | F19: Разово | G19: 80000 | K19: =IF(COUNTA(A19:I19)=0,"",IF(OR(A19="",B19="",C19="",AND(D19<>"Приход",D19<>"Расход"),NOT(ISNUMBER(E19)),NOT(ISNUMBER(G19)),AND(F19<>"Разово",F19<>"Еженедельно",F19<>"Ежемесячно")),"Ошибка: поля или тип",IF(OR(E19<>INT(E19),E19<36526,E19>109574,G19<0),"Ошибка: дата или сумма",IF(AND(H19<>"",NOT(ISNUMBER(H19))),"Ошибка: последний срок",IF(AND(ISNUMBER(H19),OR(H19<E19,H19<>INT(H19))),"Ошибка: последний срок",IF(COUNTIFS($A$12:$A$111,A19)<>1,"Ошибка: повтор ID","OK")))))) -> OK | L19: =IF(K19="OK",IF(H19="",DATE(2199,12,31),H19),"") -> 109574 | M19: =IF(AND(K19="OK",ISNUMBER(Календарь!$C$6)),IF(MIN(Календарь!$C$6-1,$L19)<$E19,0,IF($F19="Разово",1,IF($F19="Еженедельно",INT((MIN(Календарь!$C$6-1,$L19)-$E19)/7)+1,(YEAR(MIN(Календарь!$C$6-1,$L19))-YEAR($E19))*12+MONTH(MIN(Календарь!$C$6-1,$L19))-MONTH($E19)+1-IF(DAY(MIN(Календарь!$C$6-1,$L19))<MIN(DAY($E19),DAY(EOMONTH(MIN(Календарь!$C$6-1,$L19),0))),1,0)))),"") -> 0 | N19: =IF(OR(K19<>"OK",NOT(ISNUMBER(Календарь!$L$5))),"",MAX(0,IF(MIN(Календарь!$L$5,$L19)<$E19,0,IF($F19="Разово",1,IF($F19="Еженедельно",INT((MIN(Календарь!$L$5,$L19)-$E19)/7)+1,(YEAR(MIN(Календарь!$L$5,$L19))-YEAR($E19))*12+MONTH(MIN(Календарь!$L$5,$L19))-MONTH($E19)+1-IF(DAY(MIN(Календарь!$L$5,$L19))<MIN(DAY($E19),DAY(EOMONTH(MIN(Календарь!$L$5,$L19),0))),1,0))))-$M19)*$G19) -> 0 | O19: =IF(OR(K19<>"OK",NOT(ISNUMBER(Календарь!$C$32-1))),"",MAX(0,IF(MIN(Календарь!$C$32-1,$L19)<$E19,0,IF($F19="Разово",1,IF($F19="Еженедельно",INT((MIN(Календарь!$C$32-1,$L19)-$E19)/7)+1,(YEAR(MIN(Календарь!$C$32-1,$L19))-YEAR($E19))*12+MONTH(MIN(Календарь!$C$32-1,$L19))-MONTH($E19)+1-IF(DAY(MIN(Календарь!$C$32-1,$L19))<MIN(DAY($E19),DAY(EOMONTH(MIN(Календарь!$C$32-1,$L19),0))),1,0))))-$M19)*$G19) -> 0 | P19: =IF(OR(K19<>"OK",NOT(ISNUMBER(Календарь!C$33))),"",MAX(0,IF(MIN(Календарь!C$33,$L19)<$E19,0,IF($F19="Разово",1,IF($F19="Еженедельно",INT((MIN(Календарь!C$33,$L19)-$E19)/7)+1,(YEAR(MIN(Календарь!C$33,$L19))-YEAR($E19))*12+MONTH(MIN(Календарь!C$33,$L19))-MONTH($E19)+1-IF(DAY(MIN(Календарь!C$33,$L19))<MIN(DAY($E19),DAY(EOMONTH(MIN(Календарь!C$33,$L19),0))),1,0))))-$M19)*$G19) -> 0 | Q19: =IF(OR(K19<>"OK",NOT(ISNUMBER(Календарь!D$33))),"",MAX(0,IF(MIN(Календарь!D$33,$L19)<$E19,0,IF($F19="Разово",1,IF($F19="Еженедельно",INT((MIN(Календарь!D$33,$L19)-$E19)/7)+1,(YEAR(MIN(Календарь!D$33,$L19))-YEAR($E19))*12+MONTH(MIN(Календарь!D$33,$L19))-MONTH($E19)+1-IF(DAY(MIN(Календарь!D$33,$L19))<MIN(DAY($E19),DAY(EOMONTH(MIN(Календарь!D$33,$L19),0))),1,0))))-$M19)*$G19) -> 0 | R19: =IF(OR(K19<>"OK",NOT(ISNUMBER(Календарь!E$33))),"",MAX(0,IF(MIN(Календарь!E$33,$L19)<$E19,0,IF($F19="Разово",1,IF($F19="Еженедельно",INT((MIN(Календарь!E$33,$L19)-$E19)/7)+1,(YEAR(MIN(Календарь!E$33,$L19))-YEAR($E19))*12+MONTH(MIN(Календарь!E$33,$L19))-MONTH($E19)+1-IF(DAY(MIN(Календарь!E$33,$L19))<MIN(DAY($E19),DAY(EOMONTH(MIN(Календарь!E$33,$L19),0))),1,0))))-$M19)*$G19) -> 0 | S19: =IF(OR(K19<>"OK",NOT(ISNUMBER(Календарь!F$33))),"",MAX(0,IF(MIN(Календарь!F$33,$L19)<$E19,0,IF($F19="Разово",1,IF($F19="Еженедельно",INT((MIN(Календарь!F$33,$L19)-$E19)/7)+1,(YEAR(MIN(Календарь!F$33,$L19))-YEAR($E19))*12+MONTH(MIN(Календарь!F$33,$L19))-MONTH($E19)+1-IF(DAY(MIN(Календарь!F$33,$L19))<MIN(DAY($E19),DAY(EOMONTH(MIN(Календарь!F$33,$L19),0))),1,0))))-$M19)*$G19) -> 80000 | T19: =IF(OR(K19<>"OK",NOT(ISNUMBER(Календарь!G$33))),"",MAX(0,IF(MIN(Календарь!G$33,$L19)<$E19,0,IF($F19="Разово",1,IF($F19="Еженедельно",INT((MIN(Календарь!G$33,$L19)-$E19)/7)+1,(YEAR(MIN(Календарь!G$33,$L19))-YEAR($E19))*12+MONTH(MIN(Календарь!G$33,$L19))-MONTH($E19)+1-IF(DAY(MIN(Календарь!G$33,$L19))<MIN(DAY($E19),DAY(EOMONTH(MIN(Календарь!G$33,$L19),0))),1,0))))-$M19)*$G19) -> 80000 | U19: =IF(OR(K19<>"OK",NOT(ISNUMBER(Календарь!H$33))),"",MAX(0,IF(MIN(Календарь!H$33,$L19)<$E19,0,IF($F19="Разово",1,IF($F19="Еженедельно",INT((MIN(Календарь!H$33,$L19)-$E19)/7)+1,(YEAR(MIN(Календарь!H$33,$L19))-YEAR($E19))*12+MONTH(MIN(Календарь!H$33,$L19))-MONTH($E19)+1-IF(DAY(MIN(Календарь!H$33,$L19))<MIN(DAY($E19),DAY(EOMONTH(MIN(Календарь!H$33,$L19),0))),1,0))))-$M19)*$G19) -> 80000 | V19: =IF(OR(K19<>"OK",NOT(ISNUMBER(Календарь!I$33))),"",MAX(0,IF(MIN(Календарь!I$33,$L19)<$E19,0,IF($F19="Разово",1,IF($F19="Еженедельно",INT((MIN(Календарь!I$33,$L19)-$E19)/7)+1,(YEAR(MIN(Календарь!I$33,$L19))-YEAR($E19))*12+MONTH(MIN(Календарь!I$33,$L19))-MONTH($E19)+1-IF(DAY(MIN(Календарь!I$33,$L19))<MIN(DAY($E19),DAY(EOMONTH(MIN(Календарь!I$33,$L19),0))),1,0))))-$M19)*$G19) -> 80000 | W19: =IF(OR(K19<>"OK",NOT(ISNUMBER(Календарь!J$33))),"",MAX(0,IF(MIN(Календарь!J$33,$L19)<$E19,0,IF($F19="Разово",1,IF($F19="Еженедельно",INT((MIN(Календарь!J$33,$L19)-$E19)/7)+1,(YEAR(MIN(Календарь!J$33,$L19))-YEAR($E19))*12+MONTH(MIN(Календарь!J$33,$L19))-MONTH($E19)+1-IF(DAY(MIN(Календарь!J$33,$L19))<MIN(DAY($E19),DAY(EOMONTH(MIN(Календарь!J$33,$L19),0))),1,0))))-$M19)*$G19) -> 80000 | X19: =IF(OR(K19<>"OK",NOT(ISNUMBER(Календарь!K$33))),"",MAX(0,IF(MIN(Календарь!K$33,$L19)<$E19,0,IF($F19="Разово",1,IF($F19="Еженедельно",INT((MIN(Календарь!K$33,$L19)-$E19)/7)+1,(YEAR(MIN(Календарь!K$33,$L19))-YEAR($E19))*12+MONTH(MIN(Календарь!K$33,$L19))-MONTH($E19)+1-IF(DAY(MIN(Календарь!K$33,$L19))<MIN(DAY($E19),DAY(EOMONTH(MIN(Календарь!K$33,$L19),0))),1,0))))-$M19)*$G19) -> 80000 | Y19: =IF(OR(K19<>"OK",NOT(ISNUMBER(Календарь!L$33))),"",MAX(0,IF(MIN(Календарь!L$33,$L19)<$E19,0,IF($F19="Разово",1,IF($F19="Еженедельно",INT((MIN(Календарь!L$33,$L19)-$E19)/7)+1,(YEAR(MIN(Календарь!L$33,$L19))-YEAR($E19))*12+MONTH(MIN(Календарь!L$33,$L19))-MONTH($E19)+1-IF(DAY(MIN(Календарь!L$33,$L19))<MIN(DAY($E19),DAY(EOMONTH(MIN(Календарь!L$33,$L19),0))),1,0))))-$M19)*$G19) -> 80000 | Z19: =IF(OR(K19<>"OK",NOT(ISNUMBER(Календарь!M$33))),"",MAX(0,IF(MIN(Календарь!M$33,$L19)<$E19,0,IF($F19="Разово",1,IF($F19="Еженедельно",INT((MIN(Календарь!M$33,$L19)-$E19)/7)+1,(YEAR(MIN(Календарь!M$33,$L19))-YEAR($E19))*12+MONTH(MIN(Календарь!M$33,$L19))-MONTH($E19)+1-IF(DAY(MIN(Календарь!M$33,$L19))<MIN(DAY($E19),DAY(EOMONTH(MIN(Календарь!M$33,$L19),0))),1,0))))-$M19)*$G19) -> 80000 | AA19: =IF(OR(K19<>"OK",NOT(ISNUMBER(Календарь!N$33))),"",MAX(0,IF(MIN(Календарь!N$33,$L19)<$E19,0,IF($F19="Разово",1,IF($F19="Еженедельно",INT((MIN(Календарь!N$33,$L19)-$E19)/7)+1,(YEAR(MIN(Календарь!N$33,$L19))-YEAR($E19))*12+MONTH(MIN(Календарь!N$33,$L19))-MONTH($E19)+1-IF(DAY(MIN(Календарь!N$33,$L19))<MIN(DAY($E19),DAY(EOMONTH(MIN(Календарь!N$33,$L19),0))),1,0))))-$M19)*$G19) -> 80000
K20: =IF(COUNTA(A20:I20)=0,"",IF(OR(A20="",B20="",C20="",AND(D20<>"Приход",D20<>"Расход"),NOT(ISNUMBER(E20)),NOT(ISNUMBER(G20)),AND(F20<>"Разово",F20<>"Еженедельно",F20<>"Ежемесячно")),"Ошибка: поля или тип",IF(OR(E20<>INT(E20),E20<36526,E20>109574,G20<0),"Ошибка: дата или сумма",IF(AND(H20<>"",NOT(ISNUMBER(H20))),"Ошибка: последний срок",IF(AND(ISNUMBER(H20),OR(H20<E20,H20<>INT(H20))),"Ошибка: последний срок",IF(COUNTIFS($A$12:$A$111,A20)<>1,"Ошибка: повтор ID","OK")))))) | L20: =IF(K20="OK",IF(H20="",DATE(2199,12,31),H20),"") | M20: =IF(AND(K20="OK",ISNUMBER(Календарь!$C$6)),IF(MIN(Календарь!$C$6-1,$L20)<$E20,0,IF($F20="Разово",1,IF($F20="Еженедельно",INT((MIN(Календарь!$C$6-1,$L20)-$E20)/7)+1,(YEAR(MIN(Календарь!$C$6-1,$L20))-YEAR($E20))*12+MONTH(MIN(Календарь!$C$6-1,$L20))-MONTH($E20)+1-IF(DAY(MIN(Календарь!$C$6-1,$L20))<MIN(DAY($E20),DAY(EOMONTH(MIN(Календарь!$C$6-1,$L20),0))),1,0)))),"") | N20: =IF(OR(K20<>"OK",NOT(ISNUMBER(Календарь!$L$5))),"",MAX(0,IF(MIN(Календарь!$L$5,$L20)<$E20,0,IF($F20="Разово",1,IF($F20="Еженедельно",INT((MIN(Календарь!$L$5,$L20)-$E20)/7)+1,(YEAR(MIN(Календарь!$L$5,$L20))-YEAR($E20))*12+MONTH(MIN(Календарь!$L$5,$L20))-MONTH($E20)+1-IF(DAY(MIN(Календарь!$L$5,$L20))<MIN(DAY($E20),DAY(EOMONTH(MIN(Календарь!$L$5,$L20),0))),1,0))))-$M20)*$G20) | O20: =IF(OR(K20<>"OK",NOT(ISNUMBER(Календарь!$C$32-1))),"",MAX(0,IF(MIN(Календарь!$C$32-1,$L20)<$E20,0,IF($F20="Разово",1,IF($F20="Еженедельно",INT((MIN(Календарь!$C$32-1,$L20)-$E20)/7)+1,(YEAR(MIN(Календарь!$C$32-1,$L20))-YEAR($E20))*12+MONTH(MIN(Календарь!$C$32-1,$L20))-MONTH($E20)+1-IF(DAY(MIN(Календарь!$C$32-1,$L20))<MIN(DAY($E20),DAY(EOMONTH(MIN(Календарь!$C$32-1,$L20),0))),1,0))))-$M20)*$G20) | P20: =IF(OR(K20<>"OK",NOT(ISNUMBER(Календарь!C$33))),"",MAX(0,IF(MIN(Календарь!C$33,$L20)<$E20,0,IF($F20="Разово",1,IF($F20="Еженедельно",INT((MIN(Календарь!C$33,$L20)-$E20)/7)+1,(YEAR(MIN(Календарь!C$33,$L20))-YEAR($E20))*12+MONTH(MIN(Календарь!C$33,$L20))-MONTH($E20)+1-IF(DAY(MIN(Календарь!C$33,$L20))<MIN(DAY($E20),DAY(EOMONTH(MIN(Календарь!C$33,$L20),0))),1,0))))-$M20)*$G20) | Q20: =IF(OR(K20<>"OK",NOT(ISNUMBER(Календарь!D$33))),"",MAX(0,IF(MIN(Календарь!D$33,$L20)<$E20,0,IF($F20="Разово",1,IF($F20="Еженедельно",INT((MIN(Календарь!D$33,$L20)-$E20)/7)+1,(YEAR(MIN(Календарь!D$33,$L20))-YEAR($E20))*12+MONTH(MIN(Календарь!D$33,$L20))-MONTH($E20)+1-IF(DAY(MIN(Календарь!D$33,$L20))<MIN(DAY($E20),DAY(EOMONTH(MIN(Календарь!D$33,$L20),0))),1,0))))-$M20)*$G20) | R20: =IF(OR(K20<>"OK",NOT(ISNUMBER(Календарь!E$33))),"",MAX(0,IF(MIN(Календарь!E$33,$L20)<$E20,0,IF($F20="Разово",1,IF($F20="Еженедельно",INT((MIN(Календарь!E$33,$L20)-$E20)/7)+1,(YEAR(MIN(Календарь!E$33,$L20))-YEAR($E20))*12+MONTH(MIN(Календарь!E$33,$L20))-MONTH($E20)+1-IF(DAY(MIN(Календарь!E$33,$L20))<MIN(DAY($E20),DAY(EOMONTH(MIN(Календарь!E$33,$L20),0))),1,0))))-$M20)*$G20) | S20: =IF(OR(K20<>"OK",NOT(ISNUMBER(Календарь!F$33))),"",MAX(0,IF(MIN(Календарь!F$33,$L20)<$E20,0,IF($F20="Разово",1,IF($F20="Еженедельно",INT((MIN(Календарь!F$33,$L20)-$E20)/7)+1,(YEAR(MIN(Календарь!F$33,$L20))-YEAR($E20))*12+MONTH(MIN(Календарь!F$33,$L20))-MONTH($E20)+1-IF(DAY(MIN(Календарь!F$33,$L20))<MIN(DAY($E20),DAY(EOMONTH(MIN(Календарь!F$33,$L20),0))),1,0))))-$M20)*$G20) | T20: =IF(OR(K20<>"OK",NOT(ISNUMBER(Календарь!G$33))),"",MAX(0,IF(MIN(Календарь!G$33,$L20)<$E20,0,IF($F20="Разово",1,IF($F20="Еженедельно",INT((MIN(Календарь!G$33,$L20)-$E20)/7)+1,(YEAR(MIN(Календарь!G$33,$L20))-YEAR($E20))*12+MONTH(MIN(Календарь!G$33,$L20))-MONTH($E20)+1-IF(DAY(MIN(Календарь!G$33,$L20))<MIN(DAY($E20),DAY(EOMONTH(MIN(Календарь!G$33,$L20),0))),1,0))))-$M20)*$G20) | U20: =IF(OR(K20<>"OK",NOT(ISNUMBER(Календарь!H$33))),"",MAX(0,IF(MIN(Календарь!H$33,$L20)<$E20,0,IF($F20="Разово",1,IF($F20="Еженедельно",INT((MIN(Календарь!H$33,$L20)-$E20)/7)+1,(YEAR(MIN(Календарь!H$33,$L20))-YEAR($E20))*12+MONTH(MIN(Календарь!H$33,$L20))-MONTH($E20)+1-IF(DAY(MIN(Календарь!H$33,$L20))<MIN(DAY($E20),DAY(EOMONTH(MIN(Календарь!H$33,$L20),0))),1,0))))-$M20)*$G20) | V20: =IF(OR(K20<>"OK",NOT(ISNUMBER(Календарь!I$33))),"",MAX(0,IF(MIN(Календарь!I$33,$L20)<$E20,0,IF($F20="Разово",1,IF($F20="Еженедельно",INT((MIN(Календарь!I$33,$L20)-$E20)/7)+1,(YEAR(MIN(Календарь!I$33,$L20))-YEAR($E20))*12+MONTH(MIN(Календарь!I$33,$L20))-MONTH($E20)+1-IF(DAY(MIN(Календарь!I$33,$L20))<MIN(DAY($E20),DAY(EOMONTH(MIN(Календарь!I$33,$L20),0))),1,0))))-$M20)*$G20) | W20: =IF(OR(K20<>"OK",NOT(ISNUMBER(Календарь!J$33))),"",MAX(0,IF(MIN(Календарь!J$33,$L20)<$E20,0,IF($F20="Разово",1,IF($F20="Еженедельно",INT((MIN(Календарь!J$33,$L20)-$E20)/7)+1,(YEAR(MIN(Календарь!J$33,$L20))-YEAR($E20))*12+MONTH(MIN(Календарь!J$33,$L20))-MONTH($E20)+1-IF(DAY(MIN(Календарь!J$33,$L20))<MIN(DAY($E20),DAY(EOMONTH(MIN(Календарь!J$33,$L20),0))),1,0))))-$M20)*$G20) | X20: =IF(OR(K20<>"OK",NOT(ISNUMBER(Календарь!K$33))),"",MAX(0,IF(MIN(Календарь!K$33,$L20)<$E20,0,IF($F20="Разово",1,IF($F20="Еженедельно",INT((MIN(Календарь!K$33,$L20)-$E20)/7)+1,(YEAR(MIN(Календарь!K$33,$L20))-YEAR($E20))*12+MONTH(MIN(Календарь!K$33,$L20))-MONTH($E20)+1-IF(DAY(MIN(Календарь!K$33,$L20))<MIN(DAY($E20),DAY(EOMONTH(MIN(Календарь!K$33,$L20),0))),1,0))))-$M20)*$G20) | Y20: =IF(OR(K20<>"OK",NOT(ISNUMBER(Календарь!L$33))),"",MAX(0,IF(MIN(Календарь!L$33,$L20)<$E20,0,IF($F20="Разово",1,IF($F20="Еженедельно",INT((MIN(Календарь!L$33,$L20)-$E20)/7)+1,(YEAR(MIN(Календарь!L$33,$L20))-YEAR($E20))*12+MONTH(MIN(Календарь!L$33,$L20))-MONTH($E20)+1-IF(DAY(MIN(Календарь!L$33,$L20))<MIN(DAY($E20),DAY(EOMONTH(MIN(Календарь!L$33,$L20),0))),1,0))))-$M20)*$G20) | Z20: =IF(OR(K20<>"OK",NOT(ISNUMBER(Календарь!M$33))),"",MAX(0,IF(MIN(Календарь!M$33,$L20)<$E20,0,IF($F20="Разово",1,IF($F20="Еженедельно",INT((MIN(Календарь!M$33,$L20)-$E20)/7)+1,(YEAR(MIN(Календарь!M$33,$L20))-YEAR($E20))*12+MONTH(MIN(Календарь!M$33,$L20))-MONTH($E20)+1-IF(DAY(MIN(Календарь!M$33,$L20))<MIN(DAY($E20),DAY(EOMONTH(MIN(Календарь!M$33,$L20),0))),1,0))))-$M20)*$G20) | AA20: =IF(OR(K20<>"OK",NOT(ISNUMBER(Календарь!N$33))),"",MAX(0,IF(MIN(Календарь!N$33,$L20)<$E20,0,IF($F20="Разово",1,IF($F20="Еженедельно",INT((MIN(Календарь!N$33,$L20)-$E20)/7)+1,(YEAR(MIN(Календарь!N$33,$L20))-YEAR($E20))*12+MONTH(MIN(Календарь!N$33,$L20))-MONTH($E20)+1-IF(DAY(MIN(Календарь!N$33,$L20))<MIN(DAY($E20),DAY(EOMONTH(MIN(Календарь!N$33,$L20),0))),1,0))))-$M20)*$G20)
K21: =IF(COUNTA(A21:I21)=0,"",IF(OR(A21="",B21="",C21="",AND(D21<>"Приход",D21<>"Расход"),NOT(ISNUMBER(E21)),NOT(ISNUMBER(G21)),AND(F21<>"Разово",F21<>"Еженедельно",F21<>"Ежемесячно")),"Ошибка: поля или тип",IF(OR(E21<>INT(E21),E21<36526,E21>109574,G21<0),"Ошибка: дата или сумма",IF(AND(H21<>"",NOT(ISNUMBER(H21))),"Ошибка: последний срок",IF(AND(ISNUMBER(H21),OR(H21<E21,H21<>INT(H21))),"Ошибка: последний срок",IF(COUNTIFS($A$12:$A$111,A21)<>1,"Ошибка: повтор ID","OK")))))) | L21: =IF(K21="OK",IF(H21="",DATE(2199,12,31),H21),"") | M21: =IF(AND(K21="OK",ISNUMBER(Календарь!$C$6)),IF(MIN(Календарь!$C$6-1,$L21)<$E21,0,IF($F21="Разово",1,IF($F21="Еженедельно",INT((MIN(Календарь!$C$6-1,$L21)-$E21)/7)+1,(YEAR(MIN(Календарь!$C$6-1,$L21))-YEAR($E21))*12+MONTH(MIN(Календарь!$C$6-1,$L21))-MONTH($E21)+1-IF(DAY(MIN(Календарь!$C$6-1,$L21))<MIN(DAY($E21),DAY(EOMONTH(MIN(Календарь!$C$6-1,$L21),0))),1,0)))),"") | N21: =IF(OR(K21<>"OK",NOT(ISNUMBER(Календарь!$L$5))),"",MAX(0,IF(MIN(Календарь!$L$5,$L21)<$E21,0,IF($F21="Разово",1,IF($F21="Еженедельно",INT((MIN(Календарь!$L$5,$L21)-$E21)/7)+1,(YEAR(MIN(Календарь!$L$5,$L21))-YEAR($E21))*12+MONTH(MIN(Календарь!$L$5,$L21))-MONTH($E21)+1-IF(DAY(MIN(Календарь!$L$5,$L21))<MIN(DAY($E21),DAY(EOMONTH(MIN(Календарь!$L$5,$L21),0))),1,0))))-$M21)*$G21) | O21: =IF(OR(K21<>"OK",NOT(ISNUMBER(Календарь!$C$32-1))),"",MAX(0,IF(MIN(Календарь!$C$32-1,$L21)<$E21,0,IF($F21="Разово",1,IF($F21="Еженедельно",INT((MIN(Календарь!$C$32-1,$L21)-$E21)/7)+1,(YEAR(MIN(Календарь!$C$32-1,$L21))-YEAR($E21))*12+MONTH(MIN(Календарь!$C$32-1,$L21))-MONTH($E21)+1-IF(DAY(MIN(Календарь!$C$32-1,$L21))<MIN(DAY($E21),DAY(EOMONTH(MIN(Календарь!$C$32-1,$L21),0))),1,0))))-$M21)*$G21) | P21: =IF(OR(K21<>"OK",NOT(ISNUMBER(Календарь!C$33))),"",MAX(0,IF(MIN(Календарь!C$33,$L21)<$E21,0,IF($F21="Разово",1,IF($F21="Еженедельно",INT((MIN(Календарь!C$33,$L21)-$E21)/7)+1,(YEAR(MIN(Календарь!C$33,$L21))-YEAR($E21))*12+MONTH(MIN(Календарь!C$33,$L21))-MONTH($E21)+1-IF(DAY(MIN(Календарь!C$33,$L21))<MIN(DAY($E21),DAY(EOMONTH(MIN(Календарь!C$33,$L21),0))),1,0))))-$M21)*$G21) | Q21: =IF(OR(K21<>"OK",NOT(ISNUMBER(Календарь!D$33))),"",MAX(0,IF(MIN(Календарь!D$33,$L21)<$E21,0,IF($F21="Разово",1,IF($F21="Еженедельно",INT((MIN(Календарь!D$33,$L21)-$E21)/7)+1,(YEAR(MIN(Календарь!D$33,$L21))-YEAR($E21))*12+MONTH(MIN(Календарь!D$33,$L21))-MONTH($E21)+1-IF(DAY(MIN(Календарь!D$33,$L21))<MIN(DAY($E21),DAY(EOMONTH(MIN(Календарь!D$33,$L21),0))),1,0))))-$M21)*$G21) | R21: =IF(OR(K21<>"OK",NOT(ISNUMBER(Календарь!E$33))),"",MAX(0,IF(MIN(Календарь!E$33,$L21)<$E21,0,IF($F21="Разово",1,IF($F21="Еженедельно",INT((MIN(Календарь!E$33,$L21)-$E21)/7)+1,(YEAR(MIN(Календарь!E$33,$L21))-YEAR($E21))*12+MONTH(MIN(Календарь!E$33,$L21))-MONTH($E21)+1-IF(DAY(MIN(Календарь!E$33,$L21))<MIN(DAY($E21),DAY(EOMONTH(MIN(Календарь!E$33,$L21),0))),1,0))))-$M21)*$G21) | S21: =IF(OR(K21<>"OK",NOT(ISNUMBER(Календарь!F$33))),"",MAX(0,IF(MIN(Календарь!F$33,$L21)<$E21,0,IF($F21="Разово",1,IF($F21="Еженедельно",INT((MIN(Календарь!F$33,$L21)-$E21)/7)+1,(YEAR(MIN(Календарь!F$33,$L21))-YEAR($E21))*12+MONTH(MIN(Календарь!F$33,$L21))-MONTH($E21)+1-IF(DAY(MIN(Календарь!F$33,$L21))<MIN(DAY($E21),DAY(EOMONTH(MIN(Календарь!F$33,$L21),0))),1,0))))-$M21)*$G21) | T21: =IF(OR(K21<>"OK",NOT(ISNUMBER(Календарь!G$33))),"",MAX(0,IF(MIN(Календарь!G$33,$L21)<$E21,0,IF($F21="Разово",1,IF($F21="Еженедельно",INT((MIN(Календарь!G$33,$L21)-$E21)/7)+1,(YEAR(MIN(Календарь!G$33,$L21))-YEAR($E21))*12+MONTH(MIN(Календарь!G$33,$L21))-MONTH($E21)+1-IF(DAY(MIN(Календарь!G$33,$L21))<MIN(DAY($E21),DAY(EOMONTH(MIN(Календарь!G$33,$L21),0))),1,0))))-$M21)*$G21) | U21: =IF(OR(K21<>"OK",NOT(ISNUMBER(Календарь!H$33))),"",MAX(0,IF(MIN(Календарь!H$33,$L21)<$E21,0,IF($F21="Разово",1,IF($F21="Еженедельно",INT((MIN(Календарь!H$33,$L21)-$E21)/7)+1,(YEAR(MIN(Календарь!H$33,$L21))-YEAR($E21))*12+MONTH(MIN(Календарь!H$33,$L21))-MONTH($E21)+1-IF(DAY(MIN(Календарь!H$33,$L21))<MIN(DAY($E21),DAY(EOMONTH(MIN(Календарь!H$33,$L21),0))),1,0))))-$M21)*$G21) | V21: =IF(OR(K21<>"OK",NOT(ISNUMBER(Календарь!I$33))),"",MAX(0,IF(MIN(Календарь!I$33,$L21)<$E21,0,IF($F21="Разово",1,IF($F21="Еженедельно",INT((MIN(Календарь!I$33,$L21)-$E21)/7)+1,(YEAR(MIN(Календарь!I$33,$L21))-YEAR($E21))*12+MONTH(MIN(Календарь!I$33,$L21))-MONTH($E21)+1-IF(DAY(MIN(Календарь!I$33,$L21))<MIN(DAY($E21),DAY(EOMONTH(MIN(Календарь!I$33,$L21),0))),1,0))))-$M21)*$G21) | W21: =IF(OR(K21<>"OK",NOT(ISNUMBER(Календарь!J$33))),"",MAX(0,IF(MIN(Календарь!J$33,$L21)<$E21,0,IF($F21="Разово",1,IF($F21="Еженедельно",INT((MIN(Календарь!J$33,$L21)-$E21)/7)+1,(YEAR(MIN(Календарь!J$33,$L21))-YEAR($E21))*12+MONTH(MIN(Календарь!J$33,$L21))-MONTH($E21)+1-IF(DAY(MIN(Календарь!J$33,$L21))<MIN(DAY($E21),DAY(EOMONTH(MIN(Календарь!J$33,$L21),0))),1,0))))-$M21)*$G21) | X21: =IF(OR(K21<>"OK",NOT(ISNUMBER(Календарь!K$33))),"",MAX(0,IF(MIN(Календарь!K$33,$L21)<$E21,0,IF($F21="Разово",1,IF($F21="Еженедельно",INT((MIN(Календарь!K$33,$L21)-$E21)/7)+1,(YEAR(MIN(Календарь!K$33,$L21))-YEAR($E21))*12+MONTH(MIN(Календарь!K$33,$L21))-MONTH($E21)+1-IF(DAY(MIN(Календарь!K$33,$L21))<MIN(DAY($E21),DAY(EOMONTH(MIN(Календарь!K$33,$L21),0))),1,0))))-$M21)*$G21) | Y21: =IF(OR(K21<>"OK",NOT(ISNUMBER(Календарь!L$33))),"",MAX(0,IF(MIN(Календарь!L$33,$L21)<$E21,0,IF($F21="Разово",1,IF($F21="Еженедельно",INT((MIN(Календарь!L$33,$L21)-$E21)/7)+1,(YEAR(MIN(Календарь!L$33,$L21))-YEAR($E21))*12+MONTH(MIN(Календарь!L$33,$L21))-MONTH($E21)+1-IF(DAY(MIN(Календарь!L$33,$L21))<MIN(DAY($E21),DAY(EOMONTH(MIN(Календарь!L$33,$L21),0))),1,0))))-$M21)*$G21) | Z21: =IF(OR(K21<>"OK",NOT(ISNUMBER(Календарь!M$33))),"",MAX(0,IF(MIN(Календарь!M$33,$L21)<$E21,0,IF($F21="Разово",1,IF($F21="Еженедельно",INT((MIN(Календарь!M$33,$L21)-$E21)/7)+1,(YEAR(MIN(Календарь!M$33,$L21))-YEAR($E21))*12+MONTH(MIN(Календарь!M$33,$L21))-MONTH($E21)+1-IF(DAY(MIN(Календарь!M$33,$L21))<MIN(DAY($E21),DAY(EOMONTH(MIN(Календарь!M$33,$L21),0))),1,0))))-$M21)*$G21) | AA21: =IF(OR(K21<>"OK",NOT(ISNUMBER(Календарь!N$33))),"",MAX(0,IF(MIN(Календарь!N$33,$L21)<$E21,0,IF($F21="Разово",1,IF($F21="Еженедельно",INT((MIN(Календарь!N$33,$L21)-$E21)/7)+1,(YEAR(MIN(Календарь!N$33,$L21))-YEAR($E21))*12+MONTH(MIN(Календарь!N$33,$L21))-MONTH($E21)+1-IF(DAY(MIN(Календарь!N$33,$L21))<MIN(DAY($E21),DAY(EOMONTH(MIN(Календарь!N$33,$L21),0))),1,0))))-$M21)*$G21)
K22: =IF(COUNTA(A22:I22)=0,"",IF(OR(A22="",B22="",C22="",AND(D22<>"Приход",D22<>"Расход"),NOT(ISNUMBER(E22)),NOT(ISNUMBER(G22)),AND(F22<>"Разово",F22<>"Еженедельно",F22<>"Ежемесячно")),"Ошибка: поля или тип",IF(OR(E22<>INT(E22),E22<36526,E22>109574,G22<0),"Ошибка: дата или сумма",IF(AND(H22<>"",NOT(ISNUMBER(H22))),"Ошибка: последний срок",IF(AND(ISNUMBER(H22),OR(H22<E22,H22<>INT(H22))),"Ошибка: последний срок",IF(COUNTIFS($A$12:$A$111,A22)<>1,"Ошибка: повтор ID","OK")))))) | L22: =IF(K22="OK",IF(H22="",DATE(2199,12,31),H22),"") | M22: =IF(AND(K22="OK",ISNUMBER(Календарь!$C$6)),IF(MIN(Календарь!$C$6-1,$L22)<$E22,0,IF($F22="Разово",1,IF($F22="Еженедельно",INT((MIN(Календарь!$C$6-1,$L22)-$E22)/7)+1,(YEAR(MIN(Календарь!$C$6-1,$L22))-YEAR($E22))*12+MONTH(MIN(Календарь!$C$6-1,$L22))-MONTH($E22)+1-IF(DAY(MIN(Календарь!$C$6-1,$L22))<MIN(DAY($E22),DAY(EOMONTH(MIN(Календарь!$C$6-1,$L22),0))),1,0)))),"") | N22: =IF(OR(K22<>"OK",NOT(ISNUMBER(Календарь!$L$5))),"",MAX(0,IF(MIN(Календарь!$L$5,$L22)<$E22,0,IF($F22="Разово",1,IF($F22="Еженедельно",INT((MIN(Календарь!$L$5,$L22)-$E22)/7)+1,(YEAR(MIN(Календарь!$L$5,$L22))-YEAR($E22))*12+MONTH(MIN(Календарь!$L$5,$L22))-MONTH($E22)+1-IF(DAY(MIN(Календарь!$L$5,$L22))<MIN(DAY($E22),DAY(EOMONTH(MIN(Календарь!$L$5,$L22),0))),1,0))))-$M22)*$G22) | O22: =IF(OR(K22<>"OK",NOT(ISNUMBER(Календарь!$C$32-1))),"",MAX(0,IF(MIN(Календарь!$C$32-1,$L22)<$E22,0,IF($F22="Разово",1,IF($F22="Еженедельно",INT((MIN(Календарь!$C$32-1,$L22)-$E22)/7)+1,(YEAR(MIN(Календарь!$C$32-1,$L22))-YEAR($E22))*12+MONTH(MIN(Календарь!$C$32-1,$L22))-MONTH($E22)+1-IF(DAY(MIN(Календарь!$C$32-1,$L22))<MIN(DAY($E22),DAY(EOMONTH(MIN(Календарь!$C$32-1,$L22),0))),1,0))))-$M22)*$G22) | P22: =IF(OR(K22<>"OK",NOT(ISNUMBER(Календарь!C$33))),"",MAX(0,IF(MIN(Календарь!C$33,$L22)<$E22,0,IF($F22="Разово",1,IF($F22="Еженедельно",INT((MIN(Календарь!C$33,$L22)-$E22)/7)+1,(YEAR(MIN(Календарь!C$33,$L22))-YEAR($E22))*12+MONTH(MIN(Календарь!C$33,$L22))-MONTH($E22)+1-IF(DAY(MIN(Календарь!C$33,$L22))<MIN(DAY($E22),DAY(EOMONTH(MIN(Календарь!C$33,$L22),0))),1,0))))-$M22)*$G22) | Q22: =IF(OR(K22<>"OK",NOT(ISNUMBER(Календарь!D$33))),"",MAX(0,IF(MIN(Календарь!D$33,$L22)<$E22,0,IF($F22="Разово",1,IF($F22="Еженедельно",INT((MIN(Календарь!D$33,$L22)-$E22)/7)+1,(YEAR(MIN(Календарь!D$33,$L22))-YEAR($E22))*12+MONTH(MIN(Календарь!D$33,$L22))-MONTH($E22)+1-IF(DAY(MIN(Календарь!D$33,$L22))<MIN(DAY($E22),DAY(EOMONTH(MIN(Календарь!D$33,$L22),0))),1,0))))-$M22)*$G22) | R22: =IF(OR(K22<>"OK",NOT(ISNUMBER(Календарь!E$33))),"",MAX(0,IF(MIN(Календарь!E$33,$L22)<$E22,0,IF($F22="Разово",1,IF($F22="Еженедельно",INT((MIN(Календарь!E$33,$L22)-$E22)/7)+1,(YEAR(MIN(Календарь!E$33,$L22))-YEAR($E22))*12+MONTH(MIN(Календарь!E$33,$L22))-MONTH($E22)+1-IF(DAY(MIN(Календарь!E$33,$L22))<MIN(DAY($E22),DAY(EOMONTH(MIN(Календарь!E$33,$L22),0))),1,0))))-$M22)*$G22) | S22: =IF(OR(K22<>"OK",NOT(ISNUMBER(Календарь!F$33))),"",MAX(0,IF(MIN(Календарь!F$33,$L22)<$E22,0,IF($F22="Разово",1,IF($F22="Еженедельно",INT((MIN(Календарь!F$33,$L22)-$E22)/7)+1,(YEAR(MIN(Календарь!F$33,$L22))-YEAR($E22))*12+MONTH(MIN(Календарь!F$33,$L22))-MONTH($E22)+1-IF(DAY(MIN(Календарь!F$33,$L22))<MIN(DAY($E22),DAY(EOMONTH(MIN(Календарь!F$33,$L22),0))),1,0))))-$M22)*$G22) | T22: =IF(OR(K22<>"OK",NOT(ISNUMBER(Календарь!G$33))),"",MAX(0,IF(MIN(Календарь!G$33,$L22)<$E22,0,IF($F22="Разово",1,IF($F22="Еженедельно",INT((MIN(Календарь!G$33,$L22)-$E22)/7)+1,(YEAR(MIN(Календарь!G$33,$L22))-YEAR($E22))*12+MONTH(MIN(Календарь!G$33,$L22))-MONTH($E22)+1-IF(DAY(MIN(Календарь!G$33,$L22))<MIN(DAY($E22),DAY(EOMONTH(MIN(Календарь!G$33,$L22),0))),1,0))))-$M22)*$G22) | U22: =IF(OR(K22<>"OK",NOT(ISNUMBER(Календарь!H$33))),"",MAX(0,IF(MIN(Календарь!H$33,$L22)<$E22,0,IF($F22="Разово",1,IF($F22="Еженедельно",INT((MIN(Календарь!H$33,$L22)-$E22)/7)+1,(YEAR(MIN(Календарь!H$33,$L22))-YEAR($E22))*12+MONTH(MIN(Календарь!H$33,$L22))-MONTH($E22)+1-IF(DAY(MIN(Календарь!H$33,$L22))<MIN(DAY($E22),DAY(EOMONTH(MIN(Календарь!H$33,$L22),0))),1,0))))-$M22)*$G22) | V22: =IF(OR(K22<>"OK",NOT(ISNUMBER(Календарь!I$33))),"",MAX(0,IF(MIN(Календарь!I$33,$L22)<$E22,0,IF($F22="Разово",1,IF($F22="Еженедельно",INT((MIN(Календарь!I$33,$L22)-$E22)/7)+1,(YEAR(MIN(Календарь!I$33,$L22))-YEAR($E22))*12+MONTH(MIN(Календарь!I$33,$L22))-MONTH($E22)+1-IF(DAY(MIN(Календарь!I$33,$L22))<MIN(DAY($E22),DAY(EOMONTH(MIN(Календарь!I$33,$L22),0))),1,0))))-$M22)*$G22) | W22: =IF(OR(K22<>"OK",NOT(ISNUMBER(Календарь!J$33))),"",MAX(0,IF(MIN(Календарь!J$33,$L22)<$E22,0,IF($F22="Разово",1,IF($F22="Еженедельно",INT((MIN(Календарь!J$33,$L22)-$E22)/7)+1,(YEAR(MIN(Календарь!J$33,$L22))-YEAR($E22))*12+MONTH(MIN(Календарь!J$33,$L22))-MONTH($E22)+1-IF(DAY(MIN(Календарь!J$33,$L22))<MIN(DAY($E22),DAY(EOMONTH(MIN(Календарь!J$33,$L22),0))),1,0))))-$M22)*$G22) | X22: =IF(OR(K22<>"OK",NOT(ISNUMBER(Календарь!K$33))),"",MAX(0,IF(MIN(Календарь!K$33,$L22)<$E22,0,IF($F22="Разово",1,IF($F22="Еженедельно",INT((MIN(Календарь!K$33,$L22)-$E22)/7)+1,(YEAR(MIN(Календарь!K$33,$L22))-YEAR($E22))*12+MONTH(MIN(Календарь!K$33,$L22))-MONTH($E22)+1-IF(DAY(MIN(Календарь!K$33,$L22))<MIN(DAY($E22),DAY(EOMONTH(MIN(Календарь!K$33,$L22),0))),1,0))))-$M22)*$G22) | Y22: =IF(OR(K22<>"OK",NOT(ISNUMBER(Календарь!L$33))),"",MAX(0,IF(MIN(Календарь!L$33,$L22)<$E22,0,IF($F22="Разово",1,IF($F22="Еженедельно",INT((MIN(Календарь!L$33,$L22)-$E22)/7)+1,(YEAR(MIN(Календарь!L$33,$L22))-YEAR($E22))*12+MONTH(MIN(Календарь!L$33,$L22))-MONTH($E22)+1-IF(DAY(MIN(Календарь!L$33,$L22))<MIN(DAY($E22),DAY(EOMONTH(MIN(Календарь!L$33,$L22),0))),1,0))))-$M22)*$G22) | Z22: =IF(OR(K22<>"OK",NOT(ISNUMBER(Календарь!M$33))),"",MAX(0,IF(MIN(Календарь!M$33,$L22)<$E22,0,IF($F22="Разово",1,IF($F22="Еженедельно",INT((MIN(Календарь!M$33,$L22)-$E22)/7)+1,(YEAR(MIN(Календарь!M$33,$L22))-YEAR($E22))*12+MONTH(MIN(Календарь!M$33,$L22))-MONTH($E22)+1-IF(DAY(MIN(Календарь!M$33,$L22))<MIN(DAY($E22),DAY(EOMONTH(MIN(Календарь!M$33,$L22),0))),1,0))))-$M22)*$G22) | AA22: =IF(OR(K22<>"OK",NOT(ISNUMBER(Календарь!N$33))),"",MAX(0,IF(MIN(Календарь!N$33,$L22)<$E22,0,IF($F22="Разово",1,IF($F22="Еженедельно",INT((MIN(Календарь!N$33,$L22)-$E22)/7)+1,(YEAR(MIN(Календарь!N$33,$L22))-YEAR($E22))*12+MONTH(MIN(Календарь!N$33,$L22))-MONTH($E22)+1-IF(DAY(MIN(Календарь!N$33,$L22))<MIN(DAY($E22),DAY(EOMONTH(MIN(Календарь!N$33,$L22),0))),1,0))))-$M22)*$G22)
K23: =IF(COUNTA(A23:I23)=0,"",IF(OR(A23="",B23="",C23="",AND(D23<>"Приход",D23<>"Расход"),NOT(ISNUMBER(E23)),NOT(ISNUMBER(G23)),AND(F23<>"Разово",F23<>"Еженедельно",F23<>"Ежемесячно")),"Ошибка: поля или тип",IF(OR(E23<>INT(E23),E23<36526,E23>109574,G23<0),"Ошибка: дата или сумма",IF(AND(H23<>"",NOT(ISNUMBER(H23))),"Ошибка: последний срок",IF(AND(ISNUMBER(H23),OR(H23<E23,H23<>INT(H23))),"Ошибка: последний срок",IF(COUNTIFS($A$12:$A$111,A23)<>1,"Ошибка: повтор ID","OK")))))) | L23: =IF(K23="OK",IF(H23="",DATE(2199,12,31),H23),"") | M23: =IF(AND(K23="OK",ISNUMBER(Календарь!$C$6)),IF(MIN(Календарь!$C$6-1,$L23)<$E23,0,IF($F23="Разово",1,IF($F23="Еженедельно",INT((MIN(Календарь!$C$6-1,$L23)-$E23)/7)+1,(YEAR(MIN(Календарь!$C$6-1,$L23))-YEAR($E23))*12+MONTH(MIN(Календарь!$C$6-1,$L23))-MONTH($E23)+1-IF(DAY(MIN(Календарь!$C$6-1,$L23))<MIN(DAY($E23),DAY(EOMONTH(MIN(Календарь!$C$6-1,$L23),0))),1,0)))),"") | N23: =IF(OR(K23<>"OK",NOT(ISNUMBER(Календарь!$L$5))),"",MAX(0,IF(MIN(Календарь!$L$5,$L23)<$E23,0,IF($F23="Разово",1,IF($F23="Еженедельно",INT((MIN(Календарь!$L$5,$L23)-$E23)/7)+1,(YEAR(MIN(Календарь!$L$5,$L23))-YEAR($E23))*12+MONTH(MIN(Календарь!$L$5,$L23))-MONTH($E23)+1-IF(DAY(MIN(Календарь!$L$5,$L23))<MIN(DAY($E23),DAY(EOMONTH(MIN(Календарь!$L$5,$L23),0))),1,0))))-$M23)*$G23) | O23: =IF(OR(K23<>"OK",NOT(ISNUMBER(Календарь!$C$32-1))),"",MAX(0,IF(MIN(Календарь!$C$32-1,$L23)<$E23,0,IF($F23="Разово",1,IF($F23="Еженедельно",INT((MIN(Календарь!$C$32-1,$L23)-$E23)/7)+1,(YEAR(MIN(Календарь!$C$32-1,$L23))-YEAR($E23))*12+MONTH(MIN(Календарь!$C$32-1,$L23))-MONTH($E23)+1-IF(DAY(MIN(Календарь!$C$32-1,$L23))<MIN(DAY($E23),DAY(EOMONTH(MIN(Календарь!$C$32-1,$L23),0))),1,0))))-$M23)*$G23) | P23: =IF(OR(K23<>"OK",NOT(ISNUMBER(Календарь!C$33))),"",MAX(0,IF(MIN(Календарь!C$33,$L23)<$E23,0,IF($F23="Разово",1,IF($F23="Еженедельно",INT((MIN(Календарь!C$33,$L23)-$E23)/7)+1,(YEAR(MIN(Календарь!C$33,$L23))-YEAR($E23))*12+MONTH(MIN(Календарь!C$33,$L23))-MONTH($E23)+1-IF(DAY(MIN(Календарь!C$33,$L23))<MIN(DAY($E23),DAY(EOMONTH(MIN(Календарь!C$33,$L23),0))),1,0))))-$M23)*$G23) | Q23: =IF(OR(K23<>"OK",NOT(ISNUMBER(Календарь!D$33))),"",MAX(0,IF(MIN(Календарь!D$33,$L23)<$E23,0,IF($F23="Разово",1,IF($F23="Еженедельно",INT((MIN(Календарь!D$33,$L23)-$E23)/7)+1,(YEAR(MIN(Календарь!D$33,$L23))-YEAR($E23))*12+MONTH(MIN(Календарь!D$33,$L23))-MONTH($E23)+1-IF(DAY(MIN(Календарь!D$33,$L23))<MIN(DAY($E23),DAY(EOMONTH(MIN(Календарь!D$33,$L23),0))),1,0))))-$M23)*$G23) | R23: =IF(OR(K23<>"OK",NOT(ISNUMBER(Календарь!E$33))),"",MAX(0,IF(MIN(Календарь!E$33,$L23)<$E23,0,IF($F23="Разово",1,IF($F23="Еженедельно",INT((MIN(Календарь!E$33,$L23)-$E23)/7)+1,(YEAR(MIN(Календарь!E$33,$L23))-YEAR($E23))*12+MONTH(MIN(Календарь!E$33,$L23))-MONTH($E23)+1-IF(DAY(MIN(Календарь!E$33,$L23))<MIN(DAY($E23),DAY(EOMONTH(MIN(Календарь!E$33,$L23),0))),1,0))))-$M23)*$G23) | S23: =IF(OR(K23<>"OK",NOT(ISNUMBER(Календарь!F$33))),"",MAX(0,IF(MIN(Календарь!F$33,$L23)<$E23,0,IF($F23="Разово",1,IF($F23="Еженедельно",INT((MIN(Календарь!F$33,$L23)-$E23)/7)+1,(YEAR(MIN(Календарь!F$33,$L23))-YEAR($E23))*12+MONTH(MIN(Календарь!F$33,$L23))-MONTH($E23)+1-IF(DAY(MIN(Календарь!F$33,$L23))<MIN(DAY($E23),DAY(EOMONTH(MIN(Календарь!F$33,$L23),0))),1,0))))-$M23)*$G23) | T23: =IF(OR(K23<>"OK",NOT(ISNUMBER(Календарь!G$33))),"",MAX(0,IF(MIN(Календарь!G$33,$L23)<$E23,0,IF($F23="Разово",1,IF($F23="Еженедельно",INT((MIN(Календарь!G$33,$L23)-$E23)/7)+1,(YEAR(MIN(Календарь!G$33,$L23))-YEAR($E23))*12+MONTH(MIN(Календарь!G$33,$L23))-MONTH($E23)+1-IF(DAY(MIN(Календарь!G$33,$L23))<MIN(DAY($E23),DAY(EOMONTH(MIN(Календарь!G$33,$L23),0))),1,0))))-$M23)*$G23) | U23: =IF(OR(K23<>"OK",NOT(ISNUMBER(Календарь!H$33))),"",MAX(0,IF(MIN(Календарь!H$33,$L23)<$E23,0,IF($F23="Разово",1,IF($F23="Еженедельно",INT((MIN(Календарь!H$33,$L23)-$E23)/7)+1,(YEAR(MIN(Календарь!H$33,$L23))-YEAR($E23))*12+MONTH(MIN(Календарь!H$33,$L23))-MONTH($E23)+1-IF(DAY(MIN(Календарь!H$33,$L23))<MIN(DAY($E23),DAY(EOMONTH(MIN(Календарь!H$33,$L23),0))),1,0))))-$M23)*$G23) | V23: =IF(OR(K23<>"OK",NOT(ISNUMBER(Календарь!I$33))),"",MAX(0,IF(MIN(Календарь!I$33,$L23)<$E23,0,IF($F23="Разово",1,IF($F23="Еженедельно",INT((MIN(Календарь!I$33,$L23)-$E23)/7)+1,(YEAR(MIN(Календарь!I$33,$L23))-YEAR($E23))*12+MONTH(MIN(Календарь!I$33,$L23))-MONTH($E23)+1-IF(DAY(MIN(Календарь!I$33,$L23))<MIN(DAY($E23),DAY(EOMONTH(MIN(Календарь!I$33,$L23),0))),1,0))))-$M23)*$G23) | W23: =IF(OR(K23<>"OK",NOT(ISNUMBER(Календарь!J$33))),"",MAX(0,IF(MIN(Календарь!J$33,$L23)<$E23,0,IF($F23="Разово",1,IF($F23="Еженедельно",INT((MIN(Календарь!J$33,$L23)-$E23)/7)+1,(YEAR(MIN(Календарь!J$33,$L23))-YEAR($E23))*12+MONTH(MIN(Календарь!J$33,$L23))-MONTH($E23)+1-IF(DAY(MIN(Календарь!J$33,$L23))<MIN(DAY($E23),DAY(EOMONTH(MIN(Календарь!J$33,$L23),0))),1,0))))-$M23)*$G23) | X23: =IF(OR(K23<>"OK",NOT(ISNUMBER(Календарь!K$33))),"",MAX(0,IF(MIN(Календарь!K$33,$L23)<$E23,0,IF($F23="Разово",1,IF($F23="Еженедельно",INT((MIN(Календарь!K$33,$L23)-$E23)/7)+1,(YEAR(MIN(Календарь!K$33,$L23))-YEAR($E23))*12+MONTH(MIN(Календарь!K$33,$L23))-MONTH($E23)+1-IF(DAY(MIN(Календарь!K$33,$L23))<MIN(DAY($E23),DAY(EOMONTH(MIN(Календарь!K$33,$L23),0))),1,0))))-$M23)*$G23) | Y23: =IF(OR(K23<>"OK",NOT(ISNUMBER(Календарь!L$33))),"",MAX(0,IF(MIN(Календарь!L$33,$L23)<$E23,0,IF($F23="Разово",1,IF($F23="Еженедельно",INT((MIN(Календарь!L$33,$L23)-$E23)/7)+1,(YEAR(MIN(Календарь!L$33,$L23))-YEAR($E23))*12+MONTH(MIN(Календарь!L$33,$L23))-MONTH($E23)+1-IF(DAY(MIN(Календарь!L$33,$L23))<MIN(DAY($E23),DAY(EOMONTH(MIN(Календарь!L$33,$L23),0))),1,0))))-$M23)*$G23) | Z23: =IF(OR(K23<>"OK",NOT(ISNUMBER(Календарь!M$33))),"",MAX(0,IF(MIN(Календарь!M$33,$L23)<$E23,0,IF($F23="Разово",1,IF($F23="Еженедельно",INT((MIN(Календарь!M$33,$L23)-$E23)/7)+1,(YEAR(MIN(Календарь!M$33,$L23))-YEAR($E23))*12+MONTH(MIN(Календарь!M$33,$L23))-MONTH($E23)+1-IF(DAY(MIN(Календарь!M$33,$L23))<MIN(DAY($E23),DAY(EOMONTH(MIN(Календарь!M$33,$L23),0))),1,0))))-$M23)*$G23) | AA23: =IF(OR(K23<>"OK",NOT(ISNUMBER(Календарь!N$33))),"",MAX(0,IF(MIN(Календарь!N$33,$L23)<$E23,0,IF($F23="Разово",1,IF($F23="Еженедельно",INT((MIN(Календарь!N$33,$L23)-$E23)/7)+1,(YEAR(MIN(Календарь!N$33,$L23))-YEAR($E23))*12+MONTH(MIN(Календарь!N$33,$L23))-MONTH($E23)+1-IF(DAY(MIN(Календарь!N$33,$L23))<MIN(DAY($E23),DAY(EOMONTH(MIN(Календарь!N$33,$L23),0))),1,0))))-$M23)*$G23)
K24: =IF(COUNTA(A24:I24)=0,"",IF(OR(A24="",B24="",C24="",AND(D24<>"Приход",D24<>"Расход"),NOT(ISNUMBER(E24)),NOT(ISNUMBER(G24)),AND(F24<>"Разово",F24<>"Еженедельно",F24<>"Ежемесячно")),"Ошибка: поля или тип",IF(OR(E24<>INT(E24),E24<36526,E24>109574,G24<0),"Ошибка: дата или сумма",IF(AND(H24<>"",NOT(ISNUMBER(H24))),"Ошибка: последний срок",IF(AND(ISNUMBER(H24),OR(H24<E24,H24<>INT(H24))),"Ошибка: последний срок",IF(COUNTIFS($A$12:$A$111,A24)<>1,"Ошибка: повтор ID","OK")))))) | L24: =IF(K24="OK",IF(H24="",DATE(2199,12,31),H24),"") | M24: =IF(AND(K24="OK",ISNUMBER(Календарь!$C$6)),IF(MIN(Календарь!$C$6-1,$L24)<$E24,0,IF($F24="Разово",1,IF($F24="Еженедельно",INT((MIN(Календарь!$C$6-1,$L24)-$E24)/7)+1,(YEAR(MIN(Календарь!$C$6-1,$L24))-YEAR($E24))*12+MONTH(MIN(Календарь!$C$6-1,$L24))-MONTH($E24)+1-IF(DAY(MIN(Календарь!$C$6-1,$L24))<MIN(DAY($E24),DAY(EOMONTH(MIN(Календарь!$C$6-1,$L24),0))),1,0)))),"") | N24: =IF(OR(K24<>"OK",NOT(ISNUMBER(Календарь!$L$5))),"",MAX(0,IF(MIN(Календарь!$L$5,$L24)<$E24,0,IF($F24="Разово",1,IF($F24="Еженедельно",INT((MIN(Календарь!$L$5,$L24)-$E24)/7)+1,(YEAR(MIN(Календарь!$L$5,$L24))-YEAR($E24))*12+MONTH(MIN(Календарь!$L$5,$L24))-MONTH($E24)+1-IF(DAY(MIN(Календарь!$L$5,$L24))<MIN(DAY($E24),DAY(EOMONTH(MIN(Календарь!$L$5,$L24),0))),1,0))))-$M24)*$G24) | O24: =IF(OR(K24<>"OK",NOT(ISNUMBER(Календарь!$C$32-1))),"",MAX(0,IF(MIN(Календарь!$C$32-1,$L24)<$E24,0,IF($F24="Разово",1,IF($F24="Еженедельно",INT((MIN(Календарь!$C$32-1,$L24)-$E24)/7)+1,(YEAR(MIN(Календарь!$C$32-1,$L24))-YEAR($E24))*12+MONTH(MIN(Календарь!$C$32-1,$L24))-MONTH($E24)+1-IF(DAY(MIN(Календарь!$C$32-1,$L24))<MIN(DAY($E24),DAY(EOMONTH(MIN(Календарь!$C$32-1,$L24),0))),1,0))))-$M24)*$G24) | P24: =IF(OR(K24<>"OK",NOT(ISNUMBER(Календарь!C$33))),"",MAX(0,IF(MIN(Календарь!C$33,$L24)<$E24,0,IF($F24="Разово",1,IF($F24="Еженедельно",INT((MIN(Календарь!C$33,$L24)-$E24)/7)+1,(YEAR(MIN(Календарь!C$33,$L24))-YEAR($E24))*12+MONTH(MIN(Календарь!C$33,$L24))-MONTH($E24)+1-IF(DAY(MIN(Календарь!C$33,$L24))<MIN(DAY($E24),DAY(EOMONTH(MIN(Календарь!C$33,$L24),0))),1,0))))-$M24)*$G24) | Q24: =IF(OR(K24<>"OK",NOT(ISNUMBER(Календарь!D$33))),"",MAX(0,IF(MIN(Календарь!D$33,$L24)<$E24,0,IF($F24="Разово",1,IF($F24="Еженедельно",INT((MIN(Календарь!D$33,$L24)-$E24)/7)+1,(YEAR(MIN(Календарь!D$33,$L24))-YEAR($E24))*12+MONTH(MIN(Календарь!D$33,$L24))-MONTH($E24)+1-IF(DAY(MIN(Календарь!D$33,$L24))<MIN(DAY($E24),DAY(EOMONTH(MIN(Календарь!D$33,$L24),0))),1,0))))-$M24)*$G24) | R24: =IF(OR(K24<>"OK",NOT(ISNUMBER(Календарь!E$33))),"",MAX(0,IF(MIN(Календарь!E$33,$L24)<$E24,0,IF($F24="Разово",1,IF($F24="Еженедельно",INT((MIN(Календарь!E$33,$L24)-$E24)/7)+1,(YEAR(MIN(Календарь!E$33,$L24))-YEAR($E24))*12+MONTH(MIN(Календарь!E$33,$L24))-MONTH($E24)+1-IF(DAY(MIN(Календарь!E$33,$L24))<MIN(DAY($E24),DAY(EOMONTH(MIN(Календарь!E$33,$L24),0))),1,0))))-$M24)*$G24) | S24: =IF(OR(K24<>"OK",NOT(ISNUMBER(Календарь!F$33))),"",MAX(0,IF(MIN(Календарь!F$33,$L24)<$E24,0,IF($F24="Разово",1,IF($F24="Еженедельно",INT((MIN(Календарь!F$33,$L24)-$E24)/7)+1,(YEAR(MIN(Календарь!F$33,$L24))-YEAR($E24))*12+MONTH(MIN(Календарь!F$33,$L24))-MONTH($E24)+1-IF(DAY(MIN(Календарь!F$33,$L24))<MIN(DAY($E24),DAY(EOMONTH(MIN(Календарь!F$33,$L24),0))),1,0))))-$M24)*$G24) | T24: =IF(OR(K24<>"OK",NOT(ISNUMBER(Календарь!G$33))),"",MAX(0,IF(MIN(Календарь!G$33,$L24)<$E24,0,IF($F24="Разово",1,IF($F24="Еженедельно",INT((MIN(Календарь!G$33,$L24)-$E24)/7)+1,(YEAR(MIN(Календарь!G$33,$L24))-YEAR($E24))*12+MONTH(MIN(Календарь!G$33,$L24))-MONTH($E24)+1-IF(DAY(MIN(Календарь!G$33,$L24))<MIN(DAY($E24),DAY(EOMONTH(MIN(Календарь!G$33,$L24),0))),1,0))))-$M24)*$G24) | U24: =IF(OR(K24<>"OK",NOT(ISNUMBER(Календарь!H$33))),"",MAX(0,IF(MIN(Календарь!H$33,$L24)<$E24,0,IF($F24="Разово",1,IF($F24="Еженедельно",INT((MIN(Календарь!H$33,$L24)-$E24)/7)+1,(YEAR(MIN(Календарь!H$33,$L24))-YEAR($E24))*12+MONTH(MIN(Календарь!H$33,$L24))-MONTH($E24)+1-IF(DAY(MIN(Календарь!H$33,$L24))<MIN(DAY($E24),DAY(EOMONTH(MIN(Календарь!H$33,$L24),0))),1,0))))-$M24)*$G24) | V24: =IF(OR(K24<>"OK",NOT(ISNUMBER(Календарь!I$33))),"",MAX(0,IF(MIN(Календарь!I$33,$L24)<$E24,0,IF($F24="Разово",1,IF($F24="Еженедельно",INT((MIN(Календарь!I$33,$L24)-$E24)/7)+1,(YEAR(MIN(Календарь!I$33,$L24))-YEAR($E24))*12+MONTH(MIN(Календарь!I$33,$L24))-MONTH($E24)+1-IF(DAY(MIN(Календарь!I$33,$L24))<MIN(DAY($E24),DAY(EOMONTH(MIN(Календарь!I$33,$L24),0))),1,0))))-$M24)*$G24) | W24: =IF(OR(K24<>"OK",NOT(ISNUMBER(Календарь!J$33))),"",MAX(0,IF(MIN(Календарь!J$33,$L24)<$E24,0,IF($F24="Разово",1,IF($F24="Еженедельно",INT((MIN(Календарь!J$33,$L24)-$E24)/7)+1,(YEAR(MIN(Календарь!J$33,$L24))-YEAR($E24))*12+MONTH(MIN(Календарь!J$33,$L24))-MONTH($E24)+1-IF(DAY(MIN(Календарь!J$33,$L24))<MIN(DAY($E24),DAY(EOMONTH(MIN(Календарь!J$33,$L24),0))),1,0))))-$M24)*$G24) | X24: =IF(OR(K24<>"OK",NOT(ISNUMBER(Календарь!K$33))),"",MAX(0,IF(MIN(Календарь!K$33,$L24)<$E24,0,IF($F24="Разово",1,IF($F24="Еженедельно",INT((MIN(Календарь!K$33,$L24)-$E24)/7)+1,(YEAR(MIN(Календарь!K$33,$L24))-YEAR($E24))*12+MONTH(MIN(Календарь!K$33,$L24))-MONTH($E24)+1-IF(DAY(MIN(Календарь!K$33,$L24))<MIN(DAY($E24),DAY(EOMONTH(MIN(Календарь!K$33,$L24),0))),1,0))))-$M24)*$G24) | Y24: =IF(OR(K24<>"OK",NOT(ISNUMBER(Календарь!L$33))),"",MAX(0,IF(MIN(Календарь!L$33,$L24)<$E24,0,IF($F24="Разово",1,IF($F24="Еженедельно",INT((MIN(Календарь!L$33,$L24)-$E24)/7)+1,(YEAR(MIN(Календарь!L$33,$L24))-YEAR($E24))*12+MONTH(MIN(Календарь!L$33,$L24))-MONTH($E24)+1-IF(DAY(MIN(Календарь!L$33,$L24))<MIN(DAY($E24),DAY(EOMONTH(MIN(Календарь!L$33,$L24),0))),1,0))))-$M24)*$G24) | Z24: =IF(OR(K24<>"OK",NOT(ISNUMBER(Календарь!M$33))),"",MAX(0,IF(MIN(Календарь!M$33,$L24)<$E24,0,IF($F24="Разово",1,IF($F24="Еженедельно",INT((MIN(Календарь!M$33,$L24)-$E24)/7)+1,(YEAR(MIN(Календарь!M$33,$L24))-YEAR($E24))*12+MONTH(MIN(Календарь!M$33,$L24))-MONTH($E24)+1-IF(DAY(MIN(Календарь!M$33,$L24))<MIN(DAY($E24),DAY(EOMONTH(MIN(Календарь!M$33,$L24),0))),1,0))))-$M24)*$G24) | AA24: =IF(OR(K24<>"OK",NOT(ISNUMBER(Календарь!N$33))),"",MAX(0,IF(MIN(Календарь!N$33,$L24)<$E24,0,IF($F24="Разово",1,IF($F24="Еженедельно",INT((MIN(Календарь!N$33,$L24)-$E24)/7)+1,(YEAR(MIN(Календарь!N$33,$L24))-YEAR($E24))*12+MONTH(MIN(Календарь!N$33,$L24))-MONTH($E24)+1-IF(DAY(MIN(Календарь!N$33,$L24))<MIN(DAY($E24),DAY(EOMONTH(MIN(Календарь!N$33,$L24),0))),1,0))))-$M24)*$G24)
K25: =IF(COUNTA(A25:I25)=0,"",IF(OR(A25="",B25="",C25="",AND(D25<>"Приход",D25<>"Расход"),NOT(ISNUMBER(E25)),NOT(ISNUMBER(G25)),AND(F25<>"Разово",F25<>"Еженедельно",F25<>"Ежемесячно")),"Ошибка: поля или тип",IF(OR(E25<>INT(E25),E25<36526,E25>109574,G25<0),"Ошибка: дата или сумма",IF(AND(H25<>"",NOT(ISNUMBER(H25))),"Ошибка: последний срок",IF(AND(ISNUMBER(H25),OR(H25<E25,H25<>INT(H25))),"Ошибка: последний срок",IF(COUNTIFS($A$12:$A$111,A25)<>1,"Ошибка: повтор ID","OK")))))) | L25: =IF(K25="OK",IF(H25="",DATE(2199,12,31),H25),"") | M25: =IF(AND(K25="OK",ISNUMBER(Календарь!$C$6)),IF(MIN(Календарь!$C$6-1,$L25)<$E25,0,IF($F25="Разово",1,IF($F25="Еженедельно",INT((MIN(Календарь!$C$6-1,$L25)-$E25)/7)+1,(YEAR(MIN(Календарь!$C$6-1,$L25))-YEAR($E25))*12+MONTH(MIN(Календарь!$C$6-1,$L25))-MONTH($E25)+1-IF(DAY(MIN(Календарь!$C$6-1,$L25))<MIN(DAY($E25),DAY(EOMONTH(MIN(Календарь!$C$6-1,$L25),0))),1,0)))),"") | N25: =IF(OR(K25<>"OK",NOT(ISNUMBER(Календарь!$L$5))),"",MAX(0,IF(MIN(Календарь!$L$5,$L25)<$E25,0,IF($F25="Разово",1,IF($F25="Еженедельно",INT((MIN(Календарь!$L$5,$L25)-$E25)/7)+1,(YEAR(MIN(Календарь!$L$5,$L25))-YEAR($E25))*12+MONTH(MIN(Календарь!$L$5,$L25))-MONTH($E25)+1-IF(DAY(MIN(Календарь!$L$5,$L25))<MIN(DAY($E25),DAY(EOMONTH(MIN(Календарь!$L$5,$L25),0))),1,0))))-$M25)*$G25) | O25: =IF(OR(K25<>"OK",NOT(ISNUMBER(Календарь!$C$32-1))),"",MAX(0,IF(MIN(Календарь!$C$32-1,$L25)<$E25,0,IF($F25="Разово",1,IF($F25="Еженедельно",INT((MIN(Календарь!$C$32-1,$L25)-$E25)/7)+1,(YEAR(MIN(Календарь!$C$32-1,$L25))-YEAR($E25))*12+MONTH(MIN(Календарь!$C$32-1,$L25))-MONTH($E25)+1-IF(DAY(MIN(Календарь!$C$32-1,$L25))<MIN(DAY($E25),DAY(EOMONTH(MIN(Календарь!$C$32-1,$L25),0))),1,0))))-$M25)*$G25) | P25: =IF(OR(K25<>"OK",NOT(ISNUMBER(Календарь!C$33))),"",MAX(0,IF(MIN(Календарь!C$33,$L25)<$E25,0,IF($F25="Разово",1,IF($F25="Еженедельно",INT((MIN(Календарь!C$33,$L25)-$E25)/7)+1,(YEAR(MIN(Календарь!C$33,$L25))-YEAR($E25))*12+MONTH(MIN(Календарь!C$33,$L25))-MONTH($E25)+1-IF(DAY(MIN(Календарь!C$33,$L25))<MIN(DAY($E25),DAY(EOMONTH(MIN(Календарь!C$33,$L25),0))),1,0))))-$M25)*$G25) | Q25: =IF(OR(K25<>"OK",NOT(ISNUMBER(Календарь!D$33))),"",MAX(0,IF(MIN(Календарь!D$33,$L25)<$E25,0,IF($F25="Разово",1,IF($F25="Еженедельно",INT((MIN(Календарь!D$33,$L25)-$E25)/7)+1,(YEAR(MIN(Календарь!D$33,$L25))-YEAR($E25))*12+MONTH(MIN(Календарь!D$33,$L25))-MONTH($E25)+1-IF(DAY(MIN(Календарь!D$33,$L25))<MIN(DAY($E25),DAY(EOMONTH(MIN(Календарь!D$33,$L25),0))),1,0))))-$M25)*$G25) | R25: =IF(OR(K25<>"OK",NOT(ISNUMBER(Календарь!E$33))),"",MAX(0,IF(MIN(Календарь!E$33,$L25)<$E25,0,IF($F25="Разово",1,IF($F25="Еженедельно",INT((MIN(Календарь!E$33,$L25)-$E25)/7)+1,(YEAR(MIN(Календарь!E$33,$L25))-YEAR($E25))*12+MONTH(MIN(Календарь!E$33,$L25))-MONTH($E25)+1-IF(DAY(MIN(Календарь!E$33,$L25))<MIN(DAY($E25),DAY(EOMONTH(MIN(Календарь!E$33,$L25),0))),1,0))))-$M25)*$G25) | S25: =IF(OR(K25<>"OK",NOT(ISNUMBER(Календарь!F$33))),"",MAX(0,IF(MIN(Календарь!F$33,$L25)<$E25,0,IF($F25="Разово",1,IF($F25="Еженедельно",INT((MIN(Календарь!F$33,$L25)-$E25)/7)+1,(YEAR(MIN(Календарь!F$33,$L25))-YEAR($E25))*12+MONTH(MIN(Календарь!F$33,$L25))-MONTH($E25)+1-IF(DAY(MIN(Календарь!F$33,$L25))<MIN(DAY($E25),DAY(EOMONTH(MIN(Календарь!F$33,$L25),0))),1,0))))-$M25)*$G25) | T25: =IF(OR(K25<>"OK",NOT(ISNUMBER(Календарь!G$33))),"",MAX(0,IF(MIN(Календарь!G$33,$L25)<$E25,0,IF($F25="Разово",1,IF($F25="Еженедельно",INT((MIN(Календарь!G$33,$L25)-$E25)/7)+1,(YEAR(MIN(Календарь!G$33,$L25))-YEAR($E25))*12+MONTH(MIN(Календарь!G$33,$L25))-MONTH($E25)+1-IF(DAY(MIN(Календарь!G$33,$L25))<MIN(DAY($E25),DAY(EOMONTH(MIN(Календарь!G$33,$L25),0))),1,0))))-$M25)*$G25) | U25: =IF(OR(K25<>"OK",NOT(ISNUMBER(Календарь!H$33))),"",MAX(0,IF(MIN(Календарь!H$33,$L25)<$E25,0,IF($F25="Разово",1,IF($F25="Еженедельно",INT((MIN(Календарь!H$33,$L25)-$E25)/7)+1,(YEAR(MIN(Календарь!H$33,$L25))-YEAR($E25))*12+MONTH(MIN(Календарь!H$33,$L25))-MONTH($E25)+1-IF(DAY(MIN(Календарь!H$33,$L25))<MIN(DAY($E25),DAY(EOMONTH(MIN(Календарь!H$33,$L25),0))),1,0))))-$M25)*$G25) | V25: =IF(OR(K25<>"OK",NOT(ISNUMBER(Календарь!I$33))),"",MAX(0,IF(MIN(Календарь!I$33,$L25)<$E25,0,IF($F25="Разово",1,IF($F25="Еженедельно",INT((MIN(Календарь!I$33,$L25)-$E25)/7)+1,(YEAR(MIN(Календарь!I$33,$L25))-YEAR($E25))*12+MONTH(MIN(Календарь!I$33,$L25))-MONTH($E25)+1-IF(DAY(MIN(Календарь!I$33,$L25))<MIN(DAY($E25),DAY(EOMONTH(MIN(Календарь!I$33,$L25),0))),1,0))))-$M25)*$G25) | W25: =IF(OR(K25<>"OK",NOT(ISNUMBER(Календарь!J$33))),"",MAX(0,IF(MIN(Календарь!J$33,$L25)<$E25,0,IF($F25="Разово",1,IF($F25="Еженедельно",INT((MIN(Календарь!J$33,$L25)-$E25)/7)+1,(YEAR(MIN(Календарь!J$33,$L25))-YEAR($E25))*12+MONTH(MIN(Календарь!J$33,$L25))-MONTH($E25)+1-IF(DAY(MIN(Календарь!J$33,$L25))<MIN(DAY($E25),DAY(EOMONTH(MIN(Календарь!J$33,$L25),0))),1,0))))-$M25)*$G25) | X25: =IF(OR(K25<>"OK",NOT(ISNUMBER(Календарь!K$33))),"",MAX(0,IF(MIN(Календарь!K$33,$L25)<$E25,0,IF($F25="Разово",1,IF($F25="Еженедельно",INT((MIN(Календарь!K$33,$L25)-$E25)/7)+1,(YEAR(MIN(Календарь!K$33,$L25))-YEAR($E25))*12+MONTH(MIN(Календарь!K$33,$L25))-MONTH($E25)+1-IF(DAY(MIN(Календарь!K$33,$L25))<MIN(DAY($E25),DAY(EOMONTH(MIN(Календарь!K$33,$L25),0))),1,0))))-$M25)*$G25) | Y25: =IF(OR(K25<>"OK",NOT(ISNUMBER(Календарь!L$33))),"",MAX(0,IF(MIN(Календарь!L$33,$L25)<$E25,0,IF($F25="Разово",1,IF($F25="Еженедельно",INT((MIN(Календарь!L$33,$L25)-$E25)/7)+1,(YEAR(MIN(Календарь!L$33,$L25))-YEAR($E25))*12+MONTH(MIN(Календарь!L$33,$L25))-MONTH($E25)+1-IF(DAY(MIN(Календарь!L$33,$L25))<MIN(DAY($E25),DAY(EOMONTH(MIN(Календарь!L$33,$L25),0))),1,0))))-$M25)*$G25) | Z25: =IF(OR(K25<>"OK",NOT(ISNUMBER(Календарь!M$33))),"",MAX(0,IF(MIN(Календарь!M$33,$L25)<$E25,0,IF($F25="Разово",1,IF($F25="Еженедельно",INT((MIN(Календарь!M$33,$L25)-$E25)/7)+1,(YEAR(MIN(Календарь!M$33,$L25))-YEAR($E25))*12+MONTH(MIN(Календарь!M$33,$L25))-MONTH($E25)+1-IF(DAY(MIN(Календарь!M$33,$L25))<MIN(DAY($E25),DAY(EOMONTH(MIN(Календарь!M$33,$L25),0))),1,0))))-$M25)*$G25) | AA25: =IF(OR(K25<>"OK",NOT(ISNUMBER(Календарь!N$33))),"",MAX(0,IF(MIN(Календарь!N$33,$L25)<$E25,0,IF($F25="Разово",1,IF($F25="Еженедельно",INT((MIN(Календарь!N$33,$L25)-$E25)/7)+1,(YEAR(MIN(Календарь!N$33,$L25))-YEAR($E25))*12+MONTH(MIN(Календарь!N$33,$L25))-MONTH($E25)+1-IF(DAY(MIN(Календарь!N$33,$L25))<MIN(DAY($E25),DAY(EOMONTH(MIN(Календарь!N$33,$L25),0))),1,0))))-$M25)*$G25)
K26: =IF(COUNTA(A26:I26)=0,"",IF(OR(A26="",B26="",C26="",AND(D26<>"Приход",D26<>"Расход"),NOT(ISNUMBER(E26)),NOT(ISNUMBER(G26)),AND(F26<>"Разово",F26<>"Еженедельно",F26<>"Ежемесячно")),"Ошибка: поля или тип",IF(OR(E26<>INT(E26),E26<36526,E26>109574,G26<0),"Ошибка: дата или сумма",IF(AND(H26<>"",NOT(ISNUMBER(H26))),"Ошибка: последний срок",IF(AND(ISNUMBER(H26),OR(H26<E26,H26<>INT(H26))),"Ошибка: последний срок",IF(COUNTIFS($A$12:$A$111,A26)<>1,"Ошибка: повтор ID","OK")))))) | L26: =IF(K26="OK",IF(H26="",DATE(2199,12,31),H26),"") | M26: =IF(AND(K26="OK",ISNUMBER(Календарь!$C$6)),IF(MIN(Календарь!$C$6-1,$L26)<$E26,0,IF($F26="Разово",1,IF($F26="Еженедельно",INT((MIN(Календарь!$C$6-1,$L26)-$E26)/7)+1,(YEAR(MIN(Календарь!$C$6-1,$L26))-YEAR($E26))*12+MONTH(MIN(Календарь!$C$6-1,$L26))-MONTH($E26)+1-IF(DAY(MIN(Календарь!$C$6-1,$L26))<MIN(DAY($E26),DAY(EOMONTH(MIN(Календарь!$C$6-1,$L26),0))),1,0)))),"") | N26: =IF(OR(K26<>"OK",NOT(ISNUMBER(Календарь!$L$5))),"",MAX(0,IF(MIN(Календарь!$L$5,$L26)<$E26,0,IF($F26="Разово",1,IF($F26="Еженедельно",INT((MIN(Календарь!$L$5,$L26)-$E26)/7)+1,(YEAR(MIN(Календарь!$L$5,$L26))-YEAR($E26))*12+MONTH(MIN(Календарь!$L$5,$L26))-MONTH($E26)+1-IF(DAY(MIN(Календарь!$L$5,$L26))<MIN(DAY($E26),DAY(EOMONTH(MIN(Календарь!$L$5,$L26),0))),1,0))))-$M26)*$G26) | O26: =IF(OR(K26<>"OK",NOT(ISNUMBER(Календарь!$C$32-1))),"",MAX(0,IF(MIN(Календарь!$C$32-1,$L26)<$E26,0,IF($F26="Разово",1,IF($F26="Еженедельно",INT((MIN(Календарь!$C$32-1,$L26)-$E26)/7)+1,(YEAR(MIN(Календарь!$C$32-1,$L26))-YEAR($E26))*12+MONTH(MIN(Календарь!$C$32-1,$L26))-MONTH($E26)+1-IF(DAY(MIN(Календарь!$C$32-1,$L26))<MIN(DAY($E26),DAY(EOMONTH(MIN(Календарь!$C$32-1,$L26),0))),1,0))))-$M26)*$G26) | P26: =IF(OR(K26<>"OK",NOT(ISNUMBER(Календарь!C$33))),"",MAX(0,IF(MIN(Календарь!C$33,$L26)<$E26,0,IF($F26="Разово",1,IF($F26="Еженедельно",INT((MIN(Календарь!C$33,$L26)-$E26)/7)+1,(YEAR(MIN(Календарь!C$33,$L26))-YEAR($E26))*12+MONTH(MIN(Календарь!C$33,$L26))-MONTH($E26)+1-IF(DAY(MIN(Календарь!C$33,$L26))<MIN(DAY($E26),DAY(EOMONTH(MIN(Календарь!C$33,$L26),0))),1,0))))-$M26)*$G26) | Q26: =IF(OR(K26<>"OK",NOT(ISNUMBER(Календарь!D$33))),"",MAX(0,IF(MIN(Календарь!D$33,$L26)<$E26,0,IF($F26="Разово",1,IF($F26="Еженедельно",INT((MIN(Календарь!D$33,$L26)-$E26)/7)+1,(YEAR(MIN(Календарь!D$33,$L26))-YEAR($E26))*12+MONTH(MIN(Календарь!D$33,$L26))-MONTH($E26)+1-IF(DAY(MIN(Календарь!D$33,$L26))<MIN(DAY($E26),DAY(EOMONTH(MIN(Календарь!D$33,$L26),0))),1,0))))-$M26)*$G26) | R26: =IF(OR(K26<>"OK",NOT(ISNUMBER(Календарь!E$33))),"",MAX(0,IF(MIN(Календарь!E$33,$L26)<$E26,0,IF($F26="Разово",1,IF($F26="Еженедельно",INT((MIN(Календарь!E$33,$L26)-$E26)/7)+1,(YEAR(MIN(Календарь!E$33,$L26))-YEAR($E26))*12+MONTH(MIN(Календарь!E$33,$L26))-MONTH($E26)+1-IF(DAY(MIN(Календарь!E$33,$L26))<MIN(DAY($E26),DAY(EOMONTH(MIN(Календарь!E$33,$L26),0))),1,0))))-$M26)*$G26) | S26: =IF(OR(K26<>"OK",NOT(ISNUMBER(Календарь!F$33))),"",MAX(0,IF(MIN(Календарь!F$33,$L26)<$E26,0,IF($F26="Разово",1,IF($F26="Еженедельно",INT((MIN(Календарь!F$33,$L26)-$E26)/7)+1,(YEAR(MIN(Календарь!F$33,$L26))-YEAR($E26))*12+MONTH(MIN(Календарь!F$33,$L26))-MONTH($E26)+1-IF(DAY(MIN(Календарь!F$33,$L26))<MIN(DAY($E26),DAY(EOMONTH(MIN(Календарь!F$33,$L26),0))),1,0))))-$M26)*$G26) | T26: =IF(OR(K26<>"OK",NOT(ISNUMBER(Календарь!G$33))),"",MAX(0,IF(MIN(Календарь!G$33,$L26)<$E26,0,IF($F26="Разово",1,IF($F26="Еженедельно",INT((MIN(Календарь!G$33,$L26)-$E26)/7)+1,(YEAR(MIN(Календарь!G$33,$L26))-YEAR($E26))*12+MONTH(MIN(Календарь!G$33,$L26))-MONTH($E26)+1-IF(DAY(MIN(Календарь!G$33,$L26))<MIN(DAY($E26),DAY(EOMONTH(MIN(Календарь!G$33,$L26),0))),1,0))))-$M26)*$G26) | U26: =IF(OR(K26<>"OK",NOT(ISNUMBER(Календарь!H$33))),"",MAX(0,IF(MIN(Календарь!H$33,$L26)<$E26,0,IF($F26="Разово",1,IF($F26="Еженедельно",INT((MIN(Календарь!H$33,$L26)-$E26)/7)+1,(YEAR(MIN(Календарь!H$33,$L26))-YEAR($E26))*12+MONTH(MIN(Календарь!H$33,$L26))-MONTH($E26)+1-IF(DAY(MIN(Календарь!H$33,$L26))<MIN(DAY($E26),DAY(EOMONTH(MIN(Календарь!H$33,$L26),0))),1,0))))-$M26)*$G26) | V26: =IF(OR(K26<>"OK",NOT(ISNUMBER(Календарь!I$33))),"",MAX(0,IF(MIN(Календарь!I$33,$L26)<$E26,0,IF($F26="Разово",1,IF($F26="Еженедельно",INT((MIN(Календарь!I$33,$L26)-$E26)/7)+1,(YEAR(MIN(Календарь!I$33,$L26))-YEAR($E26))*12+MONTH(MIN(Календарь!I$33,$L26))-MONTH($E26)+1-IF(DAY(MIN(Календарь!I$33,$L26))<MIN(DAY($E26),DAY(EOMONTH(MIN(Календарь!I$33,$L26),0))),1,0))))-$M26)*$G26) | W26: =IF(OR(K26<>"OK",NOT(ISNUMBER(Календарь!J$33))),"",MAX(0,IF(MIN(Календарь!J$33,$L26)<$E26,0,IF($F26="Разово",1,IF($F26="Еженедельно",INT((MIN(Календарь!J$33,$L26)-$E26)/7)+1,(YEAR(MIN(Календарь!J$33,$L26))-YEAR($E26))*12+MONTH(MIN(Календарь!J$33,$L26))-MONTH($E26)+1-IF(DAY(MIN(Календарь!J$33,$L26))<MIN(DAY($E26),DAY(EOMONTH(MIN(Календарь!J$33,$L26),0))),1,0))))-$M26)*$G26) | X26: =IF(OR(K26<>"OK",NOT(ISNUMBER(Календарь!K$33))),"",MAX(0,IF(MIN(Календарь!K$33,$L26)<$E26,0,IF($F26="Разово",1,IF($F26="Еженедельно",INT((MIN(Календарь!K$33,$L26)-$E26)/7)+1,(YEAR(MIN(Календарь!K$33,$L26))-YEAR($E26))*12+MONTH(MIN(Календарь!K$33,$L26))-MONTH($E26)+1-IF(DAY(MIN(Календарь!K$33,$L26))<MIN(DAY($E26),DAY(EOMONTH(MIN(Календарь!K$33,$L26),0))),1,0))))-$M26)*$G26) | Y26: =IF(OR(K26<>"OK",NOT(ISNUMBER(Календарь!L$33))),"",MAX(0,IF(MIN(Календарь!L$33,$L26)<$E26,0,IF($F26="Разово",1,IF($F26="Еженедельно",INT((MIN(Календарь!L$33,$L26)-$E26)/7)+1,(YEAR(MIN(Календарь!L$33,$L26))-YEAR($E26))*12+MONTH(MIN(Календарь!L$33,$L26))-MONTH($E26)+1-IF(DAY(MIN(Календарь!L$33,$L26))<MIN(DAY($E26),DAY(EOMONTH(MIN(Календарь!L$33,$L26),0))),1,0))))-$M26)*$G26) | Z26: =IF(OR(K26<>"OK",NOT(ISNUMBER(Календарь!M$33))),"",MAX(0,IF(MIN(Календарь!M$33,$L26)<$E26,0,IF($F26="Разово",1,IF($F26="Еженедельно",INT((MIN(Календарь!M$33,$L26)-$E26)/7)+1,(YEAR(MIN(Календарь!M$33,$L26))-YEAR($E26))*12+MONTH(MIN(Календарь!M$33,$L26))-MONTH($E26)+1-IF(DAY(MIN(Календарь!M$33,$L26))<MIN(DAY($E26),DAY(EOMONTH(MIN(Календарь!M$33,$L26),0))),1,0))))-$M26)*$G26) | AA26: =IF(OR(K26<>"OK",NOT(ISNUMBER(Календарь!N$33))),"",MAX(0,IF(MIN(Календарь!N$33,$L26)<$E26,0,IF($F26="Разово",1,IF($F26="Еженедельно",INT((MIN(Календарь!N$33,$L26)-$E26)/7)+1,(YEAR(MIN(Календарь!N$33,$L26))-YEAR($E26))*12+MONTH(MIN(Календарь!N$33,$L26))-MONTH($E26)+1-IF(DAY(MIN(Календарь!N$33,$L26))<MIN(DAY($E26),DAY(EOMONTH(MIN(Календарь!N$33,$L26),0))),1,0))))-$M26)*$G26)
K27: =IF(COUNTA(A27:I27)=0,"",IF(OR(A27="",B27="",C27="",AND(D27<>"Приход",D27<>"Расход"),NOT(ISNUMBER(E27)),NOT(ISNUMBER(G27)),AND(F27<>"Разово",F27<>"Еженедельно",F27<>"Ежемесячно")),"Ошибка: поля или тип",IF(OR(E27<>INT(E27),E27<36526,E27>109574,G27<0),"Ошибка: дата или сумма",IF(AND(H27<>"",NOT(ISNUMBER(H27))),"Ошибка: последний срок",IF(AND(ISNUMBER(H27),OR(H27<E27,H27<>INT(H27))),"Ошибка: последний срок",IF(COUNTIFS($A$12:$A$111,A27)<>1,"Ошибка: повтор ID","OK")))))) | L27: =IF(K27="OK",IF(H27="",DATE(2199,12,31),H27),"") | M27: =IF(AND(K27="OK",ISNUMBER(Календарь!$C$6)),IF(MIN(Календарь!$C$6-1,$L27)<$E27,0,IF($F27="Разово",1,IF($F27="Еженедельно",INT((MIN(Календарь!$C$6-1,$L27)-$E27)/7)+1,(YEAR(MIN(Календарь!$C$6-1,$L27))-YEAR($E27))*12+MONTH(MIN(Календарь!$C$6-1,$L27))-MONTH($E27)+1-IF(DAY(MIN(Календарь!$C$6-1,$L27))<MIN(DAY($E27),DAY(EOMONTH(MIN(Календарь!$C$6-1,$L27),0))),1,0)))),"") | N27: =IF(OR(K27<>"OK",NOT(ISNUMBER(Календарь!$L$5))),"",MAX(0,IF(MIN(Календарь!$L$5,$L27)<$E27,0,IF($F27="Разово",1,IF($F27="Еженедельно",INT((MIN(Календарь!$L$5,$L27)-$E27)/7)+1,(YEAR(MIN(Календарь!$L$5,$L27))-YEAR($E27))*12+MONTH(MIN(Календарь!$L$5,$L27))-MONTH($E27)+1-IF(DAY(MIN(Календарь!$L$5,$L27))<MIN(DAY($E27),DAY(EOMONTH(MIN(Календарь!$L$5,$L27),0))),1,0))))-$M27)*$G27) | O27: =IF(OR(K27<>"OK",NOT(ISNUMBER(Календарь!$C$32-1))),"",MAX(0,IF(MIN(Календарь!$C$32-1,$L27)<$E27,0,IF($F27="Разово",1,IF($F27="Еженедельно",INT((MIN(Календарь!$C$32-1,$L27)-$E27)/7)+1,(YEAR(MIN(Календарь!$C$32-1,$L27))-YEAR($E27))*12+MONTH(MIN(Календарь!$C$32-1,$L27))-MONTH($E27)+1-IF(DAY(MIN(Календарь!$C$32-1,$L27))<MIN(DAY($E27),DAY(EOMONTH(MIN(Календарь!$C$32-1,$L27),0))),1,0))))-$M27)*$G27) | P27: =IF(OR(K27<>"OK",NOT(ISNUMBER(Календарь!C$33))),"",MAX(0,IF(MIN(Календарь!C$33,$L27)<$E27,0,IF($F27="Разово",1,IF($F27="Еженедельно",INT((MIN(Календарь!C$33,$L27)-$E27)/7)+1,(YEAR(MIN(Календарь!C$33,$L27))-YEAR($E27))*12+MONTH(MIN(Календарь!C$33,$L27))-MONTH($E27)+1-IF(DAY(MIN(Календарь!C$33,$L27))<MIN(DAY($E27),DAY(EOMONTH(MIN(Календарь!C$33,$L27),0))),1,0))))-$M27)*$G27) | Q27: =IF(OR(K27<>"OK",NOT(ISNUMBER(Календарь!D$33))),"",MAX(0,IF(MIN(Календарь!D$33,$L27)<$E27,0,IF($F27="Разово",1,IF($F27="Еженедельно",INT((MIN(Календарь!D$33,$L27)-$E27)/7)+1,(YEAR(MIN(Календарь!D$33,$L27))-YEAR($E27))*12+MONTH(MIN(Календарь!D$33,$L27))-MONTH($E27)+1-IF(DAY(MIN(Календарь!D$33,$L27))<MIN(DAY($E27),DAY(EOMONTH(MIN(Календарь!D$33,$L27),0))),1,0))))-$M27)*$G27) | R27: =IF(OR(K27<>"OK",NOT(ISNUMBER(Календарь!E$33))),"",MAX(0,IF(MIN(Календарь!E$33,$L27)<$E27,0,IF($F27="Разово",1,IF($F27="Еженедельно",INT((MIN(Календарь!E$33,$L27)-$E27)/7)+1,(YEAR(MIN(Календарь!E$33,$L27))-YEAR($E27))*12+MONTH(MIN(Календарь!E$33,$L27))-MONTH($E27)+1-IF(DAY(MIN(Календарь!E$33,$L27))<MIN(DAY($E27),DAY(EOMONTH(MIN(Календарь!E$33,$L27),0))),1,0))))-$M27)*$G27) | S27: =IF(OR(K27<>"OK",NOT(ISNUMBER(Календарь!F$33))),"",MAX(0,IF(MIN(Календарь!F$33,$L27)<$E27,0,IF($F27="Разово",1,IF($F27="Еженедельно",INT((MIN(Календарь!F$33,$L27)-$E27)/7)+1,(YEAR(MIN(Календарь!F$33,$L27))-YEAR($E27))*12+MONTH(MIN(Календарь!F$33,$L27))-MONTH($E27)+1-IF(DAY(MIN(Календарь!F$33,$L27))<MIN(DAY($E27),DAY(EOMONTH(MIN(Календарь!F$33,$L27),0))),1,0))))-$M27)*$G27) | T27: =IF(OR(K27<>"OK",NOT(ISNUMBER(Календарь!G$33))),"",MAX(0,IF(MIN(Календарь!G$33,$L27)<$E27,0,IF($F27="Разово",1,IF($F27="Еженедельно",INT((MIN(Календарь!G$33,$L27)-$E27)/7)+1,(YEAR(MIN(Календарь!G$33,$L27))-YEAR($E27))*12+MONTH(MIN(Календарь!G$33,$L27))-MONTH($E27)+1-IF(DAY(MIN(Календарь!G$33,$L27))<MIN(DAY($E27),DAY(EOMONTH(MIN(Календарь!G$33,$L27),0))),1,0))))-$M27)*$G27) | U27: =IF(OR(K27<>"OK",NOT(ISNUMBER(Календарь!H$33))),"",MAX(0,IF(MIN(Календарь!H$33,$L27)<$E27,0,IF($F27="Разово",1,IF($F27="Еженедельно",INT((MIN(Календарь!H$33,$L27)-$E27)/7)+1,(YEAR(MIN(Календарь!H$33,$L27))-YEAR($E27))*12+MONTH(MIN(Календарь!H$33,$L27))-MONTH($E27)+1-IF(DAY(MIN(Календарь!H$33,$L27))<MIN(DAY($E27),DAY(EOMONTH(MIN(Календарь!H$33,$L27),0))),1,0))))-$M27)*$G27) | V27: =IF(OR(K27<>"OK",NOT(ISNUMBER(Календарь!I$33))),"",MAX(0,IF(MIN(Календарь!I$33,$L27)<$E27,0,IF($F27="Разово",1,IF($F27="Еженедельно",INT((MIN(Календарь!I$33,$L27)-$E27)/7)+1,(YEAR(MIN(Календарь!I$33,$L27))-YEAR($E27))*12+MONTH(MIN(Календарь!I$33,$L27))-MONTH($E27)+1-IF(DAY(MIN(Календарь!I$33,$L27))<MIN(DAY($E27),DAY(EOMONTH(MIN(Календарь!I$33,$L27),0))),1,0))))-$M27)*$G27) | W27: =IF(OR(K27<>"OK",NOT(ISNUMBER(Календарь!J$33))),"",MAX(0,IF(MIN(Календарь!J$33,$L27)<$E27,0,IF($F27="Разово",1,IF($F27="Еженедельно",INT((MIN(Календарь!J$33,$L27)-$E27)/7)+1,(YEAR(MIN(Календарь!J$33,$L27))-YEAR($E27))*12+MONTH(MIN(Календарь!J$33,$L27))-MONTH($E27)+1-IF(DAY(MIN(Календарь!J$33,$L27))<MIN(DAY($E27),DAY(EOMONTH(MIN(Календарь!J$33,$L27),0))),1,0))))-$M27)*$G27) | X27: =IF(OR(K27<>"OK",NOT(ISNUMBER(Календарь!K$33))),"",MAX(0,IF(MIN(Календарь!K$33,$L27)<$E27,0,IF($F27="Разово",1,IF($F27="Еженедельно",INT((MIN(Календарь!K$33,$L27)-$E27)/7)+1,(YEAR(MIN(Календарь!K$33,$L27))-YEAR($E27))*12+MONTH(MIN(Календарь!K$33,$L27))-MONTH($E27)+1-IF(DAY(MIN(Календарь!K$33,$L27))<MIN(DAY($E27),DAY(EOMONTH(MIN(Календарь!K$33,$L27),0))),1,0))))-$M27)*$G27) | Y27: =IF(OR(K27<>"OK",NOT(ISNUMBER(Календарь!L$33))),"",MAX(0,IF(MIN(Календарь!L$33,$L27)<$E27,0,IF($F27="Разово",1,IF($F27="Еженедельно",INT((MIN(Календарь!L$33,$L27)-$E27)/7)+1,(YEAR(MIN(Календарь!L$33,$L27))-YEAR($E27))*12+MONTH(MIN(Календарь!L$33,$L27))-MONTH($E27)+1-IF(DAY(MIN(Календарь!L$33,$L27))<MIN(DAY($E27),DAY(EOMONTH(MIN(Календарь!L$33,$L27),0))),1,0))))-$M27)*$G27) | Z27: =IF(OR(K27<>"OK",NOT(ISNUMBER(Календарь!M$33))),"",MAX(0,IF(MIN(Календарь!M$33,$L27)<$E27,0,IF($F27="Разово",1,IF($F27="Еженедельно",INT((MIN(Календарь!M$33,$L27)-$E27)/7)+1,(YEAR(MIN(Календарь!M$33,$L27))-YEAR($E27))*12+MONTH(MIN(Календарь!M$33,$L27))-MONTH($E27)+1-IF(DAY(MIN(Календарь!M$33,$L27))<MIN(DAY($E27),DAY(EOMONTH(MIN(Календарь!M$33,$L27),0))),1,0))))-$M27)*$G27) | AA27: =IF(OR(K27<>"OK",NOT(ISNUMBER(Календарь!N$33))),"",MAX(0,IF(MIN(Календарь!N$33,$L27)<$E27,0,IF($F27="Разово",1,IF($F27="Еженедельно",INT((MIN(Календарь!N$33,$L27)-$E27)/7)+1,(YEAR(MIN(Календарь!N$33,$L27))-YEAR($E27))*12+MONTH(MIN(Календарь!N$33,$L27))-MONTH($E27)+1-IF(DAY(MIN(Календарь!N$33,$L27))<MIN(DAY($E27),DAY(EOMONTH(MIN(Календарь!N$33,$L27),0))),1,0))))-$M27)*$G27)
K28: =IF(COUNTA(A28:I28)=0,"",IF(OR(A28="",B28="",C28="",AND(D28<>"Приход",D28<>"Расход"),NOT(ISNUMBER(E28)),NOT(ISNUMBER(G28)),AND(F28<>"Разово",F28<>"Еженедельно",F28<>"Ежемесячно")),"Ошибка: поля или тип",IF(OR(E28<>INT(E28),E28<36526,E28>109574,G28<0),"Ошибка: дата или сумма",IF(AND(H28<>"",NOT(ISNUMBER(H28))),"Ошибка: последний срок",IF(AND(ISNUMBER(H28),OR(H28<E28,H28<>INT(H28))),"Ошибка: последний срок",IF(COUNTIFS($A$12:$A$111,A28)<>1,"Ошибка: повтор ID","OK")))))) | L28: =IF(K28="OK",IF(H28="",DATE(2199,12,31),H28),"") | M28: =IF(AND(K28="OK",ISNUMBER(Календарь!$C$6)),IF(MIN(Календарь!$C$6-1,$L28)<$E28,0,IF($F28="Разово",1,IF($F28="Еженедельно",INT((MIN(Календарь!$C$6-1,$L28)-$E28)/7)+1,(YEAR(MIN(Календарь!$C$6-1,$L28))-YEAR($E28))*12+MONTH(MIN(Календарь!$C$6-1,$L28))-MONTH($E28)+1-IF(DAY(MIN(Календарь!$C$6-1,$L28))<MIN(DAY($E28),DAY(EOMONTH(MIN(Календарь!$C$6-1,$L28),0))),1,0)))),"") | N28: =IF(OR(K28<>"OK",NOT(ISNUMBER(Календарь!$L$5))),"",MAX(0,IF(MIN(Календарь!$L$5,$L28)<$E28,0,IF($F28="Разово",1,IF($F28="Еженедельно",INT((MIN(Календарь!$L$5,$L28)-$E28)/7)+1,(YEAR(MIN(Календарь!$L$5,$L28))-YEAR($E28))*12+MONTH(MIN(Календарь!$L$5,$L28))-MONTH($E28)+1-IF(DAY(MIN(Календарь!$L$5,$L28))<MIN(DAY($E28),DAY(EOMONTH(MIN(Календарь!$L$5,$L28),0))),1,0))))-$M28)*$G28) | O28: =IF(OR(K28<>"OK",NOT(ISNUMBER(Календарь!$C$32-1))),"",MAX(0,IF(MIN(Календарь!$C$32-1,$L28)<$E28,0,IF($F28="Разово",1,IF($F28="Еженедельно",INT((MIN(Календарь!$C$32-1,$L28)-$E28)/7)+1,(YEAR(MIN(Календарь!$C$32-1,$L28))-YEAR($E28))*12+MONTH(MIN(Календарь!$C$32-1,$L28))-MONTH($E28)+1-IF(DAY(MIN(Календарь!$C$32-1,$L28))<MIN(DAY($E28),DAY(EOMONTH(MIN(Календарь!$C$32-1,$L28),0))),1,0))))-$M28)*$G28) | P28: =IF(OR(K28<>"OK",NOT(ISNUMBER(Календарь!C$33))),"",MAX(0,IF(MIN(Календарь!C$33,$L28)<$E28,0,IF($F28="Разово",1,IF($F28="Еженедельно",INT((MIN(Календарь!C$33,$L28)-$E28)/7)+1,(YEAR(MIN(Календарь!C$33,$L28))-YEAR($E28))*12+MONTH(MIN(Календарь!C$33,$L28))-MONTH($E28)+1-IF(DAY(MIN(Календарь!C$33,$L28))<MIN(DAY($E28),DAY(EOMONTH(MIN(Календарь!C$33,$L28),0))),1,0))))-$M28)*$G28) | Q28: =IF(OR(K28<>"OK",NOT(ISNUMBER(Календарь!D$33))),"",MAX(0,IF(MIN(Календарь!D$33,$L28)<$E28,0,IF($F28="Разово",1,IF($F28="Еженедельно",INT((MIN(Календарь!D$33,$L28)-$E28)/7)+1,(YEAR(MIN(Календарь!D$33,$L28))-YEAR($E28))*12+MONTH(MIN(Календарь!D$33,$L28))-MONTH($E28)+1-IF(DAY(MIN(Календарь!D$33,$L28))<MIN(DAY($E28),DAY(EOMONTH(MIN(Календарь!D$33,$L28),0))),1,0))))-$M28)*$G28) | R28: =IF(OR(K28<>"OK",NOT(ISNUMBER(Календарь!E$33))),"",MAX(0,IF(MIN(Календарь!E$33,$L28)<$E28,0,IF($F28="Разово",1,IF($F28="Еженедельно",INT((MIN(Календарь!E$33,$L28)-$E28)/7)+1,(YEAR(MIN(Календарь!E$33,$L28))-YEAR($E28))*12+MONTH(MIN(Календарь!E$33,$L28))-MONTH($E28)+1-IF(DAY(MIN(Календарь!E$33,$L28))<MIN(DAY($E28),DAY(EOMONTH(MIN(Календарь!E$33,$L28),0))),1,0))))-$M28)*$G28) | S28: =IF(OR(K28<>"OK",NOT(ISNUMBER(Календарь!F$33))),"",MAX(0,IF(MIN(Календарь!F$33,$L28)<$E28,0,IF($F28="Разово",1,IF($F28="Еженедельно",INT((MIN(Календарь!F$33,$L28)-$E28)/7)+1,(YEAR(MIN(Календарь!F$33,$L28))-YEAR($E28))*12+MONTH(MIN(Календарь!F$33,$L28))-MONTH($E28)+1-IF(DAY(MIN(Календарь!F$33,$L28))<MIN(DAY($E28),DAY(EOMONTH(MIN(Календарь!F$33,$L28),0))),1,0))))-$M28)*$G28) | T28: =IF(OR(K28<>"OK",NOT(ISNUMBER(Календарь!G$33))),"",MAX(0,IF(MIN(Календарь!G$33,$L28)<$E28,0,IF($F28="Разово",1,IF($F28="Еженедельно",INT((MIN(Календарь!G$33,$L28)-$E28)/7)+1,(YEAR(MIN(Календарь!G$33,$L28))-YEAR($E28))*12+MONTH(MIN(Календарь!G$33,$L28))-MONTH($E28)+1-IF(DAY(MIN(Календарь!G$33,$L28))<MIN(DAY($E28),DAY(EOMONTH(MIN(Календарь!G$33,$L28),0))),1,0))))-$M28)*$G28) | U28: =IF(OR(K28<>"OK",NOT(ISNUMBER(Календарь!H$33))),"",MAX(0,IF(MIN(Календарь!H$33,$L28)<$E28,0,IF($F28="Разово",1,IF($F28="Еженедельно",INT((MIN(Календарь!H$33,$L28)-$E28)/7)+1,(YEAR(MIN(Календарь!H$33,$L28))-YEAR($E28))*12+MONTH(MIN(Календарь!H$33,$L28))-MONTH($E28)+1-IF(DAY(MIN(Календарь!H$33,$L28))<MIN(DAY($E28),DAY(EOMONTH(MIN(Календарь!H$33,$L28),0))),1,0))))-$M28)*$G28) | V28: =IF(OR(K28<>"OK",NOT(ISNUMBER(Календарь!I$33))),"",MAX(0,IF(MIN(Календарь!I$33,$L28)<$E28,0,IF($F28="Разово",1,IF($F28="Еженедельно",INT((MIN(Календарь!I$33,$L28)-$E28)/7)+1,(YEAR(MIN(Календарь!I$33,$L28))-YEAR($E28))*12+MONTH(MIN(Календарь!I$33,$L28))-MONTH($E28)+1-IF(DAY(MIN(Календарь!I$33,$L28))<MIN(DAY($E28),DAY(EOMONTH(MIN(Календарь!I$33,$L28),0))),1,0))))-$M28)*$G28) | W28: =IF(OR(K28<>"OK",NOT(ISNUMBER(Календарь!J$33))),"",MAX(0,IF(MIN(Календарь!J$33,$L28)<$E28,0,IF($F28="Разово",1,IF($F28="Еженедельно",INT((MIN(Календарь!J$33,$L28)-$E28)/7)+1,(YEAR(MIN(Календарь!J$33,$L28))-YEAR($E28))*12+MONTH(MIN(Календарь!J$33,$L28))-MONTH($E28)+1-IF(DAY(MIN(Календарь!J$33,$L28))<MIN(DAY($E28),DAY(EOMONTH(MIN(Календарь!J$33,$L28),0))),1,0))))-$M28)*$G28) | X28: =IF(OR(K28<>"OK",NOT(ISNUMBER(Календарь!K$33))),"",MAX(0,IF(MIN(Календарь!K$33,$L28)<$E28,0,IF($F28="Разово",1,IF($F28="Еженедельно",INT((MIN(Календарь!K$33,$L28)-$E28)/7)+1,(YEAR(MIN(Календарь!K$33,$L28))-YEAR($E28))*12+MONTH(MIN(Календарь!K$33,$L28))-MONTH($E28)+1-IF(DAY(MIN(Календарь!K$33,$L28))<MIN(DAY($E28),DAY(EOMONTH(MIN(Календарь!K$33,$L28),0))),1,0))))-$M28)*$G28) | Y28: =IF(OR(K28<>"OK",NOT(ISNUMBER(Календарь!L$33))),"",MAX(0,IF(MIN(Календарь!L$33,$L28)<$E28,0,IF($F28="Разово",1,IF($F28="Еженедельно",INT((MIN(Календарь!L$33,$L28)-$E28)/7)+1,(YEAR(MIN(Календарь!L$33,$L28))-YEAR($E28))*12+MONTH(MIN(Календарь!L$33,$L28))-MONTH($E28)+1-IF(DAY(MIN(Календарь!L$33,$L28))<MIN(DAY($E28),DAY(EOMONTH(MIN(Календарь!L$33,$L28),0))),1,0))))-$M28)*$G28) | Z28: =IF(OR(K28<>"OK",NOT(ISNUMBER(Календарь!M$33))),"",MAX(0,IF(MIN(Календарь!M$33,$L28)<$E28,0,IF($F28="Разово",1,IF($F28="Еженедельно",INT((MIN(Календарь!M$33,$L28)-$E28)/7)+1,(YEAR(MIN(Календарь!M$33,$L28))-YEAR($E28))*12+MONTH(MIN(Календарь!M$33,$L28))-MONTH($E28)+1-IF(DAY(MIN(Календарь!M$33,$L28))<MIN(DAY($E28),DAY(EOMONTH(MIN(Календарь!M$33,$L28),0))),1,0))))-$M28)*$G28) | AA28: =IF(OR(K28<>"OK",NOT(ISNUMBER(Календарь!N$33))),"",MAX(0,IF(MIN(Календарь!N$33,$L28)<$E28,0,IF($F28="Разово",1,IF($F28="Еженедельно",INT((MIN(Календарь!N$33,$L28)-$E28)/7)+1,(YEAR(MIN(Календарь!N$33,$L28))-YEAR($E28))*12+MONTH(MIN(Календарь!N$33,$L28))-MONTH($E28)+1-IF(DAY(MIN(Календарь!N$33,$L28))<MIN(DAY($E28),DAY(EOMONTH(MIN(Календарь!N$33,$L28),0))),1,0))))-$M28)*$G28)
K29: =IF(COUNTA(A29:I29)=0,"",IF(OR(A29="",B29="",C29="",AND(D29<>"Приход",D29<>"Расход"),NOT(ISNUMBER(E29)),NOT(ISNUMBER(G29)),AND(F29<>"Разово",F29<>"Еженедельно",F29<>"Ежемесячно")),"Ошибка: поля или тип",IF(OR(E29<>INT(E29),E29<36526,E29>109574,G29<0),"Ошибка: дата или сумма",IF(AND(H29<>"",NOT(ISNUMBER(H29))),"Ошибка: последний срок",IF(AND(ISNUMBER(H29),OR(H29<E29,H29<>INT(H29))),"Ошибка: последний срок",IF(COUNTIFS($A$12:$A$111,A29)<>1,"Ошибка: повтор ID","OK")))))) | L29: =IF(K29="OK",IF(H29="",DATE(2199,12,31),H29),"") | M29: =IF(AND(K29="OK",ISNUMBER(Календарь!$C$6)),IF(MIN(Календарь!$C$6-1,$L29)<$E29,0,IF($F29="Разово",1,IF($F29="Еженедельно",INT((MIN(Календарь!$C$6-1,$L29)-$E29)/7)+1,(YEAR(MIN(Календарь!$C$6-1,$L29))-YEAR($E29))*12+MONTH(MIN(Календарь!$C$6-1,$L29))-MONTH($E29)+1-IF(DAY(MIN(Календарь!$C$6-1,$L29))<MIN(DAY($E29),DAY(EOMONTH(MIN(Календарь!$C$6-1,$L29),0))),1,0)))),"") | N29: =IF(OR(K29<>"OK",NOT(ISNUMBER(Календарь!$L$5))),"",MAX(0,IF(MIN(Календарь!$L$5,$L29)<$E29,0,IF($F29="Разово",1,IF($F29="Еженедельно",INT((MIN(Календарь!$L$5,$L29)-$E29)/7)+1,(YEAR(MIN(Календарь!$L$5,$L29))-YEAR($E29))*12+MONTH(MIN(Календарь!$L$5,$L29))-MONTH($E29)+1-IF(DAY(MIN(Календарь!$L$5,$L29))<MIN(DAY($E29),DAY(EOMONTH(MIN(Календарь!$L$5,$L29),0))),1,0))))-$M29)*$G29) | O29: =IF(OR(K29<>"OK",NOT(ISNUMBER(Календарь!$C$32-1))),"",MAX(0,IF(MIN(Календарь!$C$32-1,$L29)<$E29,0,IF($F29="Разово",1,IF($F29="Еженедельно",INT((MIN(Календарь!$C$32-1,$L29)-$E29)/7)+1,(YEAR(MIN(Календарь!$C$32-1,$L29))-YEAR($E29))*12+MONTH(MIN(Календарь!$C$32-1,$L29))-MONTH($E29)+1-IF(DAY(MIN(Календарь!$C$32-1,$L29))<MIN(DAY($E29),DAY(EOMONTH(MIN(Календарь!$C$32-1,$L29),0))),1,0))))-$M29)*$G29) | P29: =IF(OR(K29<>"OK",NOT(ISNUMBER(Календарь!C$33))),"",MAX(0,IF(MIN(Календарь!C$33,$L29)<$E29,0,IF($F29="Разово",1,IF($F29="Еженедельно",INT((MIN(Календарь!C$33,$L29)-$E29)/7)+1,(YEAR(MIN(Календарь!C$33,$L29))-YEAR($E29))*12+MONTH(MIN(Календарь!C$33,$L29))-MONTH($E29)+1-IF(DAY(MIN(Календарь!C$33,$L29))<MIN(DAY($E29),DAY(EOMONTH(MIN(Календарь!C$33,$L29),0))),1,0))))-$M29)*$G29) | Q29: =IF(OR(K29<>"OK",NOT(ISNUMBER(Календарь!D$33))),"",MAX(0,IF(MIN(Календарь!D$33,$L29)<$E29,0,IF($F29="Разово",1,IF($F29="Еженедельно",INT((MIN(Календарь!D$33,$L29)-$E29)/7)+1,(YEAR(MIN(Календарь!D$33,$L29))-YEAR($E29))*12+MONTH(MIN(Календарь!D$33,$L29))-MONTH($E29)+1-IF(DAY(MIN(Календарь!D$33,$L29))<MIN(DAY($E29),DAY(EOMONTH(MIN(Календарь!D$33,$L29),0))),1,0))))-$M29)*$G29) | R29: =IF(OR(K29<>"OK",NOT(ISNUMBER(Календарь!E$33))),"",MAX(0,IF(MIN(Календарь!E$33,$L29)<$E29,0,IF($F29="Разово",1,IF($F29="Еженедельно",INT((MIN(Календарь!E$33,$L29)-$E29)/7)+1,(YEAR(MIN(Календарь!E$33,$L29))-YEAR($E29))*12+MONTH(MIN(Календарь!E$33,$L29))-MONTH($E29)+1-IF(DAY(MIN(Календарь!E$33,$L29))<MIN(DAY($E29),DAY(EOMONTH(MIN(Календарь!E$33,$L29),0))),1,0))))-$M29)*$G29) | S29: =IF(OR(K29<>"OK",NOT(ISNUMBER(Календарь!F$33))),"",MAX(0,IF(MIN(Календарь!F$33,$L29)<$E29,0,IF($F29="Разово",1,IF($F29="Еженедельно",INT((MIN(Календарь!F$33,$L29)-$E29)/7)+1,(YEAR(MIN(Календарь!F$33,$L29))-YEAR($E29))*12+MONTH(MIN(Календарь!F$33,$L29))-MONTH($E29)+1-IF(DAY(MIN(Календарь!F$33,$L29))<MIN(DAY($E29),DAY(EOMONTH(MIN(Календарь!F$33,$L29),0))),1,0))))-$M29)*$G29) | T29: =IF(OR(K29<>"OK",NOT(ISNUMBER(Календарь!G$33))),"",MAX(0,IF(MIN(Календарь!G$33,$L29)<$E29,0,IF($F29="Разово",1,IF($F29="Еженедельно",INT((MIN(Календарь!G$33,$L29)-$E29)/7)+1,(YEAR(MIN(Календарь!G$33,$L29))-YEAR($E29))*12+MONTH(MIN(Календарь!G$33,$L29))-MONTH($E29)+1-IF(DAY(MIN(Календарь!G$33,$L29))<MIN(DAY($E29),DAY(EOMONTH(MIN(Календарь!G$33,$L29),0))),1,0))))-$M29)*$G29) | U29: =IF(OR(K29<>"OK",NOT(ISNUMBER(Календарь!H$33))),"",MAX(0,IF(MIN(Календарь!H$33,$L29)<$E29,0,IF($F29="Разово",1,IF($F29="Еженедельно",INT((MIN(Календарь!H$33,$L29)-$E29)/7)+1,(YEAR(MIN(Календарь!H$33,$L29))-YEAR($E29))*12+MONTH(MIN(Календарь!H$33,$L29))-MONTH($E29)+1-IF(DAY(MIN(Календарь!H$33,$L29))<MIN(DAY($E29),DAY(EOMONTH(MIN(Календарь!H$33,$L29),0))),1,0))))-$M29)*$G29) | V29: =IF(OR(K29<>"OK",NOT(ISNUMBER(Календарь!I$33))),"",MAX(0,IF(MIN(Календарь!I$33,$L29)<$E29,0,IF($F29="Разово",1,IF($F29="Еженедельно",INT((MIN(Календарь!I$33,$L29)-$E29)/7)+1,(YEAR(MIN(Календарь!I$33,$L29))-YEAR($E29))*12+MONTH(MIN(Календарь!I$33,$L29))-MONTH($E29)+1-IF(DAY(MIN(Календарь!I$33,$L29))<MIN(DAY($E29),DAY(EOMONTH(MIN(Календарь!I$33,$L29),0))),1,0))))-$M29)*$G29) | W29: =IF(OR(K29<>"OK",NOT(ISNUMBER(Календарь!J$33))),"",MAX(0,IF(MIN(Календарь!J$33,$L29)<$E29,0,IF($F29="Разово",1,IF($F29="Еженедельно",INT((MIN(Календарь!J$33,$L29)-$E29)/7)+1,(YEAR(MIN(Календарь!J$33,$L29))-YEAR($E29))*12+MONTH(MIN(Календарь!J$33,$L29))-MONTH($E29)+1-IF(DAY(MIN(Календарь!J$33,$L29))<MIN(DAY($E29),DAY(EOMONTH(MIN(Календарь!J$33,$L29),0))),1,0))))-$M29)*$G29) | X29: =IF(OR(K29<>"OK",NOT(ISNUMBER(Календарь!K$33))),"",MAX(0,IF(MIN(Календарь!K$33,$L29)<$E29,0,IF($F29="Разово",1,IF($F29="Еженедельно",INT((MIN(Календарь!K$33,$L29)-$E29)/7)+1,(YEAR(MIN(Календарь!K$33,$L29))-YEAR($E29))*12+MONTH(MIN(Календарь!K$33,$L29))-MONTH($E29)+1-IF(DAY(MIN(Календарь!K$33,$L29))<MIN(DAY($E29),DAY(EOMONTH(MIN(Календарь!K$33,$L29),0))),1,0))))-$M29)*$G29) | Y29: =IF(OR(K29<>"OK",NOT(ISNUMBER(Календарь!L$33))),"",MAX(0,IF(MIN(Календарь!L$33,$L29)<$E29,0,IF($F29="Разово",1,IF($F29="Еженедельно",INT((MIN(Календарь!L$33,$L29)-$E29)/7)+1,(YEAR(MIN(Календарь!L$33,$L29))-YEAR($E29))*12+MONTH(MIN(Календарь!L$33,$L29))-MONTH($E29)+1-IF(DAY(MIN(Календарь!L$33,$L29))<MIN(DAY($E29),DAY(EOMONTH(MIN(Календарь!L$33,$L29),0))),1,0))))-$M29)*$G29) | Z29: =IF(OR(K29<>"OK",NOT(ISNUMBER(Календарь!M$33))),"",MAX(0,IF(MIN(Календарь!M$33,$L29)<$E29,0,IF($F29="Разово",1,IF($F29="Еженедельно",INT((MIN(Календарь!M$33,$L29)-$E29)/7)+1,(YEAR(MIN(Календарь!M$33,$L29))-YEAR($E29))*12+MONTH(MIN(Календарь!M$33,$L29))-MONTH($E29)+1-IF(DAY(MIN(Календарь!M$33,$L29))<MIN(DAY($E29),DAY(EOMONTH(MIN(Календарь!M$33,$L29),0))),1,0))))-$M29)*$G29) | AA29: =IF(OR(K29<>"OK",NOT(ISNUMBER(Календарь!N$33))),"",MAX(0,IF(MIN(Календарь!N$33,$L29)<$E29,0,IF($F29="Разово",1,IF($F29="Еженедельно",INT((MIN(Календарь!N$33,$L29)-$E29)/7)+1,(YEAR(MIN(Календарь!N$33,$L29))-YEAR($E29))*12+MONTH(MIN(Календарь!N$33,$L29))-MONTH($E29)+1-IF(DAY(MIN(Календарь!N$33,$L29))<MIN(DAY($E29),DAY(EOMONTH(MIN(Календарь!N$33,$L29),0))),1,0))))-$M29)*$G29)
K30: =IF(COUNTA(A30:I30)=0,"",IF(OR(A30="",B30="",C30="",AND(D30<>"Приход",D30<>"Расход"),NOT(ISNUMBER(E30)),NOT(ISNUMBER(G30)),AND(F30<>"Разово",F30<>"Еженедельно",F30<>"Ежемесячно")),"Ошибка: поля или тип",IF(OR(E30<>INT(E30),E30<36526,E30>109574,G30<0),"Ошибка: дата или сумма",IF(AND(H30<>"",NOT(ISNUMBER(H30))),"Ошибка: последний срок",IF(AND(ISNUMBER(H30),OR(H30<E30,H30<>INT(H30))),"Ошибка: последний срок",IF(COUNTIFS($A$12:$A$111,A30)<>1,"Ошибка: повтор ID","OK")))))) | L30: =IF(K30="OK",IF(H30="",DATE(2199,12,31),H30),"") | M30: =IF(AND(K30="OK",ISNUMBER(Календарь!$C$6)),IF(MIN(Календарь!$C$6-1,$L30)<$E30,0,IF($F30="Разово",1,IF($F30="Еженедельно",INT((MIN(Календарь!$C$6-1,$L30)-$E30)/7)+1,(YEAR(MIN(Календарь!$C$6-1,$L30))-YEAR($E30))*12+MONTH(MIN(Календарь!$C$6-1,$L30))-MONTH($E30)+1-IF(DAY(MIN(Календарь!$C$6-1,$L30))<MIN(DAY($E30),DAY(EOMONTH(MIN(Календарь!$C$6-1,$L30),0))),1,0)))),"") | N30: =IF(OR(K30<>"OK",NOT(ISNUMBER(Календарь!$L$5))),"",MAX(0,IF(MIN(Календарь!$L$5,$L30)<$E30,0,IF($F30="Разово",1,IF($F30="Еженедельно",INT((MIN(Календарь!$L$5,$L30)-$E30)/7)+1,(YEAR(MIN(Календарь!$L$5,$L30))-YEAR($E30))*12+MONTH(MIN(Календарь!$L$5,$L30))-MONTH($E30)+1-IF(DAY(MIN(Календарь!$L$5,$L30))<MIN(DAY($E30),DAY(EOMONTH(MIN(Календарь!$L$5,$L30),0))),1,0))))-$M30)*$G30) | O30: =IF(OR(K30<>"OK",NOT(ISNUMBER(Календарь!$C$32-1))),"",MAX(0,IF(MIN(Календарь!$C$32-1,$L30)<$E30,0,IF($F30="Разово",1,IF($F30="Еженедельно",INT((MIN(Календарь!$C$32-1,$L30)-$E30)/7)+1,(YEAR(MIN(Календарь!$C$32-1,$L30))-YEAR($E30))*12+MONTH(MIN(Календарь!$C$32-1,$L30))-MONTH($E30)+1-IF(DAY(MIN(Календарь!$C$32-1,$L30))<MIN(DAY($E30),DAY(EOMONTH(MIN(Календарь!$C$32-1,$L30),0))),1,0))))-$M30)*$G30) | P30: =IF(OR(K30<>"OK",NOT(ISNUMBER(Календарь!C$33))),"",MAX(0,IF(MIN(Календарь!C$33,$L30)<$E30,0,IF($F30="Разово",1,IF($F30="Еженедельно",INT((MIN(Календарь!C$33,$L30)-$E30)/7)+1,(YEAR(MIN(Календарь!C$33,$L30))-YEAR($E30))*12+MONTH(MIN(Календарь!C$33,$L30))-MONTH($E30)+1-IF(DAY(MIN(Календарь!C$33,$L30))<MIN(DAY($E30),DAY(EOMONTH(MIN(Календарь!C$33,$L30),0))),1,0))))-$M30)*$G30) | Q30: =IF(OR(K30<>"OK",NOT(ISNUMBER(Календарь!D$33))),"",MAX(0,IF(MIN(Календарь!D$33,$L30)<$E30,0,IF($F30="Разово",1,IF($F30="Еженедельно",INT((MIN(Календарь!D$33,$L30)-$E30)/7)+1,(YEAR(MIN(Календарь!D$33,$L30))-YEAR($E30))*12+MONTH(MIN(Календарь!D$33,$L30))-MONTH($E30)+1-IF(DAY(MIN(Календарь!D$33,$L30))<MIN(DAY($E30),DAY(EOMONTH(MIN(Календарь!D$33,$L30),0))),1,0))))-$M30)*$G30) | R30: =IF(OR(K30<>"OK",NOT(ISNUMBER(Календарь!E$33))),"",MAX(0,IF(MIN(Календарь!E$33,$L30)<$E30,0,IF($F30="Разово",1,IF($F30="Еженедельно",INT((MIN(Календарь!E$33,$L30)-$E30)/7)+1,(YEAR(MIN(Календарь!E$33,$L30))-YEAR($E30))*12+MONTH(MIN(Календарь!E$33,$L30))-MONTH($E30)+1-IF(DAY(MIN(Календарь!E$33,$L30))<MIN(DAY($E30),DAY(EOMONTH(MIN(Календарь!E$33,$L30),0))),1,0))))-$M30)*$G30) | S30: =IF(OR(K30<>"OK",NOT(ISNUMBER(Календарь!F$33))),"",MAX(0,IF(MIN(Календарь!F$33,$L30)<$E30,0,IF($F30="Разово",1,IF($F30="Еженедельно",INT((MIN(Календарь!F$33,$L30)-$E30)/7)+1,(YEAR(MIN(Календарь!F$33,$L30))-YEAR($E30))*12+MONTH(MIN(Календарь!F$33,$L30))-MONTH($E30)+1-IF(DAY(MIN(Календарь!F$33,$L30))<MIN(DAY($E30),DAY(EOMONTH(MIN(Календарь!F$33,$L30),0))),1,0))))-$M30)*$G30) | T30: =IF(OR(K30<>"OK",NOT(ISNUMBER(Календарь!G$33))),"",MAX(0,IF(MIN(Календарь!G$33,$L30)<$E30,0,IF($F30="Разово",1,IF($F30="Еженедельно",INT((MIN(Календарь!G$33,$L30)-$E30)/7)+1,(YEAR(MIN(Календарь!G$33,$L30))-YEAR($E30))*12+MONTH(MIN(Календарь!G$33,$L30))-MONTH($E30)+1-IF(DAY(MIN(Календарь!G$33,$L30))<MIN(DAY($E30),DAY(EOMONTH(MIN(Календарь!G$33,$L30),0))),1,0))))-$M30)*$G30) | U30: =IF(OR(K30<>"OK",NOT(ISNUMBER(Календарь!H$33))),"",MAX(0,IF(MIN(Календарь!H$33,$L30)<$E30,0,IF($F30="Разово",1,IF($F30="Еженедельно",INT((MIN(Календарь!H$33,$L30)-$E30)/7)+1,(YEAR(MIN(Календарь!H$33,$L30))-YEAR($E30))*12+MONTH(MIN(Календарь!H$33,$L30))-MONTH($E30)+1-IF(DAY(MIN(Календарь!H$33,$L30))<MIN(DAY($E30),DAY(EOMONTH(MIN(Календарь!H$33,$L30),0))),1,0))))-$M30)*$G30) | V30: =IF(OR(K30<>"OK",NOT(ISNUMBER(Календарь!I$33))),"",MAX(0,IF(MIN(Календарь!I$33,$L30)<$E30,0,IF($F30="Разово",1,IF($F30="Еженедельно",INT((MIN(Календарь!I$33,$L30)-$E30)/7)+1,(YEAR(MIN(Календарь!I$33,$L30))-YEAR($E30))*12+MONTH(MIN(Календарь!I$33,$L30))-MONTH($E30)+1-IF(DAY(MIN(Календарь!I$33,$L30))<MIN(DAY($E30),DAY(EOMONTH(MIN(Календарь!I$33,$L30),0))),1,0))))-$M30)*$G30) | W30: =IF(OR(K30<>"OK",NOT(ISNUMBER(Календарь!J$33))),"",MAX(0,IF(MIN(Календарь!J$33,$L30)<$E30,0,IF($F30="Разово",1,IF($F30="Еженедельно",INT((MIN(Календарь!J$33,$L30)-$E30)/7)+1,(YEAR(MIN(Календарь!J$33,$L30))-YEAR($E30))*12+MONTH(MIN(Календарь!J$33,$L30))-MONTH($E30)+1-IF(DAY(MIN(Календарь!J$33,$L30))<MIN(DAY($E30),DAY(EOMONTH(MIN(Календарь!J$33,$L30),0))),1,0))))-$M30)*$G30) | X30: =IF(OR(K30<>"OK",NOT(ISNUMBER(Календарь!K$33))),"",MAX(0,IF(MIN(Календарь!K$33,$L30)<$E30,0,IF($F30="Разово",1,IF($F30="Еженедельно",INT((MIN(Календарь!K$33,$L30)-$E30)/7)+1,(YEAR(MIN(Календарь!K$33,$L30))-YEAR($E30))*12+MONTH(MIN(Календарь!K$33,$L30))-MONTH($E30)+1-IF(DAY(MIN(Календарь!K$33,$L30))<MIN(DAY($E30),DAY(EOMONTH(MIN(Календарь!K$33,$L30),0))),1,0))))-$M30)*$G30) | Y30: =IF(OR(K30<>"OK",NOT(ISNUMBER(Календарь!L$33))),"",MAX(0,IF(MIN(Календарь!L$33,$L30)<$E30,0,IF($F30="Разово",1,IF($F30="Еженедельно",INT((MIN(Календарь!L$33,$L30)-$E30)/7)+1,(YEAR(MIN(Календарь!L$33,$L30))-YEAR($E30))*12+MONTH(MIN(Календарь!L$33,$L30))-MONTH($E30)+1-IF(DAY(MIN(Календарь!L$33,$L30))<MIN(DAY($E30),DAY(EOMONTH(MIN(Календарь!L$33,$L30),0))),1,0))))-$M30)*$G30) | Z30: =IF(OR(K30<>"OK",NOT(ISNUMBER(Календарь!M$33))),"",MAX(0,IF(MIN(Календарь!M$33,$L30)<$E30,0,IF($F30="Разово",1,IF($F30="Еженедельно",INT((MIN(Календарь!M$33,$L30)-$E30)/7)+1,(YEAR(MIN(Календарь!M$33,$L30))-YEAR($E30))*12+MONTH(MIN(Календарь!M$33,$L30))-MONTH($E30)+1-IF(DAY(MIN(Календарь!M$33,$L30))<MIN(DAY($E30),DAY(EOMONTH(MIN(Календарь!M$33,$L30),0))),1,0))))-$M30)*$G30) | AA30: =IF(OR(K30<>"OK",NOT(ISNUMBER(Календарь!N$33))),"",MAX(0,IF(MIN(Календарь!N$33,$L30)<$E30,0,IF($F30="Разово",1,IF($F30="Еженедельно",INT((MIN(Календарь!N$33,$L30)-$E30)/7)+1,(YEAR(MIN(Календарь!N$33,$L30))-YEAR($E30))*12+MONTH(MIN(Календарь!N$33,$L30))-MONTH($E30)+1-IF(DAY(MIN(Календарь!N$33,$L30))<MIN(DAY($E30),DAY(EOMONTH(MIN(Календарь!N$33,$L30),0))),1,0))))-$M30)*$G30)
K31: =IF(COUNTA(A31:I31)=0,"",IF(OR(A31="",B31="",C31="",AND(D31<>"Приход",D31<>"Расход"),NOT(ISNUMBER(E31)),NOT(ISNUMBER(G31)),AND(F31<>"Разово",F31<>"Еженедельно",F31<>"Ежемесячно")),"Ошибка: поля или тип",IF(OR(E31<>INT(E31),E31<36526,E31>109574,G31<0),"Ошибка: дата или сумма",IF(AND(H31<>"",NOT(ISNUMBER(H31))),"Ошибка: последний срок",IF(AND(ISNUMBER(H31),OR(H31<E31,H31<>INT(H31))),"Ошибка: последний срок",IF(COUNTIFS($A$12:$A$111,A31)<>1,"Ошибка: повтор ID","OK")))))) | L31: =IF(K31="OK",IF(H31="",DATE(2199,12,31),H31),"") | M31: =IF(AND(K31="OK",ISNUMBER(Календарь!$C$6)),IF(MIN(Календарь!$C$6-1,$L31)<$E31,0,IF($F31="Разово",1,IF($F31="Еженедельно",INT((MIN(Календарь!$C$6-1,$L31)-$E31)/7)+1,(YEAR(MIN(Календарь!$C$6-1,$L31))-YEAR($E31))*12+MONTH(MIN(Календарь!$C$6-1,$L31))-MONTH($E31)+1-IF(DAY(MIN(Календарь!$C$6-1,$L31))<MIN(DAY($E31),DAY(EOMONTH(MIN(Календарь!$C$6-1,$L31),0))),1,0)))),"") | N31: =IF(OR(K31<>"OK",NOT(ISNUMBER(Календарь!$L$5))),"",MAX(0,IF(MIN(Календарь!$L$5,$L31)<$E31,0,IF($F31="Разово",1,IF($F31="Еженедельно",INT((MIN(Календарь!$L$5,$L31)-$E31)/7)+1,(YEAR(MIN(Календарь!$L$5,$L31))-YEAR($E31))*12+MONTH(MIN(Календарь!$L$5,$L31))-MONTH($E31)+1-IF(DAY(MIN(Календарь!$L$5,$L31))<MIN(DAY($E31),DAY(EOMONTH(MIN(Календарь!$L$5,$L31),0))),1,0))))-$M31)*$G31) | O31: =IF(OR(K31<>"OK",NOT(ISNUMBER(Календарь!$C$32-1))),"",MAX(0,IF(MIN(Календарь!$C$32-1,$L31)<$E31,0,IF($F31="Разово",1,IF($F31="Еженедельно",INT((MIN(Календарь!$C$32-1,$L31)-$E31)/7)+1,(YEAR(MIN(Календарь!$C$32-1,$L31))-YEAR($E31))*12+MONTH(MIN(Календарь!$C$32-1,$L31))-MONTH($E31)+1-IF(DAY(MIN(Календарь!$C$32-1,$L31))<MIN(DAY($E31),DAY(EOMONTH(MIN(Календарь!$C$32-1,$L31),0))),1,0))))-$M31)*$G31) | P31: =IF(OR(K31<>"OK",NOT(ISNUMBER(Календарь!C$33))),"",MAX(0,IF(MIN(Календарь!C$33,$L31)<$E31,0,IF($F31="Разово",1,IF($F31="Еженедельно",INT((MIN(Календарь!C$33,$L31)-$E31)/7)+1,(YEAR(MIN(Календарь!C$33,$L31))-YEAR($E31))*12+MONTH(MIN(Календарь!C$33,$L31))-MONTH($E31)+1-IF(DAY(MIN(Календарь!C$33,$L31))<MIN(DAY($E31),DAY(EOMONTH(MIN(Календарь!C$33,$L31),0))),1,0))))-$M31)*$G31) | Q31: =IF(OR(K31<>"OK",NOT(ISNUMBER(Календарь!D$33))),"",MAX(0,IF(MIN(Календарь!D$33,$L31)<$E31,0,IF($F31="Разово",1,IF($F31="Еженедельно",INT((MIN(Календарь!D$33,$L31)-$E31)/7)+1,(YEAR(MIN(Календарь!D$33,$L31))-YEAR($E31))*12+MONTH(MIN(Календарь!D$33,$L31))-MONTH($E31)+1-IF(DAY(MIN(Календарь!D$33,$L31))<MIN(DAY($E31),DAY(EOMONTH(MIN(Календарь!D$33,$L31),0))),1,0))))-$M31)*$G31) | R31: =IF(OR(K31<>"OK",NOT(ISNUMBER(Календарь!E$33))),"",MAX(0,IF(MIN(Календарь!E$33,$L31)<$E31,0,IF($F31="Разово",1,IF($F31="Еженедельно",INT((MIN(Календарь!E$33,$L31)-$E31)/7)+1,(YEAR(MIN(Календарь!E$33,$L31))-YEAR($E31))*12+MONTH(MIN(Календарь!E$33,$L31))-MONTH($E31)+1-IF(DAY(MIN(Календарь!E$33,$L31))<MIN(DAY($E31),DAY(EOMONTH(MIN(Календарь!E$33,$L31),0))),1,0))))-$M31)*$G31) | S31: =IF(OR(K31<>"OK",NOT(ISNUMBER(Календарь!F$33))),"",MAX(0,IF(MIN(Календарь!F$33,$L31)<$E31,0,IF($F31="Разово",1,IF($F31="Еженедельно",INT((MIN(Календарь!F$33,$L31)-$E31)/7)+1,(YEAR(MIN(Календарь!F$33,$L31))-YEAR($E31))*12+MONTH(MIN(Календарь!F$33,$L31))-MONTH($E31)+1-IF(DAY(MIN(Календарь!F$33,$L31))<MIN(DAY($E31),DAY(EOMONTH(MIN(Календарь!F$33,$L31),0))),1,0))))-$M31)*$G31) | T31: =IF(OR(K31<>"OK",NOT(ISNUMBER(Календарь!G$33))),"",MAX(0,IF(MIN(Календарь!G$33,$L31)<$E31,0,IF($F31="Разово",1,IF($F31="Еженедельно",INT((MIN(Календарь!G$33,$L31)-$E31)/7)+1,(YEAR(MIN(Календарь!G$33,$L31))-YEAR($E31))*12+MONTH(MIN(Календарь!G$33,$L31))-MONTH($E31)+1-IF(DAY(MIN(Календарь!G$33,$L31))<MIN(DAY($E31),DAY(EOMONTH(MIN(Календарь!G$33,$L31),0))),1,0))))-$M31)*$G31) | U31: =IF(OR(K31<>"OK",NOT(ISNUMBER(Календарь!H$33))),"",MAX(0,IF(MIN(Календарь!H$33,$L31)<$E31,0,IF($F31="Разово",1,IF($F31="Еженедельно",INT((MIN(Календарь!H$33,$L31)-$E31)/7)+1,(YEAR(MIN(Календарь!H$33,$L31))-YEAR($E31))*12+MONTH(MIN(Календарь!H$33,$L31))-MONTH($E31)+1-IF(DAY(MIN(Календарь!H$33,$L31))<MIN(DAY($E31),DAY(EOMONTH(MIN(Календарь!H$33,$L31),0))),1,0))))-$M31)*$G31) | V31: =IF(OR(K31<>"OK",NOT(ISNUMBER(Календарь!I$33))),"",MAX(0,IF(MIN(Календарь!I$33,$L31)<$E31,0,IF($F31="Разово",1,IF($F31="Еженедельно",INT((MIN(Календарь!I$33,$L31)-$E31)/7)+1,(YEAR(MIN(Календарь!I$33,$L31))-YEAR($E31))*12+MONTH(MIN(Календарь!I$33,$L31))-MONTH($E31)+1-IF(DAY(MIN(Календарь!I$33,$L31))<MIN(DAY($E31),DAY(EOMONTH(MIN(Календарь!I$33,$L31),0))),1,0))))-$M31)*$G31) | W31: =IF(OR(K31<>"OK",NOT(ISNUMBER(Календарь!J$33))),"",MAX(0,IF(MIN(Календарь!J$33,$L31)<$E31,0,IF($F31="Разово",1,IF($F31="Еженедельно",INT((MIN(Календарь!J$33,$L31)-$E31)/7)+1,(YEAR(MIN(Календарь!J$33,$L31))-YEAR($E31))*12+MONTH(MIN(Календарь!J$33,$L31))-MONTH($E31)+1-IF(DAY(MIN(Календарь!J$33,$L31))<MIN(DAY($E31),DAY(EOMONTH(MIN(Календарь!J$33,$L31),0))),1,0))))-$M31)*$G31) | X31: =IF(OR(K31<>"OK",NOT(ISNUMBER(Календарь!K$33))),"",MAX(0,IF(MIN(Календарь!K$33,$L31)<$E31,0,IF($F31="Разово",1,IF($F31="Еженедельно",INT((MIN(Календарь!K$33,$L31)-$E31)/7)+1,(YEAR(MIN(Календарь!K$33,$L31))-YEAR($E31))*12+MONTH(MIN(Календарь!K$33,$L31))-MONTH($E31)+1-IF(DAY(MIN(Календарь!K$33,$L31))<MIN(DAY($E31),DAY(EOMONTH(MIN(Календарь!K$33,$L31),0))),1,0))))-$M31)*$G31) | Y31: =IF(OR(K31<>"OK",NOT(ISNUMBER(Календарь!L$33))),"",MAX(0,IF(MIN(Календарь!L$33,$L31)<$E31,0,IF($F31="Разово",1,IF($F31="Еженедельно",INT((MIN(Календарь!L$33,$L31)-$E31)/7)+1,(YEAR(MIN(Календарь!L$33,$L31))-YEAR($E31))*12+MONTH(MIN(Календарь!L$33,$L31))-MONTH($E31)+1-IF(DAY(MIN(Календарь!L$33,$L31))<MIN(DAY($E31),DAY(EOMONTH(MIN(Календарь!L$33,$L31),0))),1,0))))-$M31)*$G31) | Z31: =IF(OR(K31<>"OK",NOT(ISNUMBER(Календарь!M$33))),"",MAX(0,IF(MIN(Календарь!M$33,$L31)<$E31,0,IF($F31="Разово",1,IF($F31="Еженедельно",INT((MIN(Календарь!M$33,$L31)-$E31)/7)+1,(YEAR(MIN(Календарь!M$33,$L31))-YEAR($E31))*12+MONTH(MIN(Календарь!M$33,$L31))-MONTH($E31)+1-IF(DAY(MIN(Календарь!M$33,$L31))<MIN(DAY($E31),DAY(EOMONTH(MIN(Календарь!M$33,$L31),0))),1,0))))-$M31)*$G31) | AA31: =IF(OR(K31<>"OK",NOT(ISNUMBER(Календарь!N$33))),"",MAX(0,IF(MIN(Календарь!N$33,$L31)<$E31,0,IF($F31="Разово",1,IF($F31="Еженедельно",INT((MIN(Календарь!N$33,$L31)-$E31)/7)+1,(YEAR(MIN(Календарь!N$33,$L31))-YEAR($E31))*12+MONTH(MIN(Календарь!N$33,$L31))-MONTH($E31)+1-IF(DAY(MIN(Календарь!N$33,$L31))<MIN(DAY($E31),DAY(EOMONTH(MIN(Календарь!N$33,$L31),0))),1,0))))-$M31)*$G31)
... K111: =IF(COUNTA(A111:I111)=0,"",IF(OR(A111="",B111="",C111="",AND(D111<>"Приход",D111<>"Расход"),NOT(ISNUMBER(E111)),NOT(ISNUMBER(G111)),AND(F111<>"Разово",F111<>"Еженедельно",F111<>"Ежемесячно")),"Ошибка: поля или тип",IF(OR(E111<>INT(E111),E111<36526,E111>109574,G111<0),"Ошибка: дата или сумма",IF(AND(H111<>"",NOT(ISNUMBER(H111))),"Ошибка: последний срок",IF(AND(ISNUMBER(H111),OR(H111<E111,H111<>INT(H111))),"Ошибка: последний срок",IF(COUNTIFS($A$12:$A$111,A111)<>1,"Ошибка: повтор ID","OK")))))) | L111: =IF(K111="OK",IF(H111="",DATE(2199,12,31),H111),"") | M111: =IF(AND(K111="OK",ISNUMBER(Календарь!$C$6)),IF(MIN(Календарь!$C$6-1,$L111)<$E111,0,IF($F111="Разово",1,IF($F111="Еженедельно",INT((MIN(Календарь!$C$6-1,$L111)-$E111)/7)+1,(YEAR(MIN(Календарь!$C$6-1,$L111))-YEAR($E111))*12+MONTH(MIN(Календарь!$C$6-1,$L111))-MONTH($E111)+1-IF(DAY(MIN(Календарь!$C$6-1,$L111))<MIN(DAY($E111),DAY(EOMONTH(MIN(Календарь!$C$6-1,$L111),0))),1,0)))),"") | N111: =IF(OR(K111<>"OK",NOT(ISNUMBER(Календарь!$L$5))),"",MAX(0,IF(MIN(Календарь!$L$5,$L111)<$E111,0,IF($F111="Разово",1,IF($F111="Еженедельно",INT((MIN(Календарь!$L$5,$L111)-$E111)/7)+1,(YEAR(MIN(Календарь!$L$5,$L111))-YEAR($E111))*12+MONTH(MIN(Календарь!$L$5,$L111))-MONTH($E111)+1-IF(DAY(MIN(Календарь!$L$5,$L111))<MIN(DAY($E111),DAY(EOMONTH(MIN(Календарь!$L$5,$L111),0))),1,0))))-$M111)*$G111) | O111: =IF(OR(K111<>"OK",NOT(ISNUMBER(Календарь!$C$32-1))),"",MAX(0,IF(MIN(Календарь!$C$32-1,$L111)<$E111,0,IF($F111="Разово",1,IF($F111="Еженедельно",INT((MIN(Календарь!$C$32-1,$L111)-$E111)/7)+1,(YEAR(MIN(Календарь!$C$32-1,$L111))-YEAR($E111))*12+MONTH(MIN(Календарь!$C$32-1,$L111))-MONTH($E111)+1-IF(DAY(MIN(Календарь!$C$32-1,$L111))<MIN(DAY($E111),DAY(EOMONTH(MIN(Календарь!$C$32-1,$L111),0))),1,0))))-$M111)*$G111) | P111: =IF(OR(K111<>"OK",NOT(ISNUMBER(Календарь!C$33))),"",MAX(0,IF(MIN(Календарь!C$33,$L111)<$E111,0,IF($F111="Разово",1,IF($F111="Еженедельно",INT((MIN(Календарь!C$33,$L111)-$E111)/7)+1,(YEAR(MIN(Календарь!C$33,$L111))-YEAR($E111))*12+MONTH(MIN(Календарь!C$33,$L111))-MONTH($E111)+1-IF(DAY(MIN(Календарь!C$33,$L111))<MIN(DAY($E111),DAY(EOMONTH(MIN(Календарь!C$33,$L111),0))),1,0))))-$M111)*$G111) | Q111: =IF(OR(K111<>"OK",NOT(ISNUMBER(Календарь!D$33))),"",MAX(0,IF(MIN(Календарь!D$33,$L111)<$E111,0,IF($F111="Разово",1,IF($F111="Еженедельно",INT((MIN(Календарь!D$33,$L111)-$E111)/7)+1,(YEAR(MIN(Календарь!D$33,$L111))-YEAR($E111))*12+MONTH(MIN(Календарь!D$33,$L111))-MONTH($E111)+1-IF(DAY(MIN(Календарь!D$33,$L111))<MIN(DAY($E111),DAY(EOMONTH(MIN(Календарь!D$33,$L111),0))),1,0))))-$M111)*$G111) | R111: =IF(OR(K111<>"OK",NOT(ISNUMBER(Календарь!E$33))),"",MAX(0,IF(MIN(Календарь!E$33,$L111)<$E111,0,IF($F111="Разово",1,IF($F111="Еженедельно",INT((MIN(Календарь!E$33,$L111)-$E111)/7)+1,(YEAR(MIN(Календарь!E$33,$L111))-YEAR($E111))*12+MONTH(MIN(Календарь!E$33,$L111))-MONTH($E111)+1-IF(DAY(MIN(Календарь!E$33,$L111))<MIN(DAY($E111),DAY(EOMONTH(MIN(Календарь!E$33,$L111),0))),1,0))))-$M111)*$G111) | S111: =IF(OR(K111<>"OK",NOT(ISNUMBER(Календарь!F$33))),"",MAX(0,IF(MIN(Календарь!F$33,$L111)<$E111,0,IF($F111="Разово",1,IF($F111="Еженедельно",INT((MIN(Календарь!F$33,$L111)-$E111)/7)+1,(YEAR(MIN(Календарь!F$33,$L111))-YEAR($E111))*12+MONTH(MIN(Календарь!F$33,$L111))-MONTH($E111)+1-IF(DAY(MIN(Календарь!F$33,$L111))<MIN(DAY($E111),DAY(EOMONTH(MIN(Календарь!F$33,$L111),0))),1,0))))-$M111)*$G111) | T111: =IF(OR(K111<>"OK",NOT(ISNUMBER(Календарь!G$33))),"",MAX(0,IF(MIN(Календарь!G$33,$L111)<$E111,0,IF($F111="Разово",1,IF($F111="Еженедельно",INT((MIN(Календарь!G$33,$L111)-$E111)/7)+1,(YEAR(MIN(Календарь!G$33,$L111))-YEAR($E111))*12+MONTH(MIN(Календарь!G$33,$L111))-MONTH($E111)+1-IF(DAY(MIN(Календарь!G$33,$L111))<MIN(DAY($E111),DAY(EOMONTH(MIN(Календарь!G$33,$L111),0))),1,0))))-$M111)*$G111) | U111: =IF(OR(K111<>"OK",NOT(ISNUMBER(Календарь!H$33))),"",MAX(0,IF(MIN(Календарь!H$33,$L111)<$E111,0,IF($F111="Разово",1,IF($F111="Еженедельно",INT((MIN(Календарь!H$33,$L111)-$E111)/7)+1,(YEAR(MIN(Календарь!H$33,$L111))-YEAR($E111))*12+MONTH(MIN(Календарь!H$33,$L111))-MONTH($E111)+1-IF(DAY(MIN(Календарь!H$33,$L111))<MIN(DAY($E111),DAY(EOMONTH(MIN(Календарь!H$33,$L111),0))),1,0))))-$M111)*$G111) | V111: =IF(OR(K111<>"OK",NOT(ISNUMBER(Календарь!I$33))),"",MAX(0,IF(MIN(Календарь!I$33,$L111)<$E111,0,IF($F111="Разово",1,IF($F111="Еженедельно",INT((MIN(Календарь!I$33,$L111)-$E111)/7)+1,(YEAR(MIN(Календарь!I$33,$L111))-YEAR($E111))*12+MONTH(MIN(Календарь!I$33,$L111))-MONTH($E111)+1-IF(DAY(MIN(Календарь!I$33,$L111))<MIN(DAY($E111),DAY(EOMONTH(MIN(Календарь!I$33,$L111),0))),1,0))))-$M111)*$G111) | W111: =IF(OR(K111<>"OK",NOT(ISNUMBER(Календарь!J$33))),"",MAX(0,IF(MIN(Календарь!J$33,$L111)<$E111,0,IF($F111="Разово",1,IF($F111="Еженедельно",INT((MIN(Календарь!J$33,$L111)-$E111)/7)+1,(YEAR(MIN(Календарь!J$33,$L111))-YEAR($E111))*12+MONTH(MIN(Календарь!J$33,$L111))-MONTH($E111)+1-IF(DAY(MIN(Календарь!J$33,$L111))<MIN(DAY($E111),DAY(EOMONTH(MIN(Календарь!J$33,$L111),0))),1,0))))-$M111)*$G111) | X111: =IF(OR(K111<>"OK",NOT(ISNUMBER(Календарь!K$33))),"",MAX(0,IF(MIN(Календарь!K$33,$L111)<$E111,0,IF($F111="Разово",1,IF($F111="Еженедельно",INT((MIN(Календарь!K$33,$L111)-$E111)/7)+1,(YEAR(MIN(Календарь!K$33,$L111))-YEAR($E111))*12+MONTH(MIN(Календарь!K$33,$L111))-MONTH($E111)+1-IF(DAY(MIN(Календарь!K$33,$L111))<MIN(DAY($E111),DAY(EOMONTH(MIN(Календарь!K$33,$L111),0))),1,0))))-$M111)*$G111) | Y111: =IF(OR(K111<>"OK",NOT(ISNUMBER(Календарь!L$33))),"",MAX(0,IF(MIN(Календарь!L$33,$L111)<$E111,0,IF($F111="Разово",1,IF($F111="Еженедельно",INT((MIN(Календарь!L$33,$L111)-$E111)/7)+1,(YEAR(MIN(Календарь!L$33,$L111))-YEAR($E111))*12+MONTH(MIN(Календарь!L$33,$L111))-MONTH($E111)+1-IF(DAY(MIN(Календарь!L$33,$L111))<MIN(DAY($E111),DAY(EOMONTH(MIN(Календарь!L$33,$L111),0))),1,0))))-$M111)*$G111) | Z111: =IF(OR(K111<>"OK",NOT(ISNUMBER(Календарь!M$33))),"",MAX(0,IF(MIN(Календарь!M$33,$L111)<$E111,0,IF($F111="Разово",1,IF($F111="Еженедельно",INT((MIN(Календарь!M$33,$L111)-$E111)/7)+1,(YEAR(MIN(Календарь!M$33,$L111))-YEAR($E111))*12+MONTH(MIN(Календарь!M$33,$L111))-MONTH($E111)+1-IF(DAY(MIN(Календарь!M$33,$L111))<MIN(DAY($E111),DAY(EOMONTH(MIN(Календарь!M$33,$L111),0))),1,0))))-$M111)*$G111) | AA111: =IF(OR(K111<>"OK",NOT(ISNUMBER(Календарь!N$33))),"",MAX(0,IF(MIN(Календарь!N$33,$L111)<$E111,0,IF($F111="Разово",1,IF($F111="Еженедельно",INT((MIN(Календарь!N$33,$L111)-$E111)/7)+1,(YEAR(MIN(Календарь!N$33,$L111))-YEAR($E111))*12+MONTH(MIN(Календарь!N$33,$L111))-MONTH($E111)+1-IF(DAY(MIN(Календарь!N$33,$L111))<MIN(DAY($E111),DAY(EOMONTH(MIN(Календарь!N$33,$L111),0))),1,0))))-$M111)*$G111)

Sheet Оплаты
B2: Хак Фин. Фактические оплаты
A3: 500 оплат: строки 12–511. Одна строка — одно движение денег. Несколько частичных оплат связываются с одним ID плана и сроком.
A5: Замените примеры A12:H17. A:H — ввод, I:O — формулы. Для повторяющегося плана всегда укажите срок именно оплачиваемого месяца или недели.
A6: Внеплановый приход, расход или возврат: оставьте ID плана и срок пустыми, задайте направление и статью. Отрицательные суммы не используются.
A7: Дата факта — день движения денег. Срок плана — оплачиваемое обязательство, он может отличаться. Оплаты после среза пока не входят в факт и зачёт.
A8: Переплата учитывается в деньгах, но не уменьшает другие повторения. Для переноса аванса на другой срок разделите платёж на части с разными ID оплаты.
A10: Занято оплат | B10: =COUNTA(A12:A511) -> 6 | D10: Свободно | E10: =500-B10 -> 494
A11: ID оплаты | B11: Дата факта | C11: Направление | D11: Сумма факта | E11: ID плана | F11: Срок плана | G11: Назначение | H11: Статья вне плана | I11: Проверка ввода | J11: Сумма плана | K11: Статья расчёта | L11: Зачтено на срез | M11: Переплата на срез | N11: Оплачено по сроку | O11: Повторение
A12: Ф-001 | B12: 46267 | C12: Приход | D12: 180000 | E12: П-001 | F12: 46267 | G12: Оплата заказа А | I12: =IF(COUNTA(A12:H12)=0,"",IF(OR(A12="",NOT(ISNUMBER(B12)),NOT(ISNUMBER(D12)),AND(C12<>"Приход",C12<>"Расход")),"Ошибка: поля или тип",IF(OR(B12<36526,B12>109574,B12<>INT(B12),D12<0),"Ошибка: дата или сумма",IF(COUNTIFS($A$12:$A$511,A12)<>1,"Ошибка: повтор ID",IF(E12="",IF(OR(F12<>"",H12=""),"Ошибка: внеплановая статья/срок","OK"),IF(COUNTIFS(Планы!$A$12:$A$111,E12)<>1,"Ошибка: ID плана",IF(INDEX(Планы!$K$12:$K$111,MATCH(E12,Планы!$A$12:$A$111,0))<>"OK","Ошибка: исходный план",IF(OR(NOT(ISNUMBER(F12)),C12<>INDEX(Планы!$D$12:$D$111,MATCH(E12,Планы!$A$12:$A$111,0))),"Ошибка: срок/направление",IF(AND(F12>=INDEX(Планы!$E$12:$E$111,MATCH(E12,Планы!$A$12:$A$111,0)),F12<=INDEX(Планы!$L$12:$L$111,MATCH(E12,Планы!$A$12:$A$111,0)),IF(INDEX(Планы!$F$12:$F$111,MATCH(E12,Планы!$A$12:$A$111,0))="Разово",F12=INDEX(Планы!$E$12:$E$111,MATCH(E12,Планы!$A$12:$A$111,0)),IF(INDEX(Планы!$F$12:$F$111,MATCH(E12,Планы!$A$12:$A$111,0))="Еженедельно",MOD(F12-INDEX(Планы!$E$12:$E$111,MATCH(E12,Планы!$A$12:$A$111,0)),7)=0,F12=DATE(YEAR(F12),MONTH(F12),MIN(DAY(INDEX(Планы!$E$12:$E$111,MATCH(E12,Планы!$A$12:$A$111,0))),DAY(EOMONTH(F12,0))))))),"OK","Ошибка: нет повторения"))))))))) -> OK | J12: =IF(AND(I12="OK",E12<>""),INDEX(Планы!$G$12:$G$111,MATCH(E12,Планы!$A$12:$A$111,0)),"") -> 180000 | K12: =IF(I12<>"OK","",IF(E12="",H12,INDEX(Планы!$C$12:$C$111,MATCH(E12,Планы!$A$12:$A$111,0)))) -> Клиенты | L12: =IF(AND(I12="OK",E12<>"",O12=1),MIN(J12,N12),0) -> 180000 | M12: =IF(AND(I12="OK",E12<>"",O12=1),MAX(0,N12-J12),0) -> 0 | N12: =IF(AND(I12="OK",E12<>""),SUMIFS($D$12:$D$511,$E$12:$E$511,E12,$F$12:$F$511,F12,$B$12:$B$511,"<="&Календарь!$L$5,$I$12:$I$511,"OK"),"") -> 180000 | O12: =IF(AND(I12="OK",E12<>""),IF(COUNTIFS($E$12:E12,E12,$F$12:F12,F12,$I$12:I12,"OK")=1,1,0),0) -> 1
A13: Ф-002 | B13: 46268 | C13: Расход | D13: 50000 | E13: П-002 | F13: 46268 | G13: Аренда сентября | I13: =IF(COUNTA(A13:H13)=0,"",IF(OR(A13="",NOT(ISNUMBER(B13)),NOT(ISNUMBER(D13)),AND(C13<>"Приход",C13<>"Расход")),"Ошибка: поля или тип",IF(OR(B13<36526,B13>109574,B13<>INT(B13),D13<0),"Ошибка: дата или сумма",IF(COUNTIFS($A$12:$A$511,A13)<>1,"Ошибка: повтор ID",IF(E13="",IF(OR(F13<>"",H13=""),"Ошибка: внеплановая статья/срок","OK"),IF(COUNTIFS(Планы!$A$12:$A$111,E13)<>1,"Ошибка: ID плана",IF(INDEX(Планы!$K$12:$K$111,MATCH(E13,Планы!$A$12:$A$111,0))<>"OK","Ошибка: исходный план",IF(OR(NOT(ISNUMBER(F13)),C13<>INDEX(Планы!$D$12:$D$111,MATCH(E13,Планы!$A$12:$A$111,0))),"Ошибка: срок/направление",IF(AND(F13>=INDEX(Планы!$E$12:$E$111,MATCH(E13,Планы!$A$12:$A$111,0)),F13<=INDEX(Планы!$L$12:$L$111,MATCH(E13,Планы!$A$12:$A$111,0)),IF(INDEX(Планы!$F$12:$F$111,MATCH(E13,Планы!$A$12:$A$111,0))="Разово",F13=INDEX(Планы!$E$12:$E$111,MATCH(E13,Планы!$A$12:$A$111,0)),IF(INDEX(Планы!$F$12:$F$111,MATCH(E13,Планы!$A$12:$A$111,0))="Еженедельно",MOD(F13-INDEX(Планы!$E$12:$E$111,MATCH(E13,Планы!$A$12:$A$111,0)),7)=0,F13=DATE(YEAR(F13),MONTH(F13),MIN(DAY(INDEX(Планы!$E$12:$E$111,MATCH(E13,Планы!$A$12:$A$111,0))),DAY(EOMONTH(F13,0))))))),"OK","Ошибка: нет повторения"))))))))) -> OK | J13: =IF(AND(I13="OK",E13<>""),INDEX(Планы!$G$12:$G$111,MATCH(E13,Планы!$A$12:$A$111,0)),"") -> 50000 | K13: =IF(I13<>"OK","",IF(E13="",H13,INDEX(Планы!$C$12:$C$111,MATCH(E13,Планы!$A$12:$A$111,0)))) -> Аренда | L13: =IF(AND(I13="OK",E13<>"",O13=1),MIN(J13,N13),0) -> 50000 | M13: =IF(AND(I13="OK",E13<>"",O13=1),MAX(0,N13-J13),0) -> 0 | N13: =IF(AND(I13="OK",E13<>""),SUMIFS($D$12:$D$511,$E$12:$E$511,E13,$F$12:$F$511,F13,$B$12:$B$511,"<="&Календарь!$L$5,$I$12:$I$511,"OK"),"") -> 50000 | O13: =IF(AND(I13="OK",E13<>""),IF(COUNTIFS($E$12:E13,E13,$F$12:F13,F13,$I$12:I13,"OK")=1,1,0),0) -> 1
A14: Ф-003 | B14: 46271 | C14: Приход | D14: 40000 | E14: П-003 | F14: 46270 | G14: Заказ Б, часть 1 | I14: =IF(COUNTA(A14:H14)=0,"",IF(OR(A14="",NOT(ISNUMBER(B14)),NOT(ISNUMBER(D14)),AND(C14<>"Приход",C14<>"Расход")),"Ошибка: поля или тип",IF(OR(B14<36526,B14>109574,B14<>INT(B14),D14<0),"Ошибка: дата или сумма",IF(COUNTIFS($A$12:$A$511,A14)<>1,"Ошибка: повтор ID",IF(E14="",IF(OR(F14<>"",H14=""),"Ошибка: внеплановая статья/срок","OK"),IF(COUNTIFS(Планы!$A$12:$A$111,E14)<>1,"Ошибка: ID плана",IF(INDEX(Планы!$K$12:$K$111,MATCH(E14,Планы!$A$12:$A$111,0))<>"OK","Ошибка: исходный план",IF(OR(NOT(ISNUMBER(F14)),C14<>INDEX(Планы!$D$12:$D$111,MATCH(E14,Планы!$A$12:$A$111,0))),"Ошибка: срок/направление",IF(AND(F14>=INDEX(Планы!$E$12:$E$111,MATCH(E14,Планы!$A$12:$A$111,0)),F14<=INDEX(Планы!$L$12:$L$111,MATCH(E14,Планы!$A$12:$A$111,0)),IF(INDEX(Планы!$F$12:$F$111,MATCH(E14,Планы!$A$12:$A$111,0))="Разово",F14=INDEX(Планы!$E$12:$E$111,MATCH(E14,Планы!$A$12:$A$111,0)),IF(INDEX(Планы!$F$12:$F$111,MATCH(E14,Планы!$A$12:$A$111,0))="Еженедельно",MOD(F14-INDEX(Планы!$E$12:$E$111,MATCH(E14,Планы!$A$12:$A$111,0)),7)=0,F14=DATE(YEAR(F14),MONTH(F14),MIN(DAY(INDEX(Планы!$E$12:$E$111,MATCH(E14,Планы!$A$12:$A$111,0))),DAY(EOMONTH(F14,0))))))),"OK","Ошибка: нет повторения"))))))))) -> OK | J14: =IF(AND(I14="OK",E14<>""),INDEX(Планы!$G$12:$G$111,MATCH(E14,Планы!$A$12:$A$111,0)),"") -> 80000 | K14: =IF(I14<>"OK","",IF(E14="",H14,INDEX(Планы!$C$12:$C$111,MATCH(E14,Планы!$A$12:$A$111,0)))) -> Клиенты | L14: =IF(AND(I14="OK",E14<>"",O14=1),MIN(J14,N14),0) -> 60000 | M14: =IF(AND(I14="OK",E14<>"",O14=1),MAX(0,N14-J14),0) -> 0 | N14: =IF(AND(I14="OK",E14<>""),SUMIFS($D$12:$D$511,$E$12:$E$511,E14,$F$12:$F$511,F14,$B$12:$B$511,"<="&Календарь!$L$5,$I$12:$I$511,"OK"),"") -> 60000 | O14: =IF(AND(I14="OK",E14<>""),IF(COUNTIFS($E$12:E14,E14,$F$12:F14,F14,$I$12:I14,"OK")=1,1,0),0) -> 1
A15: Ф-004 | B15: 46271 | C15: Приход | D15: 20000 | E15: П-003 | F15: 46270 | G15: Заказ Б, часть 2 | I15: =IF(COUNTA(A15:H15)=0,"",IF(OR(A15="",NOT(ISNUMBER(B15)),NOT(ISNUMBER(D15)),AND(C15<>"Приход",C15<>"Расход")),"Ошибка: поля или тип",IF(OR(B15<36526,B15>109574,B15<>INT(B15),D15<0),"Ошибка: дата или сумма",IF(COUNTIFS($A$12:$A$511,A15)<>1,"Ошибка: повтор ID",IF(E15="",IF(OR(F15<>"",H15=""),"Ошибка: внеплановая статья/срок","OK"),IF(COUNTIFS(Планы!$A$12:$A$111,E15)<>1,"Ошибка: ID плана",IF(INDEX(Планы!$K$12:$K$111,MATCH(E15,Планы!$A$12:$A$111,0))<>"OK","Ошибка: исходный план",IF(OR(NOT(ISNUMBER(F15)),C15<>INDEX(Планы!$D$12:$D$111,MATCH(E15,Планы!$A$12:$A$111,0))),"Ошибка: срок/направление",IF(AND(F15>=INDEX(Планы!$E$12:$E$111,MATCH(E15,Планы!$A$12:$A$111,0)),F15<=INDEX(Планы!$L$12:$L$111,MATCH(E15,Планы!$A$12:$A$111,0)),IF(INDEX(Планы!$F$12:$F$111,MATCH(E15,Планы!$A$12:$A$111,0))="Разово",F15=INDEX(Планы!$E$12:$E$111,MATCH(E15,Планы!$A$12:$A$111,0)),IF(INDEX(Планы!$F$12:$F$111,MATCH(E15,Планы!$A$12:$A$111,0))="Еженедельно",MOD(F15-INDEX(Планы!$E$12:$E$111,MATCH(E15,Планы!$A$12:$A$111,0)),7)=0,F15=DATE(YEAR(F15),MONTH(F15),MIN(DAY(INDEX(Планы!$E$12:$E$111,MATCH(E15,Планы!$A$12:$A$111,0))),DAY(EOMONTH(F15,0))))))),"OK","Ошибка: нет повторения"))))))))) -> OK | J15: =IF(AND(I15="OK",E15<>""),INDEX(Планы!$G$12:$G$111,MATCH(E15,Планы!$A$12:$A$111,0)),"") -> 80000 | K15: =IF(I15<>"OK","",IF(E15="",H15,INDEX(Планы!$C$12:$C$111,MATCH(E15,Планы!$A$12:$A$111,0)))) -> Клиенты | L15: =IF(AND(I15="OK",E15<>"",O15=1),MIN(J15,N15),0) -> 0 | M15: =IF(AND(I15="OK",E15<>"",O15=1),MAX(0,N15-J15),0) -> 0 | N15: =IF(AND(I15="OK",E15<>""),SUMIFS($D$12:$D$511,$E$12:$E$511,E15,$F$12:$F$511,F15,$B$12:$B$511,"<="&Календарь!$L$5,$I$12:$I$511,"OK"),"") -> 60000 | O15: =IF(AND(I15="OK",E15<>""),IF(COUNTIFS($E$12:E15,E15,$F$12:F15,F15,$I$12:I15,"OK")=1,1,0),0) -> 0
A16: Ф-005 | B16: 46273 | C16: Расход | D16: 70000 | E16: П-004 | F16: 46272 | G16: Материалы | I16: =IF(COUNTA(A16:H16)=0,"",IF(OR(A16="",NOT(ISNUMBER(B16)),NOT(ISNUMBER(D16)),AND(C16<>"Приход",C16<>"Расход")),"Ошибка: поля или тип",IF(OR(B16<36526,B16>109574,B16<>INT(B16),D16<0),"Ошибка: дата или сумма",IF(COUNTIFS($A$12:$A$511,A16)<>1,"Ошибка: повтор ID",IF(E16="",IF(OR(F16<>"",H16=""),"Ошибка: внеплановая статья/срок","OK"),IF(COUNTIFS(Планы!$A$12:$A$111,E16)<>1,"Ошибка: ID плана",IF(INDEX(Планы!$K$12:$K$111,MATCH(E16,Планы!$A$12:$A$111,0))<>"OK","Ошибка: исходный план",IF(OR(NOT(ISNUMBER(F16)),C16<>INDEX(Планы!$D$12:$D$111,MATCH(E16,Планы!$A$12:$A$111,0))),"Ошибка: срок/направление",IF(AND(F16>=INDEX(Планы!$E$12:$E$111,MATCH(E16,Планы!$A$12:$A$111,0)),F16<=INDEX(Планы!$L$12:$L$111,MATCH(E16,Планы!$A$12:$A$111,0)),IF(INDEX(Планы!$F$12:$F$111,MATCH(E16,Планы!$A$12:$A$111,0))="Разово",F16=INDEX(Планы!$E$12:$E$111,MATCH(E16,Планы!$A$12:$A$111,0)),IF(INDEX(Планы!$F$12:$F$111,MATCH(E16,Планы!$A$12:$A$111,0))="Еженедельно",MOD(F16-INDEX(Планы!$E$12:$E$111,MATCH(E16,Планы!$A$12:$A$111,0)),7)=0,F16=DATE(YEAR(F16),MONTH(F16),MIN(DAY(INDEX(Планы!$E$12:$E$111,MATCH(E16,Планы!$A$12:$A$111,0))),DAY(EOMONTH(F16,0))))))),"OK","Ошибка: нет повторения"))))))))) -> OK | J16: =IF(AND(I16="OK",E16<>""),INDEX(Планы!$G$12:$G$111,MATCH(E16,Планы!$A$12:$A$111,0)),"") -> 70000 | K16: =IF(I16<>"OK","",IF(E16="",H16,INDEX(Планы!$C$12:$C$111,MATCH(E16,Планы!$A$12:$A$111,0)))) -> Поставщики | L16: =IF(AND(I16="OK",E16<>"",O16=1),MIN(J16,N16),0) -> 70000 | M16: =IF(AND(I16="OK",E16<>"",O16=1),MAX(0,N16-J16),0) -> 0 | N16: =IF(AND(I16="OK",E16<>""),SUMIFS($D$12:$D$511,$E$12:$E$511,E16,$F$12:$F$511,F16,$B$12:$B$511,"<="&Календарь!$L$5,$I$12:$I$511,"OK"),"") -> 70000 | O16: =IF(AND(I16="OK",E16<>""),IF(COUNTIFS($E$12:E16,E16,$F$12:F16,F16,$I$12:I16,"OK")=1,1,0),0) -> 1
A17: Ф-006 | B17: 46275 | C17: Расход | D17: 90000 | E17: П-005 | F17: 46275 | G17: Команда сентября | I17: =IF(COUNTA(A17:H17)=0,"",IF(OR(A17="",NOT(ISNUMBER(B17)),NOT(ISNUMBER(D17)),AND(C17<>"Приход",C17<>"Расход")),"Ошибка: поля или тип",IF(OR(B17<36526,B17>109574,B17<>INT(B17),D17<0),"Ошибка: дата или сумма",IF(COUNTIFS($A$12:$A$511,A17)<>1,"Ошибка: повтор ID",IF(E17="",IF(OR(F17<>"",H17=""),"Ошибка: внеплановая статья/срок","OK"),IF(COUNTIFS(Планы!$A$12:$A$111,E17)<>1,"Ошибка: ID плана",IF(INDEX(Планы!$K$12:$K$111,MATCH(E17,Планы!$A$12:$A$111,0))<>"OK","Ошибка: исходный план",IF(OR(NOT(ISNUMBER(F17)),C17<>INDEX(Планы!$D$12:$D$111,MATCH(E17,Планы!$A$12:$A$111,0))),"Ошибка: срок/направление",IF(AND(F17>=INDEX(Планы!$E$12:$E$111,MATCH(E17,Планы!$A$12:$A$111,0)),F17<=INDEX(Планы!$L$12:$L$111,MATCH(E17,Планы!$A$12:$A$111,0)),IF(INDEX(Планы!$F$12:$F$111,MATCH(E17,Планы!$A$12:$A$111,0))="Разово",F17=INDEX(Планы!$E$12:$E$111,MATCH(E17,Планы!$A$12:$A$111,0)),IF(INDEX(Планы!$F$12:$F$111,MATCH(E17,Планы!$A$12:$A$111,0))="Еженедельно",MOD(F17-INDEX(Планы!$E$12:$E$111,MATCH(E17,Планы!$A$12:$A$111,0)),7)=0,F17=DATE(YEAR(F17),MONTH(F17),MIN(DAY(INDEX(Планы!$E$12:$E$111,MATCH(E17,Планы!$A$12:$A$111,0))),DAY(EOMONTH(F17,0))))))),"OK","Ошибка: нет повторения"))))))))) -> OK | J17: =IF(AND(I17="OK",E17<>""),INDEX(Планы!$G$12:$G$111,MATCH(E17,Планы!$A$12:$A$111,0)),"") -> 90000 | K17: =IF(I17<>"OK","",IF(E17="",H17,INDEX(Планы!$C$12:$C$111,MATCH(E17,Планы!$A$12:$A$111,0)))) -> Зарплата | L17: =IF(AND(I17="OK",E17<>"",O17=1),MIN(J17,N17),0) -> 90000 | M17: =IF(AND(I17="OK",E17<>"",O17=1),MAX(0,N17-J17),0) -> 0 | N17: =IF(AND(I17="OK",E17<>""),SUMIFS($D$12:$D$511,$E$12:$E$511,E17,$F$12:$F$511,F17,$B$12:$B$511,"<="&Календарь!$L$5,$I$12:$I$511,"OK"),"") -> 90000 | O17: =IF(AND(I17="OK",E17<>""),IF(COUNTIFS($E$12:E17,E17,$F$12:F17,F17,$I$12:I17,"OK")=1,1,0),0) -> 1
I18: =IF(COUNTA(A18:H18)=0,"",IF(OR(A18="",NOT(ISNUMBER(B18)),NOT(ISNUMBER(D18)),AND(C18<>"Приход",C18<>"Расход")),"Ошибка: поля или тип",IF(OR(B18<36526,B18>109574,B18<>INT(B18),D18<0),"Ошибка: дата или сумма",IF(COUNTIFS($A$12:$A$511,A18)<>1,"Ошибка: повтор ID",IF(E18="",IF(OR(F18<>"",H18=""),"Ошибка: внеплановая статья/срок","OK"),IF(COUNTIFS(Планы!$A$12:$A$111,E18)<>1,"Ошибка: ID плана",IF(INDEX(Планы!$K$12:$K$111,MATCH(E18,Планы!$A$12:$A$111,0))<>"OK","Ошибка: исходный план",IF(OR(NOT(ISNUMBER(F18)),C18<>INDEX(Планы!$D$12:$D$111,MATCH(E18,Планы!$A$12:$A$111,0))),"Ошибка: срок/направление",IF(AND(F18>=INDEX(Планы!$E$12:$E$111,MATCH(E18,Планы!$A$12:$A$111,0)),F18<=INDEX(Планы!$L$12:$L$111,MATCH(E18,Планы!$A$12:$A$111,0)),IF(INDEX(Планы!$F$12:$F$111,MATCH(E18,Планы!$A$12:$A$111,0))="Разово",F18=INDEX(Планы!$E$12:$E$111,MATCH(E18,Планы!$A$12:$A$111,0)),IF(INDEX(Планы!$F$12:$F$111,MATCH(E18,Планы!$A$12:$A$111,0))="Еженедельно",MOD(F18-INDEX(Планы!$E$12:$E$111,MATCH(E18,Планы!$A$12:$A$111,0)),7)=0,F18=DATE(YEAR(F18),MONTH(F18),MIN(DAY(INDEX(Планы!$E$12:$E$111,MATCH(E18,Планы!$A$12:$A$111,0))),DAY(EOMONTH(F18,0))))))),"OK","Ошибка: нет повторения"))))))))) | J18: =IF(AND(I18="OK",E18<>""),INDEX(Планы!$G$12:$G$111,MATCH(E18,Планы!$A$12:$A$111,0)),"") | K18: =IF(I18<>"OK","",IF(E18="",H18,INDEX(Планы!$C$12:$C$111,MATCH(E18,Планы!$A$12:$A$111,0)))) | L18: =IF(AND(I18="OK",E18<>"",O18=1),MIN(J18,N18),0) -> 0 | M18: =IF(AND(I18="OK",E18<>"",O18=1),MAX(0,N18-J18),0) -> 0 | N18: =IF(AND(I18="OK",E18<>""),SUMIFS($D$12:$D$511,$E$12:$E$511,E18,$F$12:$F$511,F18,$B$12:$B$511,"<="&Календарь!$L$5,$I$12:$I$511,"OK"),"") | O18: =IF(AND(I18="OK",E18<>""),IF(COUNTIFS($E$12:E18,E18,$F$12:F18,F18,$I$12:I18,"OK")=1,1,0),0) -> 0
I19: =IF(COUNTA(A19:H19)=0,"",IF(OR(A19="",NOT(ISNUMBER(B19)),NOT(ISNUMBER(D19)),AND(C19<>"Приход",C19<>"Расход")),"Ошибка: поля или тип",IF(OR(B19<36526,B19>109574,B19<>INT(B19),D19<0),"Ошибка: дата или сумма",IF(COUNTIFS($A$12:$A$511,A19)<>1,"Ошибка: повтор ID",IF(E19="",IF(OR(F19<>"",H19=""),"Ошибка: внеплановая статья/срок","OK"),IF(COUNTIFS(Планы!$A$12:$A$111,E19)<>1,"Ошибка: ID плана",IF(INDEX(Планы!$K$12:$K$111,MATCH(E19,Планы!$A$12:$A$111,0))<>"OK","Ошибка: исходный план",IF(OR(NOT(ISNUMBER(F19)),C19<>INDEX(Планы!$D$12:$D$111,MATCH(E19,Планы!$A$12:$A$111,0))),"Ошибка: срок/направление",IF(AND(F19>=INDEX(Планы!$E$12:$E$111,MATCH(E19,Планы!$A$12:$A$111,0)),F19<=INDEX(Планы!$L$12:$L$111,MATCH(E19,Планы!$A$12:$A$111,0)),IF(INDEX(Планы!$F$12:$F$111,MATCH(E19,Планы!$A$12:$A$111,0))="Разово",F19=INDEX(Планы!$E$12:$E$111,MATCH(E19,Планы!$A$12:$A$111,0)),IF(INDEX(Планы!$F$12:$F$111,MATCH(E19,Планы!$A$12:$A$111,0))="Еженедельно",MOD(F19-INDEX(Планы!$E$12:$E$111,MATCH(E19,Планы!$A$12:$A$111,0)),7)=0,F19=DATE(YEAR(F19),MONTH(F19),MIN(DAY(INDEX(Планы!$E$12:$E$111,MATCH(E19,Планы!$A$12:$A$111,0))),DAY(EOMONTH(F19,0))))))),"OK","Ошибка: нет повторения"))))))))) | J19: =IF(AND(I19="OK",E19<>""),INDEX(Планы!$G$12:$G$111,MATCH(E19,Планы!$A$12:$A$111,0)),"") | K19: =IF(I19<>"OK","",IF(E19="",H19,INDEX(Планы!$C$12:$C$111,MATCH(E19,Планы!$A$12:$A$111,0)))) | L19: =IF(AND(I19="OK",E19<>"",O19=1),MIN(J19,N19),0) -> 0 | M19: =IF(AND(I19="OK",E19<>"",O19=1),MAX(0,N19-J19),0) -> 0 | N19: =IF(AND(I19="OK",E19<>""),SUMIFS($D$12:$D$511,$E$12:$E$511,E19,$F$12:$F$511,F19,$B$12:$B$511,"<="&Календарь!$L$5,$I$12:$I$511,"OK"),"") | O19: =IF(AND(I19="OK",E19<>""),IF(COUNTIFS($E$12:E19,E19,$F$12:F19,F19,$I$12:I19,"OK")=1,1,0),0) -> 0
I20: =IF(COUNTA(A20:H20)=0,"",IF(OR(A20="",NOT(ISNUMBER(B20)),NOT(ISNUMBER(D20)),AND(C20<>"Приход",C20<>"Расход")),"Ошибка: поля или тип",IF(OR(B20<36526,B20>109574,B20<>INT(B20),D20<0),"Ошибка: дата или сумма",IF(COUNTIFS($A$12:$A$511,A20)<>1,"Ошибка: повтор ID",IF(E20="",IF(OR(F20<>"",H20=""),"Ошибка: внеплановая статья/срок","OK"),IF(COUNTIFS(Планы!$A$12:$A$111,E20)<>1,"Ошибка: ID плана",IF(INDEX(Планы!$K$12:$K$111,MATCH(E20,Планы!$A$12:$A$111,0))<>"OK","Ошибка: исходный план",IF(OR(NOT(ISNUMBER(F20)),C20<>INDEX(Планы!$D$12:$D$111,MATCH(E20,Планы!$A$12:$A$111,0))),"Ошибка: срок/направление",IF(AND(F20>=INDEX(Планы!$E$12:$E$111,MATCH(E20,Планы!$A$12:$A$111,0)),F20<=INDEX(Планы!$L$12:$L$111,MATCH(E20,Планы!$A$12:$A$111,0)),IF(INDEX(Планы!$F$12:$F$111,MATCH(E20,Планы!$A$12:$A$111,0))="Разово",F20=INDEX(Планы!$E$12:$E$111,MATCH(E20,Планы!$A$12:$A$111,0)),IF(INDEX(Планы!$F$12:$F$111,MATCH(E20,Планы!$A$12:$A$111,0))="Еженедельно",MOD(F20-INDEX(Планы!$E$12:$E$111,MATCH(E20,Планы!$A$12:$A$111,0)),7)=0,F20=DATE(YEAR(F20),MONTH(F20),MIN(DAY(INDEX(Планы!$E$12:$E$111,MATCH(E20,Планы!$A$12:$A$111,0))),DAY(EOMONTH(F20,0))))))),"OK","Ошибка: нет повторения"))))))))) | J20: =IF(AND(I20="OK",E20<>""),INDEX(Планы!$G$12:$G$111,MATCH(E20,Планы!$A$12:$A$111,0)),"") | K20: =IF(I20<>"OK","",IF(E20="",H20,INDEX(Планы!$C$12:$C$111,MATCH(E20,Планы!$A$12:$A$111,0)))) | L20: =IF(AND(I20="OK",E20<>"",O20=1),MIN(J20,N20),0) -> 0 | M20: =IF(AND(I20="OK",E20<>"",O20=1),MAX(0,N20-J20),0) -> 0 | N20: =IF(AND(I20="OK",E20<>""),SUMIFS($D$12:$D$511,$E$12:$E$511,E20,$F$12:$F$511,F20,$B$12:$B$511,"<="&Календарь!$L$5,$I$12:$I$511,"OK"),"") | O20: =IF(AND(I20="OK",E20<>""),IF(COUNTIFS($E$12:E20,E20,$F$12:F20,F20,$I$12:I20,"OK")=1,1,0),0) -> 0
I21: =IF(COUNTA(A21:H21)=0,"",IF(OR(A21="",NOT(ISNUMBER(B21)),NOT(ISNUMBER(D21)),AND(C21<>"Приход",C21<>"Расход")),"Ошибка: поля или тип",IF(OR(B21<36526,B21>109574,B21<>INT(B21),D21<0),"Ошибка: дата или сумма",IF(COUNTIFS($A$12:$A$511,A21)<>1,"Ошибка: повтор ID",IF(E21="",IF(OR(F21<>"",H21=""),"Ошибка: внеплановая статья/срок","OK"),IF(COUNTIFS(Планы!$A$12:$A$111,E21)<>1,"Ошибка: ID плана",IF(INDEX(Планы!$K$12:$K$111,MATCH(E21,Планы!$A$12:$A$111,0))<>"OK","Ошибка: исходный план",IF(OR(NOT(ISNUMBER(F21)),C21<>INDEX(Планы!$D$12:$D$111,MATCH(E21,Планы!$A$12:$A$111,0))),"Ошибка: срок/направление",IF(AND(F21>=INDEX(Планы!$E$12:$E$111,MATCH(E21,Планы!$A$12:$A$111,0)),F21<=INDEX(Планы!$L$12:$L$111,MATCH(E21,Планы!$A$12:$A$111,0)),IF(INDEX(Планы!$F$12:$F$111,MATCH(E21,Планы!$A$12:$A$111,0))="Разово",F21=INDEX(Планы!$E$12:$E$111,MATCH(E21,Планы!$A$12:$A$111,0)),IF(INDEX(Планы!$F$12:$F$111,MATCH(E21,Планы!$A$12:$A$111,0))="Еженедельно",MOD(F21-INDEX(Планы!$E$12:$E$111,MATCH(E21,Планы!$A$12:$A$111,0)),7)=0,F21=DATE(YEAR(F21),MONTH(F21),MIN(DAY(INDEX(Планы!$E$12:$E$111,MATCH(E21,Планы!$A$12:$A$111,0))),DAY(EOMONTH(F21,0))))))),"OK","Ошибка: нет повторения"))))))))) | J21: =IF(AND(I21="OK",E21<>""),INDEX(Планы!$G$12:$G$111,MATCH(E21,Планы!$A$12:$A$111,0)),"") | K21: =IF(I21<>"OK","",IF(E21="",H21,INDEX(Планы!$C$12:$C$111,MATCH(E21,Планы!$A$12:$A$111,0)))) | L21: =IF(AND(I21="OK",E21<>"",O21=1),MIN(J21,N21),0) -> 0 | M21: =IF(AND(I21="OK",E21<>"",O21=1),MAX(0,N21-J21),0) -> 0 | N21: =IF(AND(I21="OK",E21<>""),SUMIFS($D$12:$D$511,$E$12:$E$511,E21,$F$12:$F$511,F21,$B$12:$B$511,"<="&Календарь!$L$5,$I$12:$I$511,"OK"),"") | O21: =IF(AND(I21="OK",E21<>""),IF(COUNTIFS($E$12:E21,E21,$F$12:F21,F21,$I$12:I21,"OK")=1,1,0),0) -> 0
I22: =IF(COUNTA(A22:H22)=0,"",IF(OR(A22="",NOT(ISNUMBER(B22)),NOT(ISNUMBER(D22)),AND(C22<>"Приход",C22<>"Расход")),"Ошибка: поля или тип",IF(OR(B22<36526,B22>109574,B22<>INT(B22),D22<0),"Ошибка: дата или сумма",IF(COUNTIFS($A$12:$A$511,A22)<>1,"Ошибка: повтор ID",IF(E22="",IF(OR(F22<>"",H22=""),"Ошибка: внеплановая статья/срок","OK"),IF(COUNTIFS(Планы!$A$12:$A$111,E22)<>1,"Ошибка: ID плана",IF(INDEX(Планы!$K$12:$K$111,MATCH(E22,Планы!$A$12:$A$111,0))<>"OK","Ошибка: исходный план",IF(OR(NOT(ISNUMBER(F22)),C22<>INDEX(Планы!$D$12:$D$111,MATCH(E22,Планы!$A$12:$A$111,0))),"Ошибка: срок/направление",IF(AND(F22>=INDEX(Планы!$E$12:$E$111,MATCH(E22,Планы!$A$12:$A$111,0)),F22<=INDEX(Планы!$L$12:$L$111,MATCH(E22,Планы!$A$12:$A$111,0)),IF(INDEX(Планы!$F$12:$F$111,MATCH(E22,Планы!$A$12:$A$111,0))="Разово",F22=INDEX(Планы!$E$12:$E$111,MATCH(E22,Планы!$A$12:$A$111,0)),IF(INDEX(Планы!$F$12:$F$111,MATCH(E22,Планы!$A$12:$A$111,0))="Еженедельно",MOD(F22-INDEX(Планы!$E$12:$E$111,MATCH(E22,Планы!$A$12:$A$111,0)),7)=0,F22=DATE(YEAR(F22),MONTH(F22),MIN(DAY(INDEX(Планы!$E$12:$E$111,MATCH(E22,Планы!$A$12:$A$111,0))),DAY(EOMONTH(F22,0))))))),"OK","Ошибка: нет повторения"))))))))) | J22: =IF(AND(I22="OK",E22<>""),INDEX(Планы!$G$12:$G$111,MATCH(E22,Планы!$A$12:$A$111,0)),"") | K22: =IF(I22<>"OK","",IF(E22="",H22,INDEX(Планы!$C$12:$C$111,MATCH(E22,Планы!$A$12:$A$111,0)))) | L22: =IF(AND(I22="OK",E22<>"",O22=1),MIN(J22,N22),0) -> 0 | M22: =IF(AND(I22="OK",E22<>"",O22=1),MAX(0,N22-J22),0) -> 0 | N22: =IF(AND(I22="OK",E22<>""),SUMIFS($D$12:$D$511,$E$12:$E$511,E22,$F$12:$F$511,F22,$B$12:$B$511,"<="&Календарь!$L$5,$I$12:$I$511,"OK"),"") | O22: =IF(AND(I22="OK",E22<>""),IF(COUNTIFS($E$12:E22,E22,$F$12:F22,F22,$I$12:I22,"OK")=1,1,0),0) -> 0
I23: =IF(COUNTA(A23:H23)=0,"",IF(OR(A23="",NOT(ISNUMBER(B23)),NOT(ISNUMBER(D23)),AND(C23<>"Приход",C23<>"Расход")),"Ошибка: поля или тип",IF(OR(B23<36526,B23>109574,B23<>INT(B23),D23<0),"Ошибка: дата или сумма",IF(COUNTIFS($A$12:$A$511,A23)<>1,"Ошибка: повтор ID",IF(E23="",IF(OR(F23<>"",H23=""),"Ошибка: внеплановая статья/срок","OK"),IF(COUNTIFS(Планы!$A$12:$A$111,E23)<>1,"Ошибка: ID плана",IF(INDEX(Планы!$K$12:$K$111,MATCH(E23,Планы!$A$12:$A$111,0))<>"OK","Ошибка: исходный план",IF(OR(NOT(ISNUMBER(F23)),C23<>INDEX(Планы!$D$12:$D$111,MATCH(E23,Планы!$A$12:$A$111,0))),"Ошибка: срок/направление",IF(AND(F23>=INDEX(Планы!$E$12:$E$111,MATCH(E23,Планы!$A$12:$A$111,0)),F23<=INDEX(Планы!$L$12:$L$111,MATCH(E23,Планы!$A$12:$A$111,0)),IF(INDEX(Планы!$F$12:$F$111,MATCH(E23,Планы!$A$12:$A$111,0))="Разово",F23=INDEX(Планы!$E$12:$E$111,MATCH(E23,Планы!$A$12:$A$111,0)),IF(INDEX(Планы!$F$12:$F$111,MATCH(E23,Планы!$A$12:$A$111,0))="Еженедельно",MOD(F23-INDEX(Планы!$E$12:$E$111,MATCH(E23,Планы!$A$12:$A$111,0)),7)=0,F23=DATE(YEAR(F23),MONTH(F23),MIN(DAY(INDEX(Планы!$E$12:$E$111,MATCH(E23,Планы!$A$12:$A$111,0))),DAY(EOMONTH(F23,0))))))),"OK","Ошибка: нет повторения"))))))))) | J23: =IF(AND(I23="OK",E23<>""),INDEX(Планы!$G$12:$G$111,MATCH(E23,Планы!$A$12:$A$111,0)),"") | K23: =IF(I23<>"OK","",IF(E23="",H23,INDEX(Планы!$C$12:$C$111,MATCH(E23,Планы!$A$12:$A$111,0)))) | L23: =IF(AND(I23="OK",E23<>"",O23=1),MIN(J23,N23),0) -> 0 | M23: =IF(AND(I23="OK",E23<>"",O23=1),MAX(0,N23-J23),0) -> 0 | N23: =IF(AND(I23="OK",E23<>""),SUMIFS($D$12:$D$511,$E$12:$E$511,E23,$F$12:$F$511,F23,$B$12:$B$511,"<="&Календарь!$L$5,$I$12:$I$511,"OK"),"") | O23: =IF(AND(I23="OK",E23<>""),IF(COUNTIFS($E$12:E23,E23,$F$12:F23,F23,$I$12:I23,"OK")=1,1,0),0) -> 0
I24: =IF(COUNTA(A24:H24)=0,"",IF(OR(A24="",NOT(ISNUMBER(B24)),NOT(ISNUMBER(D24)),AND(C24<>"Приход",C24<>"Расход")),"Ошибка: поля или тип",IF(OR(B24<36526,B24>109574,B24<>INT(B24),D24<0),"Ошибка: дата или сумма",IF(COUNTIFS($A$12:$A$511,A24)<>1,"Ошибка: повтор ID",IF(E24="",IF(OR(F24<>"",H24=""),"Ошибка: внеплановая статья/срок","OK"),IF(COUNTIFS(Планы!$A$12:$A$111,E24)<>1,"Ошибка: ID плана",IF(INDEX(Планы!$K$12:$K$111,MATCH(E24,Планы!$A$12:$A$111,0))<>"OK","Ошибка: исходный план",IF(OR(NOT(ISNUMBER(F24)),C24<>INDEX(Планы!$D$12:$D$111,MATCH(E24,Планы!$A$12:$A$111,0))),"Ошибка: срок/направление",IF(AND(F24>=INDEX(Планы!$E$12:$E$111,MATCH(E24,Планы!$A$12:$A$111,0)),F24<=INDEX(Планы!$L$12:$L$111,MATCH(E24,Планы!$A$12:$A$111,0)),IF(INDEX(Планы!$F$12:$F$111,MATCH(E24,Планы!$A$12:$A$111,0))="Разово",F24=INDEX(Планы!$E$12:$E$111,MATCH(E24,Планы!$A$12:$A$111,0)),IF(INDEX(Планы!$F$12:$F$111,MATCH(E24,Планы!$A$12:$A$111,0))="Еженедельно",MOD(F24-INDEX(Планы!$E$12:$E$111,MATCH(E24,Планы!$A$12:$A$111,0)),7)=0,F24=DATE(YEAR(F24),MONTH(F24),MIN(DAY(INDEX(Планы!$E$12:$E$111,MATCH(E24,Планы!$A$12:$A$111,0))),DAY(EOMONTH(F24,0))))))),"OK","Ошибка: нет повторения"))))))))) | J24: =IF(AND(I24="OK",E24<>""),INDEX(Планы!$G$12:$G$111,MATCH(E24,Планы!$A$12:$A$111,0)),"") | K24: =IF(I24<>"OK","",IF(E24="",H24,INDEX(Планы!$C$12:$C$111,MATCH(E24,Планы!$A$12:$A$111,0)))) | L24: =IF(AND(I24="OK",E24<>"",O24=1),MIN(J24,N24),0) -> 0 | M24: =IF(AND(I24="OK",E24<>"",O24=1),MAX(0,N24-J24),0) -> 0 | N24: =IF(AND(I24="OK",E24<>""),SUMIFS($D$12:$D$511,$E$12:$E$511,E24,$F$12:$F$511,F24,$B$12:$B$511,"<="&Календарь!$L$5,$I$12:$I$511,"OK"),"") | O24: =IF(AND(I24="OK",E24<>""),IF(COUNTIFS($E$12:E24,E24,$F$12:F24,F24,$I$12:I24,"OK")=1,1,0),0) -> 0
I25: =IF(COUNTA(A25:H25)=0,"",IF(OR(A25="",NOT(ISNUMBER(B25)),NOT(ISNUMBER(D25)),AND(C25<>"Приход",C25<>"Расход")),"Ошибка: поля или тип",IF(OR(B25<36526,B25>109574,B25<>INT(B25),D25<0),"Ошибка: дата или сумма",IF(COUNTIFS($A$12:$A$511,A25)<>1,"Ошибка: повтор ID",IF(E25="",IF(OR(F25<>"",H25=""),"Ошибка: внеплановая статья/срок","OK"),IF(COUNTIFS(Планы!$A$12:$A$111,E25)<>1,"Ошибка: ID плана",IF(INDEX(Планы!$K$12:$K$111,MATCH(E25,Планы!$A$12:$A$111,0))<>"OK","Ошибка: исходный план",IF(OR(NOT(ISNUMBER(F25)),C25<>INDEX(Планы!$D$12:$D$111,MATCH(E25,Планы!$A$12:$A$111,0))),"Ошибка: срок/направление",IF(AND(F25>=INDEX(Планы!$E$12:$E$111,MATCH(E25,Планы!$A$12:$A$111,0)),F25<=INDEX(Планы!$L$12:$L$111,MATCH(E25,Планы!$A$12:$A$111,0)),IF(INDEX(Планы!$F$12:$F$111,MATCH(E25,Планы!$A$12:$A$111,0))="Разово",F25=INDEX(Планы!$E$12:$E$111,MATCH(E25,Планы!$A$12:$A$111,0)),IF(INDEX(Планы!$F$12:$F$111,MATCH(E25,Планы!$A$12:$A$111,0))="Еженедельно",MOD(F25-INDEX(Планы!$E$12:$E$111,MATCH(E25,Планы!$A$12:$A$111,0)),7)=0,F25=DATE(YEAR(F25),MONTH(F25),MIN(DAY(INDEX(Планы!$E$12:$E$111,MATCH(E25,Планы!$A$12:$A$111,0))),DAY(EOMONTH(F25,0))))))),"OK","Ошибка: нет повторения"))))))))) | J25: =IF(AND(I25="OK",E25<>""),INDEX(Планы!$G$12:$G$111,MATCH(E25,Планы!$A$12:$A$111,0)),"") | K25: =IF(I25<>"OK","",IF(E25="",H25,INDEX(Планы!$C$12:$C$111,MATCH(E25,Планы!$A$12:$A$111,0)))) | L25: =IF(AND(I25="OK",E25<>"",O25=1),MIN(J25,N25),0) -> 0 | M25: =IF(AND(I25="OK",E25<>"",O25=1),MAX(0,N25-J25),0) -> 0 | N25: =IF(AND(I25="OK",E25<>""),SUMIFS($D$12:$D$511,$E$12:$E$511,E25,$F$12:$F$511,F25,$B$12:$B$511,"<="&Календарь!$L$5,$I$12:$I$511,"OK"),"") | O25: =IF(AND(I25="OK",E25<>""),IF(COUNTIFS($E$12:E25,E25,$F$12:F25,F25,$I$12:I25,"OK")=1,1,0),0) -> 0
I26: =IF(COUNTA(A26:H26)=0,"",IF(OR(A26="",NOT(ISNUMBER(B26)),NOT(ISNUMBER(D26)),AND(C26<>"Приход",C26<>"Расход")),"Ошибка: поля или тип",IF(OR(B26<36526,B26>109574,B26<>INT(B26),D26<0),"Ошибка: дата или сумма",IF(COUNTIFS($A$12:$A$511,A26)<>1,"Ошибка: повтор ID",IF(E26="",IF(OR(F26<>"",H26=""),"Ошибка: внеплановая статья/срок","OK"),IF(COUNTIFS(Планы!$A$12:$A$111,E26)<>1,"Ошибка: ID плана",IF(INDEX(Планы!$K$12:$K$111,MATCH(E26,Планы!$A$12:$A$111,0))<>"OK","Ошибка: исходный план",IF(OR(NOT(ISNUMBER(F26)),C26<>INDEX(Планы!$D$12:$D$111,MATCH(E26,Планы!$A$12:$A$111,0))),"Ошибка: срок/направление",IF(AND(F26>=INDEX(Планы!$E$12:$E$111,MATCH(E26,Планы!$A$12:$A$111,0)),F26<=INDEX(Планы!$L$12:$L$111,MATCH(E26,Планы!$A$12:$A$111,0)),IF(INDEX(Планы!$F$12:$F$111,MATCH(E26,Планы!$A$12:$A$111,0))="Разово",F26=INDEX(Планы!$E$12:$E$111,MATCH(E26,Планы!$A$12:$A$111,0)),IF(INDEX(Планы!$F$12:$F$111,MATCH(E26,Планы!$A$12:$A$111,0))="Еженедельно",MOD(F26-INDEX(Планы!$E$12:$E$111,MATCH(E26,Планы!$A$12:$A$111,0)),7)=0,F26=DATE(YEAR(F26),MONTH(F26),MIN(DAY(INDEX(Планы!$E$12:$E$111,MATCH(E26,Планы!$A$12:$A$111,0))),DAY(EOMONTH(F26,0))))))),"OK","Ошибка: нет повторения"))))))))) | J26: =IF(AND(I26="OK",E26<>""),INDEX(Планы!$G$12:$G$111,MATCH(E26,Планы!$A$12:$A$111,0)),"") | K26: =IF(I26<>"OK","",IF(E26="",H26,INDEX(Планы!$C$12:$C$111,MATCH(E26,Планы!$A$12:$A$111,0)))) | L26: =IF(AND(I26="OK",E26<>"",O26=1),MIN(J26,N26),0) -> 0 | M26: =IF(AND(I26="OK",E26<>"",O26=1),MAX(0,N26-J26),0) -> 0 | N26: =IF(AND(I26="OK",E26<>""),SUMIFS($D$12:$D$511,$E$12:$E$511,E26,$F$12:$F$511,F26,$B$12:$B$511,"<="&Календарь!$L$5,$I$12:$I$511,"OK"),"") | O26: =IF(AND(I26="OK",E26<>""),IF(COUNTIFS($E$12:E26,E26,$F$12:F26,F26,$I$12:I26,"OK")=1,1,0),0) -> 0
